Workbook

Sheet  ESPECIFICACIONES TECNICAS
A1: ESPECIFICACIONES TECNICAS
A2: LA PRESTACIÓN DEL SERVICIO DE MANTENIMIENTO PREVENTIVO Y CORRECTIVO INCLUIDOS REPUESTOS PARA LOS DIFERENTES EQUIPOS BIOMÉDICOS DEL HOSPITAL CENTRAL DE LA POLICÍA NACIONAL
A3: ITEM | B3: EQUIPO | C3: ACTIVIDADES DE MANTENIMIENTO PREVENTIVO | D3: CANTIDAD DE EQUIPOS | E3: UNIDAD DE MEDIDA | F3: MES / VISITA
A4: 1 | B4: MANTENIMIENTO PREVENTIVO BASCULA CON TALLIMETRO DE LA MARCA HEALTH O METER | C4: Revisión Estado General del Equipo | D4: 15 | E4: VISITA | F4: Segundo semestre del 2026
C5: Verificación de Partes limpieza de soporte, Escala y Resortes
C6: Lubricación de partes mecánicas
C7: Verificación con pesas de prueba de 10kg, 20kg, 50kg, 100kg,120kg,180kg,
C8: Ajuste medida cero
C9: Inspección de medidas
C10: Limpieza externa general
C11: Realizar pruebas de funcionamiento
A12: 2 | B12: MANTENIMIENTO PREVENTIVO BASCULA CON TALLIMETRO DE LA MARCA NUEVO LEON | C12: Revisión Estado General del Equipo | D12: 10 | E12: VISITA
C13: Verificación de Partes limpieza de soporte, Escala y Resortes
C14: Lubricación de partes mecánicas
C15: Verificación con pesas de prueba de 10kg, 20kg, 50kg, 100kg,120kg,180kg,
C16: Ajuste medida cero
C17: Inspección de medidas
C18: Limpieza externa general
C19: Realizar pruebas de funcionamiento
A20: 3 | B20: MANTENIMIENTO PREVENTIVO BASCULA CON TALLIMETRO DE LA MARCA DETECTO | C20: Revisión Estado General del Equipo | D20: 9 | E20: VISITA
C21: Verificación de Partes limpieza de soporte, Escala y Resortes
C22: Lubricación de partes mecánicas
C23: Verificación con pesas de prueba de 10kg, 20kg, 50kg, 100kg,120kg,180kg,
C24: Ajuste medida cero
C25: Inspección de medidas
C26: Limpieza externa general
C27: Realizar pruebas de funcionamiento
A28: 4 | B28: MANTENIMIENTO PREVENTIVO BALANZA PESA BEBE MACA SECA DIGITAL | C28: Limpieza general. | D28: 2 | E28: VISITA
C29: Verificación de pantalla
C30: Verificación de plataforma
C31: Verificación de cargador
C32: Verificación de colchoneta
C33: Verificación con masas patrón
C34: Verificación de baterías. Pruebas de funcionamiento.
A35: 5 | B35: MANTENIMIENTO PREVENTIVO DESFIBRILADOR MARCA MINDRAY | C35: Limpieza interna del equipo. | D35: 3 | E35: VISITA
C36: Verificaciones y pruebas de funcionamiento
C37: Verificación de encendido normal (Chequeo leds o alarmas audibles característicos)
C38: Transferencia de datos-interface equipo medico pc
C39: Toma de mediciones
C40: Adquisición de señales ECG con Equipo Patrón
C41: Prueba de teclado
C42: Pruebas de velocidad del equipo
C43: Prueba de para de emergencia
C44: Verificación estado físico interno
C45: Verificación de errores
C46: Verificaciones de configuraciones del Equipo
C47: Ajuste de conectores y verificación del circuito de alimentación
... C67: Limpieza general del equipo
A68: 6 | B68: MANTENIMIENTO PREVENTIVO DESFIBRILADOR MARCA GENERAL ELECTRIC | C68: Verificación de encendido normal (Chequeo leds o alarmas audibles característicos) | D68: 3 | E68: VISITA
C69: Transferencia de datos-interface equipo medico pc
C70: Toma de mediciones
C71: Adquisición de señales ECG con Equipo Patrón
C72: Prueba de teclado
C73: Pruebas de velocidad del equipo
C74: Prueba de para de emergencia
C75: Verificación estado físico interno
C76: Verificación de errores
C77: Verificaciones de configuraciones del Equipo
C78: Ajuste de conectores y verificación del circuito de alimentación
C79: Prueba de impresión
C80: Verificación de componentes eléctricos
... C98: Limpieza general del equipo.
A99: 7 | B99: MANTENIMIENTO PREVENTIVO DESFIBRILADOR DEA SAMARITAN | C99: Verificación de encendido normal (Chequeo leds o alarmas audibles característicos) | D99: 1 | E99: VISITA
C100: Transferencia de datos-interface equipo medico pc
C101: Toma de mediciones
C102: Adquisición de señales ECG con Equipo Patrón
C103: Prueba de teclado
C104: Pruebas de velocidad del equipo
C105: Prueba de para de emergencia
C106: Verificación estado físico interno
C107: Verificación de errores
C108: Verificaciones de configuraciones del Equipo
C109: Ajuste de conectores y verificación del circuito de alimentación
C110: Prueba de impresión
C111: Verificación de componentes eléctricos
... C129: Limpieza general del equipo
A130: 8 | B130: MANTENIMIENTO PREVENTIVO DOPPLER FETAL MARCA HUNTLEIGH | C130: In Inspección interna y externa del Equipo | D130: 4 | E130: VISITA
C131: Verificación de batería.
C132: Verificación de pantalla
C133: Verificación de teclado
C134: Verificación de transductor
C135: Verificación de tarjeta electrónica
C136: Verificación con Equipo Patrón
C137: Comprobación de funcionamiento
C138: Limpieza integral del equipo
C139: Inspeccionar visual de cables, conector, transductor, carcasa, y pantalla
C140: Prueba de transductor
C141: Prueba de baterias
C142: Prueba de funcionamiento general
A143: 9 | B143: MANTENIMIENTO PREVENTIVO ECOGRAFO ALOKA | C143: Inspección del equipo | D143: 1 | E143: VISITA
C144: Limpieza integral del equipo, accesorios y transductores
C145: Revisión del cable de transductor, que no presente rotura. cables, no se encuentre doblado o quebrados.
C146: Verificar que la pantalla no presente abolladuras picelex quemados o esta golpeada.
C147: Verificar estado del carro de transporte.
C148: Verificación de transductores, filtros, ruedas y sus frenos y monitor
C149: Revisión y medición de voltaje de red.
C150: Pruebas de protocolos de diagnóstico, medición de fuentes.
C151: Verificación calidad de imágenes.
C152: Revisión de video y video printer.
C153: Recopilación de información de fallas previas al mantenimiento.
...

Sheet 5.2._x0009_PRECIOS HISTÓRICOS  ok
A1: GRUPO 1 - 5.2 PRECIO HISTORICO
A2: ITEM | B2: ENTIDAD CONTRATANTE Y CONTRATISTA | C2: EQUIPO / DESCRIPCION ACTIVIDAD DE MANTENIMIENTO CORRECTIVO HOJA 2023 | D2: Unidad | E2: PRECIO HISTORICO CONTRATO 2023 | F2: 9,28 2023 | G2: 5,2 2024 | H2: 5,1 2025 | I2: PRECIO HISTORICO CONTRATO + IPC 2023 (9.28%) + IPC 2024 (5,20%) + IPC 2025 (5,10%) | J2: VALOR CONTRATO 2024 MTTO | K2: 5.2 | L2: PRECIO HISTORICO VALOR UNITARIO PROYECTADO CON IPC 2024 (5,20%) + IPC 2025 (5,10%) | M2: PRECIO HISTORICO VALOR UNITARIO (IVA INCLUIDO) | N2: VALOR CONTRATO 2025 MTTO | O2: PRECIO HISTORICO VALOR UNITARIO PROYECTADO CON IPC 2025 (5.1%) (IVA INCLUIDO) | P2: PRECIO HISTORICO VALOR UNITARIO (IVA INCLUIDO)
A3: 1 | B3: HOCEN-INBIOMECS SAS | C3: MANTENIMIENTO PREVENTIVO BASCULA CON TALLIMETRO DE LA MARCA HEALTH O METER | D3: HOCEN | E3: 100632 | F3: =+E3*9.28%+E3 -> 109970.65 | G3: =+F3*5.2%+F3 -> 115689.12 | H3: =+G3*5.1%+G3 -> 121589.27 | I3: =+H3 -> 121589.27 | J3: 73051 | K3: =+J3*5.2%+J3 -> 76849.652 | L3: =+K3*5.1%+K3 -> 80768.984 | M3: =+L3 -> 80768.984 | N3: NO SE CONTRATO | O3: NO SE CONTRATO | P3: =+M3 -> 80768.984
A4: 2 | B4: HOCEN-INBIOMECS SAS | C4: MANTENIMIENTO PREVENTIVO BASCULA CON TALLIMETRO DE LA MARCA NUEVO LEON | D4: HOCEN | E4: 100632 | F4: =+E4*9.28%+E4 -> 109970.65 | G4: =+F4*5.2%+F4 -> 115689.12 | H4: =+G4*5.1%+G4 -> 121589.27 | I4: =+H4 -> 121589.27 | J4: 73051 | K4: =+J4*5.2%+J4 -> 76849.652 | L4: =+K4*5.1%+K4 -> 80768.984 | M4: =+L4 -> 80768.984 | N4: NO SE CONTRATO | O4: NO SE CONTRATO | P4: =+M4 -> 80768.984
A5: 3 | B5: HOCEN-INBIOMECS SAS | C5: MANTENIMIENTO PREVENTIVO BASCULA CON TALLIMETRO DE LA MARCA DETECTO | D5: HOCEN | E5: 100632 | F5: =+E5*9.28%+E5 -> 109970.65 | G5: =+F5*5.2%+F5 -> 115689.12 | H5: =+G5*5.1%+G5 -> 121589.27 | I5: =+H5 -> 121589.27 | J5: 73051 | K5: =+J5*5.2%+J5 -> 76849.652 | L5: =+K5*5.1%+K5 -> 80768.984 | M5: =+L5 -> 80768.984 | N5: NO SE CONTRATO | O5: NO SE CONTRATO | P5: =+M5 -> 80768.984
A6: 4 | B6: HOCEN-INBIOMECS SAS | C6: MANTENIMIENTO PREVENTIVO BALANZA PESA BEBE MACA SECA DIGITAL | D6: HOCEN | E6: 93000 | F6: =+E6*9.28%+E6 -> 101630.4 | G6: =+F6*5.2%+F6 -> 106915.18 | H6: =+G6*5.1%+G6 -> 112367.86 | I6: =+H6 -> 112367.86 | J6: 60826 | K6: =+J6*5.2%+J6 -> 63988.952 | L6: =+K6*5.1%+K6 -> 67252.389 | M6: =+L6 -> 67252.389 | N6: NO SE CONTRATO | O6: NO SE CONTRATO | P6: =+M6 -> 67252.389
A7: 5 | B7: HOCEN-INBIOMECS SAS | C7: MANTENIMIENTO PREVENTIVO DESFIBRILADOR MARCA MINDRAY | D7: HOCEN | E7: 214553 | F7: =+E7*9.28%+E7 -> 234463.52 | G7: =+F7*5.2%+F7 -> 246655.62 | H7: =+G7*5.1%+G7 -> 259235.06 | I7: =+H7 -> 259235.06 | J7: 156164 | K7: =+J7*5.2%+J7 -> 164284.53 | L7: =+K7*5.1%+K7 -> 172663.04 | M7: =+L7 -> 172663.04 | N7: NO SE CONTRATO | O7: NO SE CONTRATO | P7: =+M7 -> 172663.04
A8: 6 | B8: HOCEN-INBIOMECS SAS | C8: MANTENIMIENTO PREVENTIVO DESFIBRILADOR MARCA GENERAL ELECTRIC | D8: HOCEN | E8: 214553 | F8: =+E8*9.28%+E8 -> 234463.52 | G8: =+F8*5.2%+F8 -> 246655.62 | H8: =+G8*5.1%+G8 -> 259235.06 | I8: =+H8 -> 259235.06 | J8: 156164 | K8: =+J8*5.2%+J8 -> 164284.53 | L8: =+K8*5.1%+K8 -> 172663.04 | M8: =+L8 -> 172663.04 | N8: NO SE CONTRATO | O8: NO SE CONTRATO | P8: =+M8 -> 172663.04
A9: 7 | B9: HOCEN-INBIOMECS SAS | C9: MANTENIMIENTO PREVENTIVO DESFIBRILADOR DEA SAMARITAN | D9: HOCEN | E9: 257211 | F9: =+E9*9.28%+E9 -> 281080.18 | G9: =+F9*5.2%+F9 -> 295696.35 | H9: =+G9*5.1%+G9 -> 310776.86 | I9: =+H9 -> 310776.86 | J9: 187010 | K9: =+J9*5.2%+J9 -> 196734.52 | L9: =+K9*5.1%+K9 -> 206767.98 | M9: =+L9 -> 206767.98 | N9: NO SE CONTRATO | O9: NO SE CONTRATO | P9: =+M9 -> 206767.98
A10: 8 | B10: HOCEN-INBIOMECS SAS | C10: MANTENIMIENTO PREVENTIVO DOPPLER FETAL MARCA HUNTLEIGH | D10: HOCEN | E10: 125651.47 | F10: =+E10*9.28%+E10 -> 137311.93 | G10: =+F10*5.2%+F10 -> 144452.15 | H10: =+G10*5.1%+G10 -> 151819.21 | I10: =+H10 -> 151819.21 | J10: 91291 | K10: =+J10*5.2%+J10 -> 96038.132 | L10: =+K10*5.1%+K10 -> 100936.08 | M10: =+L10 -> 100936.08 | N10: NO SE CONTRATO | O10: NO SE CONTRATO | P10: =+M10 -> 100936.08
A11: 9 | B11: HOCEN-INBIOMECS SAS | C11: MANTENIMIENTO PREVENTIVO ECOGRAFO ALOKA | D11: HOCEN | E11: 640000 | F11: =+E11*9.28%+E11 -> 699392 | G11: =+F11*5.2%+F11 -> 735760.38 | H11: =+G11*5.1%+G11 -> 773284.16 | I11: =+H11 -> 773284.16 | J11: 418586 | K11: =+J11*5.2%+J11 -> 440352.47 | L11: =+K11*5.1%+K11 -> 462810.45 | M11: =+L11 -> 462810.45 | N11: NO SE CONTRATO | O11: NO SE CONTRATO | P11: =+M11 -> 462810.45
A12: 10 | B12: HOCEN-INBIOMECS SAS | C12: MANTENIMIENTO PREVENTIVO ECOGRAFO MARCA PHILIPS | D12: HOCEN | E12: 11305000 | F12: =+E12*9.28%+E12 -> 12354104 | G12: =+F12*5.2%+F12 -> 12996517 | H12: =+G12*5.1%+G12 -> 13659340 | I12: =+H12 -> 13659340 | J12: 1038695 | K12: =+J12*5.2%+J12 -> 1092707.1 | L12: =+K12*5.1%+K12 -> 1148435.2 | M12: =+L12 -> 1148435.2 | N12: NO SE CONTRATO | O12: NO SE CONTRATO | P12: =+M12 -> 1148435.2
A13: 11 | B13: HOCEN-INBIOMECS SAS | C13: MANTENIMIENTO PREVENTIVO DE ECOGRAFO HITACHI | D13: HOCEN | E13: 700000 | F13: =+E13*9.28%+E13 -> 764960 | G13: =+F13*5.2%+F13 -> 804737.92 | H13: =+G13*5.1%+G13 -> 845779.55 | I13: =+H13 -> 845779.55 | J13: 457829 | K13: =+J13*5.2%+J13 -> 481636.11 | L13: =+K13*5.1%+K13 -> 506199.55 | M13: =+L13 -> 506199.55 | N13: NO SE CONTRATO | O13: NO SE CONTRATO | P13: =+M13 -> 506199.55
A14: 12 | B14: HOCEN-INBIOMECS SAS | C14: MANTENIMIENTO PREVENTIVO ELECTROCARDIOGRAFO MARCA TRISMED | D14: HOCEN | E14: 219963 | F14: =+E14*9.28%+E14 -> 240375.57 | G14: =+F14*5.2%+F14 -> 252875.1 | H14: =+G14*5.1%+G14 -> 265771.73 | I14: =+H14 -> 265771.73 | J14: 143865 | K14: =+J14*5.2%+J14 -> 151345.98 | L14: =+K14*5.1%+K14 -> 159064.62 | M14: =+L14 -> 159064.62 | N14: NO SE CONTRATO | O14: NO SE CONTRATO | P14: =+M14 -> 159064.62
... A52: 50 | B52: HOCEN-INBIOMECS SAS | C52: MANTENIMIENTO DE TENSIOMETRO PRESTIGE | D52: HOCEN | E52: 85000 | F52: =+E52*9.28%+E52 -> 92888 | G52: =+F52*5.2%+F52 -> 97718.176 | H52: =+G52*5.1%+G52 -> 102701.8 | I52: =+H52 -> 102701.8 | J52: 55593 | K52: =+J52*5.2%+J52 -> 58483.836 | L52: =+K52*5.1%+K52 -> 61466.512 | M52: =+L52 -> 61466.512 | N52: NO SE CONTRATO | O52: NO SE CONTRATO | P52: =+M52 -> 61466.512
A53: 51 | B53: HOCEN-INBIOMECS SAS | C53: MANTENIMIENTO PREVENTIVO TENSIOMETRO DE TRANSPORTE MARCA RIESTER | D53: HOCEN | E53: NO SE CONTRATO | F53: =+E53*9.28%+E53 -> #VALUE! | G53: =+F53*5.2%+F53 -> #VALUE! | H53: =+G53*5.1%+G53 -> #VALUE! | I53: NO SE CONTRATO | J53: 80087 | K53: =+J53*5.2%+J53 -> 84251.524 | L53: =+K53*5.1%+K53 -> 88548.352 | M53: =+L53 -> 88548.352 | N53: NO SE CONTRATO | O53: NO SE CONTRATO | P53: =+M53 -> 88548.352
A54: 52 | B54: HOCEN-INBIOMECS SAS | C54: MANTENIMIENTO PREVENTIVO DE TENSIOMETRO DE PARED MARCA BOKANG | D54: HOCEN | E54: 91000 | F54: =+E54*9.28%+E54 -> 99444.8 | G54: =+F54*5.2%+F54 -> 104615.93 | H54: =+G54*5.1%+G54 -> 109951.34 | I54: =+H54 -> 109951.34 | J54: 59518 | K54: =+J54*5.2%+J54 -> 62612.936 | L54: =+K54*5.1%+K54 -> 65806.196 | M54: =+L54 -> 65806.196 | N54: NO SE CONTRATO | O54: NO SE CONTRATO | P54: =+M54 -> 65806.196
A55: 53 | B55: HOCEN-INBIOMECS SAS | C55: TENSIOMETRO DE ESTUCHE DE LAS MARCAS (WELCHALLYN, GMD, ALPK2, TYCOS, SPHYGNOMANOMETER) | D55: HOCEN | E55: 91000 | F55: =+E55*9.28%+E55 -> 99444.8 | G55: =+F55*5.2%+F55 -> 104615.93 | H55: =+G55*5.1%+G55 -> 109951.34 | I55: =+H55 -> 109951.34 | J55: 59518 | K55: =+J55*5.2%+J55 -> 62612.936 | L55: =+K55*5.1%+K55 -> 65806.196 | M55: =+L55 -> 65806.196 | N55: NO SE CONTRATO | O55: NO SE CONTRATO | P55: =+M55 -> 65806.196
A56: 54 | B56: HOCEN-INBIOMECS SAS | C56: MANTENIMIENTO PREVENTIVO VENTILADOR MARCA ACUTRONIC | D56: HOCEN | E56: 388000 | F56: =+E56*9.28%+E56 -> 424006.4 | G56: =+F56*5.2%+F56 -> 446054.73 | H56: =+G56*5.1%+G56 -> 468803.52 | I56: =+H56 -> 468803.52 | J56: 253768 | K56: =+J56*5.2%+J56 -> 266963.94 | L56: =+K56*5.1%+K56 -> 280579.1 | M56: =+L56 -> 280579.1 | N56: NO SE CONTRATO | O56: NO SE CONTRATO | P56: =+M56 -> 280579.1
A57: 55 | B57: HOCEN-INBIOMECS SAS | C57: MANTENIMIENTO PREVENTIVO CAMA MARCA MERIVARA | D57: HOCEN | E57: 215024 | F57: =+E57*9.28%+E57 -> 234978.23 | G57: =+F57*5.2%+F57 -> 247197.1 | H57: =+G57*5.1%+G57 -> 259804.15 | I57: =+H57 -> 259804.15 | J57: 140634 | K57: =+J57*5.2%+J57 -> 147946.97 | L57: =+K57*5.1%+K57 -> 155492.26 | M57: =+L57 -> 155492.26 | N57: NO SE CONTRATO | O57: NO SE CONTRATO | P57: =+M57 -> 155492.26
A58: 56 | B58: HOCEN-INBIOMECS SAS | C58: MANTENIMIENTO PREVENTIVO CAMA HOSPITALARIA MARCA HILL ROM | D58: HOCEN | E58: 246422 | F58: =+E58*9.28%+E58 -> 269289.96 | G58: =+F58*5.2%+F58 -> 283293.04 | H58: =+G58*5.1%+G58 -> 297740.98 | I58: =+H58 -> 297740.98 | J58: 161170 | K58: =+J58*5.2%+J58 -> 169550.84 | L58: =+K58*5.1%+K58 -> 178197.93 | M58: =+L58 -> 178197.93 | N58: NO SE CONTRATO | O58: NO SE CONTRATO | P58: =+M58 -> 178197.93
A59: 57 | B59: HOCEN-INBIOMECS SAS | C59: MANTENIMIENTO PREVENTIVO CAMA CUNA, MESA DE PROCEDIMIENTOS MARCA MIDMARK | D59: HOCEN | E59: 254681 | F59: =+E59*9.28%+E59 -> 278315.4 | G59: =+F59*5.2%+F59 -> 292787.8 | H59: =+G59*5.1%+G59 -> 307719.98 | I59: =+H59 -> 307719.98 | J59: 166572 | K59: =+J59*5.2%+J59 -> 175233.74 | L59: =+K59*5.1%+K59 -> 184170.66 | M59: =+L59 -> 184170.66 | N59: NO SE CONTRATO | O59: NO SE CONTRATO | P59: =+M59 -> 184170.66
A60: 58 | B60: HOCEN-INBIOMECS SAS | C60: MANTENIMIENTO PREVENTIVO CUNAS PEDIATRICAS MARCA DOMETAL | D60: HOCEN | E60: 227283 | F60: =+E60*9.28%+E60 -> 248374.86 | G60: =+F60*5.2%+F60 -> 261290.36 | H60: =+G60*5.1%+G60 -> 274616.16 | I60: =+H60 -> 274616.16 | J60: 148652 | K60: =+J60*5.2%+J60 -> 156381.9 | L60: =+K60*5.1%+K60 -> 164357.38 | M60: =+L60 -> 164357.38 | N60: NO SE CONTRATO | O60: NO SE CONTRATO | P60: =+M60 -> 164357.38
A61: 59 | B61: HOCEN-INBIOMECS SAS | C61: MANTENIMIENTO PREVENTIVO CAMILLAS DE LA MARCA STERIS | D61: HOCEN | E61: NO SE CONTRATO | F61: =+E61*9.28%+E61 -> #VALUE! | G61: =+F61*5.2%+F61 -> #VALUE! | H61: =+G61*5.1%+G61 -> #VALUE! | I61: NO SE CONTRATO | J61: 205286 | K61: =+J61*5.2%+J61 -> 215960.87 | L61: =+K61*5.1%+K61 -> 226974.88 | M61: =+L61 -> 226974.88 | N61: NO SE CONTRATO | O61: NO SE CONTRATO | P61: =+M61 -> 226974.88
A62: 60 | B62: HOCEN-INBIOMECS SAS | C62: MANTENIMIENTO PREVENTIVO CAMILLAS DE LA MARCA ARJOHUNTLEIHGT | D62: HOCEN | E62: 240000 | F62: =+E62*9.28%+E62 -> 262272 | G62: =+F62*5.2%+F62 -> 275910.14 | H62: =+G62*5.1%+G62 -> 289981.56 | I62: =+H62 -> 289981.56 | J62: 156970 | K62: =+J62*5.2%+J62 -> 165132.44 | L62: =+K62*5.1%+K62 -> 173554.19 | M62: =+L62 -> 173554.19 | N62: NO SE CONTRATO | O62: NO SE CONTRATO | P62: =+M62 -> 173554.19
A63: 61 | B63: HOCEN-INBIOMECS SAS | C63: MANTENIMIENTO PREVENTIVO ELECTROBISTURI MARCA MARTIN, BOVIE | D63: HOCEN | E63: 214436 | F63: =+E63*9.28%+E63 -> 234335.66 | G63: =+F63*5.2%+F63 -> 246521.12 | H63: =+G63*5.1%+G63 -> 259093.69 | I63: =+H63 -> 259093.69 | J63: 140250 | K63: =+J63*5.2%+J63 -> 147543 | L63: =+K63*5.1%+K63 -> 155067.69 | M63: =+L63 -> 155067.69 | N63: NO SE CONTRATO | O63: NO SE CONTRATO | P63: =+M63 -> 155067.69
A64: 62 | B64: HOCEN-INBIOMECS SAS | C64: MANTENIMIENTO PREVENTIVO ELECTROBISTURI MARCA ERBE | D64: HOCEN | E64: 220316 | F64: =+E64*9.28%+E64 -> 240761.32 | G64: =+F64*5.2%+F64 -> 253280.91 | H64: =+G64*5.1%+G64 -> 266198.24 | I64: =+H64 -> 266198.24 | J64: 144096 | K64: =+J64*5.2%+J64 -> 151588.99 | L64: =+K64*5.1%+K64 -> 159320.03 | M64: =+L64 -> 159320.03 | N64: NO SE CONTRATO | O64: NO SE CONTRATO | P64: =+M64 -> 159320.03
A65: 63 | B65: HOCEN-INBIOMECS SAS | C65: MANTENIMIENTO PREVENTIVO ELECTROBISTURI MARCA AESCULAB | D65: HOCEN | E65: 220315 | F65: =+E65*9.28%+E65 -> 240760.23 | G65: =+F65*5.2%+F65 -> 253279.76 | H65: =+G65*5.1%+G65 -> 266197.03 | I65: =+H65 -> 266197.03 | J65: 144095 | K65: =+J65*5.2%+J65 -> 151587.94 | L65: =+K65*5.1%+K65 -> 159318.92 | M65: =+L65 -> 159318.92 | N65: NO SE CONTRATO | O65: NO SE CONTRATO | P65: =+M65 -> 159318.92
A66: 64 | B66: HOCEN-INBIOMECS SAS | C66: MANTENIMIENTO PREVENTIVO ELECTROBISTURI MARCA ALSA | D66: HOCEN | E66: 214436 | F66: =+E66*9.28%+E66 -> 234335.66 | G66: =+F66*5.2%+F66 -> 246521.12 | H66: =+G66*5.1%+G66 -> 259093.69 | I66: =+H66 -> 259093.69 | J66: 140250 | K66: =+J66*5.2%+J66 -> 147543 | L66: =+K66*5.1%+K66 -> 155067.69 | M66: =+L66 -> 155067.69 | N66: NO SE CONTRATO | O66: NO SE CONTRATO | P66: =+M66 -> 155067.69
A67: 65 | B67: HOCEN-INBIOMECS SAS | C67: MANTENIMIENTO PREVENTIVO RADIOFRECUENCIA MARCA LOKTAL MEDICAL ELECTRONICS | D67: HOCEN | E67: 310000 | F67: =+E67*9.28%+E67 -> 338768 | G67: =+F67*5.2%+F67 -> 356383.94 | H67: =+G67*5.1%+G67 -> 374559.52 | I67: =+H67 -> 374559.52 | J67: 202753 | K67: =+J67*5.2%+J67 -> 213296.16 | L67: =+K67*5.1%+K67 -> 224174.26 | M67: =+L67 -> 224174.26 | N67: NO SE CONTRATO | O67: NO SE CONTRATO | P67: =+M67 -> 224174.26
A68: 66 | B68: HOCEN-INBIOMECS SAS | C68: MANTENIMIENTO PREVENTIVO LÁMPARA CIELITICA MARCA ILUMITEC | D68: HOCEN | E68: 240000 | F68: =+E68*9.28%+E68 -> 262272 | G68: =+F68*5.2%+F68 -> 275910.14 | H68: =+G68*5.1%+G68 -> 289981.56 | I68: =+H68 -> 289981.56 | J68: 156970 | K68: =+J68*5.2%+J68 -> 165132.44 | L68: =+K68*5.1%+K68 -> 173554.19 | M68: =+L68 -> 173554.19 | N68: NO SE CONTRATO | O68: NO SE CONTRATO | P68: =+M68 -> 173554.19
A69: 67 | B69: HOCEN-INBIOMECS SAS | C69: MANTENIMIENTO PREVENTIVO LAMPARAS PIELITICAS MARCA HERAUS | D69: HOCEN | E69: 240660 | F69: =+E69*9.28%+E69 -> 262993.25 | G69: =+F69*5.2%+F69 -> 276668.9 | H69: =+G69*5.1%+G69 -> 290779.01 | I69: =+H69 -> 290779.01 | J69: 157401 | K69: =+J69*5.2%+J69 -> 165585.85 | L69: =+K69*5.1%+K69 -> 174030.73 | M69: =+L69 -> 174030.73 | N69: NO SE CONTRATO | O69: NO SE CONTRATO | P69: =+M69 -> 174030.73
A70: 68 | B70: HOCEN-INBIOMECS SAS | C70: MANTENIMIENTO PREVENTIVO LAMPARAS PIELITICAS MARCA MARTIN | D70: HOCEN | E70: 240660 | F70: =+E70*9.28%+E70 -> 262993.25 | G70: =+F70*5.2%+F70 -> 276668.9 | H70: =+G70*5.1%+G70 -> 290779.01 | I70: =+H70 -> 290779.01 | J70: 157401 | K70: =+J70*5.2%+J70 -> 165585.85 | L70: =+K70*5.1%+K70 -> 174030.73 | M70: =+L70 -> 174030.73 | N70: NO SE CONTRATO | O70: NO SE CONTRATO | P70: =+M70 -> 174030.73
A71: 69 | B71: HOCEN-INBIOMECS SAS | C71: MANTENIMIENTO PREVENTIVO LAMPARAS PIELITICAS MARCA DR. MACH | D71: HOCEN | E71: 240660 | F71: =+E71*9.28%+E71 -> 262993.25 | G71: =+F71*5.2%+F71 -> 276668.9 | H71: =+G71*5.1%+G71 -> 290779.01 | I71: =+H71 -> 290779.01 | J71: 157401 | K71: =+J71*5.2%+J71 -> 165585.85 | L71: =+K71*5.1%+K71 -> 174030.73 | M71: =+L71 -> 174030.73 | N71: NO SE CONTRATO | O71: NO SE CONTRATO | P71: =+M71 -> 174030.73
A72: 70 | B72: HOCEN-INBIOMECS SAS | C72: MANTENIMIENTO PREVENTIVO MESA DE CIRUGIA MARCA MAQUET | D72: HOCEN | E72: 221168 | F72: =+E72*9.28%+E72 -> 241692.39 | G72: =+F72*5.2%+F72 -> 254260.39 | H72: =+G72*5.1%+G72 -> 267227.67 | I72: =+H72 -> 267227.67 | J72: 144653 | K72: =+J72*5.2%+J72 -> 152174.96 | L72: =+K72*5.1%+K72 -> 159935.88 | M72: =+L72 -> 159935.88 | N72: NO SE CONTRATO | O72: NO SE CONTRATO | P72: =+M72 -> 159935.88
A73: 71 | B73: HOCEN-INBIOMECS SAS | C73: MANTENIMIENTO PREVENTIVO MESA DE CIRUGIA MARCA AMSCO | D73: HOCEN | E73: 221168 | F73: =+E73*9.28%+E73 -> 241692.39 | G73: =+F73*5.2%+F73 -> 254260.39 | H73: =+G73*5.1%+G73 -> 267227.67 | I73: =+H73 -> 267227.67 | J73: 144653 | K73: =+J73*5.2%+J73 -> 152174.96 | L73: =+K73*5.1%+K73 -> 159935.88 | M73: =+L73 -> 159935.88 | N73: NO SE CONTRATO | O73: NO SE CONTRATO | P73: =+M73 -> 159935.88
... A145: 143 | B145: HOCEN-INBIOMECS SAS | C145: MANTENIMIENTO EXTRACTOR DE LECHE MARCA MEDELA | D145: HOCEN | E145: 180000 | F145: =+E145*9.28%+E145 -> 196704 | G145: =+F145*5.2%+F145 -> 206932.61 | H145: =+G145*5.1%+G145 -> 217486.17 | I145: =+H145 -> 217486.17 | J145: 117727 | K145: =+J145*5.2%+J145 -> 123848.8 | L145: =+K145*5.1%+K145 -> 130165.09 | M145: =+L145 -> 130165.09 | N145: NO SE CONTRATO | O145: NO SE CONTRATO | P145: =+M145 -> 130165.09
A146: 144 | B146: HOCEN-INBIOMECS SAS | C146: MANTENIMIENTO EXTRACTOR DE LECHE MARCA ARDO | D146: HOCEN | E146: NO SE CONTRATO | F146: =+E146*9.28%+E146 -> #VALUE! | G146: =+F146*5.2%+F146 -> #VALUE! | H146: =+G146*5.1%+G146 -> #VALUE! | I146: NO SE CONTRATO | J146: 165298 | K146: =+J146*5.2%+J146 -> 173893.5 | L146: =+K146*5.1%+K146 -> 182762.06 | M146: =+L146 -> 182762.06 | N146: NO SE CONTRATO | O146: NO SE CONTRATO | P146: =+M146 -> 182762.06
A147: 145 | B147: HOCEN-INBIOMECS SAS | C147: MANTENIMIENTO PREVENTIVO CAMA HOSPITALARIA MARCA MB | D147: HOCEN | E147: NO SE CONTRATO | F147: =+E147*9.28%+E147 -> #VALUE! | G147: =+F147*5.2%+F147 -> #VALUE! | H147: =+G147*5.1%+G147 -> #VALUE! | I147: NO SE CONTRATO | J147: 202022 | K147: =+J147*5.2%+J147 -> 212527.14 | L147: =+K147*5.1%+K147 -> 223366.03 | M147: =+L147 -> 223366.03 | N147: NO SE CONTRATO | O147: NO SE CONTRATO | P147: =+M147 -> 223366.03
A148: 146 | B148: HOCEN-INBIOMECS SAS | C148: MANTENIMIENTO PIPETA MARCA GIANT | D148: HOCEN | E148: NO SE CONTRATO | F148: =+E148*9.28%+E148 -> #VALUE! | G148: =+F148*5.2%+F148 -> #VALUE! | H148: =+G148*5.1%+G148 -> #VALUE! | I148: NO SE CONTRATO | J148: 138945 | K148: =+J148*5.2%+J148 -> 146170.14 | L148: =+K148*5.1%+K148 -> 153624.82 | M148: =+L148 -> 153624.82 | N148: NO SE CONTRATO | O148: NO SE CONTRATO | P148: =+M148 -> 153624.82
A149: 147 | B149: HOCEN-INBIOMECS SAS | C149: MANTENIMIENTO PREVENTIVO LUMINOMETRO MARCA 3M | D149: HOCEN | E149: NO SE CONTRATO | F149: =+E149*9.28%+E149 -> #VALUE! | G149: =+F149*5.2%+F149 -> #VALUE! | H149: =+G149*5.1%+G149 -> #VALUE! | I149: NO SE CONTRATO | J149: 221474 | K149: =+J149*5.2%+J149 -> 232990.65 | L149: =+K149*5.1%+K149 -> 244873.17 | M149: =+L149 -> 244873.17 | N149: NO SE CONTRATO | O149: NO SE CONTRATO | P149: =+M149 -> 244873.17
A150: 148 | B150: HOCEN-INBIOMECS SAS | C150: MANTENIMIENTO PREVENTIVO TORRE DE ALTO FLUJO FISHER AND PAYKEL | D150: HOCEN | E150: NO SE CONTRATO | F150: =+E150*9.28%+E150 -> #VALUE! | G150: =+F150*5.2%+F150 -> #VALUE! | H150: =+G150*5.1%+G150 -> #VALUE! | I150: NO SE CONTRATO | J150: 252829 | K150: =+J150*5.2%+J150 -> 265976.11 | L150: =+K150*5.1%+K150 -> 279540.89 | M150: =+L150 -> 279540.89 | N150: NO SE CONTRATO | O150: NO SE CONTRATO | P150: =+M150 -> 279540.89
A151: 149 | B151: HOCEN-INBIOMECS SAS | C151: MANTENIMIENTO PREVENTIVO ECOGRAFO ESAOTE | D151: HOCEN | E151: NO SE CONTRATO | F151: =+E151*9.28%+E151 -> #VALUE! | G151: =+F151*5.2%+F151 -> #VALUE! | H151: =+G151*5.1%+G151 -> #VALUE! | I151: NO SE CONTRATO | J151: 738390 | K151: =+J151*5.2%+J151 -> 776786.28 | L151: =+K151*5.1%+K151 -> 816402.38 | M151: =+L151 -> 816402.38 | N151: NO SE CONTRATO | O151: NO SE CONTRATO | P151: =+M151 -> 816402.38
A152: 150 | B152: HOCEN-INBIOMECS SAS | C152: MANTENIMIENTO PREVENTIVO LÁMPARA CIELITICA MARCA MARCA MAQUET | D152: HOCEN | E152: NO SE CONTRATO | F152: =+E152*9.28%+E152 -> #VALUE! | G152: =+F152*5.2%+F152 -> #VALUE! | H152: =+G152*5.1%+G152 -> #VALUE! | I152: NO SE CONTRATO | J152: 180737 | K152: =+J152*5.2%+J152 -> 190135.32 | L152: =+K152*5.1%+K152 -> 199832.23 | M152: =+L152 -> 199832.23 | N152: NO SE CONTRATO | O152: NO SE CONTRATO | P152: =+M152 -> 199832.23
A153: 151 | B153: HOCEN-INBIOMECS SAS | C153: MANTENIMIENTO PREVENTIVO VIDEOLARIONGOSCOPIO MARCA HUGEMED | D153: HOCEN | E153: NO SE CONTRATO | F153: =+E153*9.28%+E153 -> #VALUE! | G153: =+F153*5.2%+F153 -> #VALUE! | H153: =+G153*5.1%+G153 -> #VALUE! | I153: NO SE CONTRATO | J153: 226402 | K153: =+J153*5.2%+J153 -> 238174.9 | L153: =+K153*5.1%+K153 -> 250321.82 | M153: =+L153 -> 250321.82 | N153: NO SE CONTRATO | O153: NO SE CONTRATO | P153: =+M153 -> 250321.82
A154: 152 | B154: HOCEN-INBIOMECS SAS | C154: MANTENIMIENTO PREVENTIVO LÁMPARA CIELITICA MARCA MARCA AMSCO | D154: HOCEN | E154: NO SE CONTRATO | F154: =+E154*9.28%+E154 -> #VALUE! | G154: =+F154*5.2%+F154 -> #VALUE! | H154: =+G154*5.1%+G154 -> #VALUE! | I154: NO SE CONTRATO | J154: 208309 | K154: =+J154*5.2%+J154 -> 219141.07 | L154: =+K154*5.1%+K154 -> 230317.26 | M154: =+L154 -> 230317.26 | N154: NO SE CONTRATO | O154: NO SE CONTRATO | P154: =+M154 -> 230317.26
A155: 153 | B155: HOCEN-INBIOMECS SAS | C155: MANTENIMIENTO PREVENTIVO LÁMPARA CIELITICA MARCA MARCA CONVIDA | D155: HOCEN | E155: NO SE CONTRATO | F155: =+E155*9.28%+E155 -> #VALUE! | G155: =+F155*5.2%+F155 -> #VALUE! | H155: =+G155*5.1%+G155 -> #VALUE! | I155: NO SE CONTRATO | J155: 208309 | K155: =+J155*5.2%+J155 -> 219141.07 | L155: =+K155*5.1%+K155 -> 230317.26 | M155: =+L155 -> 230317.26 | N155: NO SE CONTRATO | O155: NO SE CONTRATO | P155: =+M155 -> 230317.26
A156: 154 | B156: HOCEN-INBIOMECS SAS | C156: MANTENIMIENTO PREVENTIVO MONITOR MULTIPARÁMETRO MARCA BISTOS | D156: HOCEN | E156: NO SE CONTRATO | F156: =+E156*9.28%+E156 -> #VALUE! | G156: =+F156*5.2%+F156 -> #VALUE! | H156: =+G156*5.1%+G156 -> #VALUE! | I156: NO SE CONTRATO | J156: 188996 | K156: =+J156*5.2%+J156 -> 198823.79 | L156: =+K156*5.1%+K156 -> 208963.81 | M156: =+L156 -> 208963.81 | N156: NO SE CONTRATO | O156: NO SE CONTRATO | P156: =+M156 -> 208963.81
A157: 155 | B157: HOCEN-INBIOMECS SAS | C157: MANTENIMIENTO PREVENTIVO AGITADOR VORTEX MARCA DLAB | D157: HOCEN | E157: NO SE CONTRATO | F157: =+E157*9.28%+E157 -> #VALUE! | G157: =+F157*5.2%+F157 -> #VALUE! | H157: =+G157*5.1%+G157 -> #VALUE! | I157: NO SE CONTRATO | J157: 107526 | K157: =+J157*5.2%+J157 -> 113117.35 | L157: =+K157*5.1%+K157 -> 118886.34 | M157: =+L157 -> 118886.34 | N157: NO SE CONTRATO | O157: NO SE CONTRATO | P157: =+M157 -> 118886.34
... A215: 213 | B215: HOCEN-INBIOMECS SAS | C215: MANTENIMIENTO PREVENTIVO TENSIOMETRO MARCA MDF | D215: HOCEN | E215: NO SE CONTRATO | F215: =+E215*9.28%+E215 -> #VALUE! | G215: =+F215*5.2%+F215 -> #VALUE! | H215: =+G215*5.1%+G215 -> #VALUE! | I215: NO SE CONTRATO | J215: 156164 | K215: =+J215*5.2%+J215 -> 164284.53 | L215: =+K215*5.1%+K215 -> 172663.04 | M215: =+L215 -> 172663.04 | N215: NO SE CONTRATO | O215: NO SE CONTRATO | P215: =+M215 -> 172663.04
A216: 214 | B216: HOCEN-INBIOMECS SAS | C216: MANTENIMIENTO PREVENTIVO ULTRASONIDO DE LA MARCA ENRAF | D216: HOCEN | E216: NO SE CONTRATO | F216: =+E216*9.28%+E216 -> #VALUE! | G216: =+F216*5.2%+F216 -> #VALUE! | H216: =+G216*5.1%+G216 -> #VALUE! | I216: NO SE CONTRATO | J216: NO SE CONTRATO | K216: =+J216*5.2%+J216 -> #VALUE! | L216: NO SE CONTRATO | M216: =+L216 -> NO SE CONTRATO | N216: NO SE CONTRATO | O216: NO SE CONTRATO | P216: NO SE CONTRATO
A217: 215 | B217: HOCEN-INBIOMECS SAS | C217: MANTENIMIENTO PREVENTIVO MESA ELÉCTRICA SIN MARCA | D217: HOCEN | E217: NO SE CONTRATO | F217: =+E217*9.28%+E217 -> #VALUE! | G217: =+F217*5.2%+F217 -> #VALUE! | H217: =+G217*5.1%+G217 -> #VALUE! | I217: NO SE CONTRATO | J217: NO SE CONTRATO | K217: =+J217*5.2%+J217 -> #VALUE! | L217: NO SE CONTRATO | M217: =+L217 -> NO SE CONTRATO | N217: NO SE CONTRATO | O217: NO SE CONTRATO | P217: NO SE CONTRATO
A218: 216 | B218: HOCEN-INBIOMECS SAS | C218: MANTENIMIENTO PREVENTIVO DE PULSOXIMETRO MARCA SPARMAX | D218: HOCEN | E218: NO SE CONTRATO | F218: =+E218*9.28%+E218 -> #VALUE! | G218: =+F218*5.2%+F218 -> #VALUE! | H218: =+G218*5.1%+G218 -> #VALUE! | I218: NO SE CONTRATO | J218: NO SE CONTRATO | K218: =+J218*5.2%+J218 -> #VALUE! | L218: NO SE CONTRATO | M218: =+L218 -> NO SE CONTRATO | N218: NO SE CONTRATO | O218: NO SE CONTRATO | P218: NO SE CONTRATO
A219: 217 | B219: HOCEN-INBIOMECS SAS | C219: MANTENIMIENTO PREVENTIVO AGITADOR DE PLAQUETAS CON INCUBADORA MARCA HELMER | D219: HOCEN | E219: NO SE CONTRATO | F219: =+E219*9.28%+E219 -> #VALUE! | G219: =+F219*5.2%+F219 -> #VALUE! | H219: =+G219*5.1%+G219 -> #VALUE! | I219: NO SE CONTRATO | J219: NO SE CONTRATO | K219: =+J219*5.2%+J219 -> #VALUE! | L219: NO SE CONTRATO | M219: =+L219 -> NO SE CONTRATO | N219: NO SE CONTRATO | O219: NO SE CONTRATO | P219: NO SE CONTRATO
A220: 218 | B220: HOCEN-INBIOMECS SAS | C220: MANTENIMIENTO PREVENTIVO BASCULA GRAMERA MARCA KUMA | D220: HOCEN | E220: NO SE CONTRATO | F220: =+E220*9.28%+E220 -> #VALUE! | G220: =+F220*5.2%+F220 -> #VALUE! | H220: =+G220*5.1%+G220 -> #VALUE! | I220: NO SE CONTRATO | J220: NO SE CONTRATO | K220: =+J220*5.2%+J220 -> #VALUE! | L220: NO SE CONTRATO | M220: =+L220 -> NO SE CONTRATO | N220: NO SE CONTRATO | O220: NO SE CONTRATO | P220: NO SE CONTRATO
A221: 219 | B221: HOCEN-INBIOMECS SAS | C221: MANTENIMIENTO PREVENTIVO ELECTROCARDIOGRAFO DE LA MARCA BIOCARE | D221: HOCEN | E221: NO SE CONTRATO | F221: =+E221*9.28%+E221 -> #VALUE! | G221: =+F221*5.2%+F221 -> #VALUE! | H221: =+G221*5.1%+G221 -> #VALUE! | I221: NO SE CONTRATO | J221: NO SE CONTRATO | K221: =+J221*5.2%+J221 -> #VALUE! | L221: NO SE CONTRATO | M221: =+L221 -> NO SE CONTRATO | N221: NO SE CONTRATO | O221: NO SE CONTRATO | P221: NO SE CONTRATO
A222: 220 | B222: HOCEN-INBIOMECS SAS | C222: MANTENIMIENTO PREVENTIVO MONITOR HEMODINAMICO MARCA EDWARDS | D222: HOCEN | E222: NO SE CONTRATO | F222: =+E222*9.28%+E222 -> #VALUE! | G222: =+F222*5.2%+F222 -> #VALUE! | H222: =+G222*5.1%+G222 -> #VALUE! | I222: NO SE CONTRATO | J222: NO SE CONTRATO | K222: =+J222*5.2%+J222 -> #VALUE! | L222: NO SE CONTRATO | M222: =+L222 -> NO SE CONTRATO | N222: NO SE CONTRATO | O222: NO SE CONTRATO | P222: NO SE CONTRATO
A223: 221 | B223: HOCEN-INBIOMECS SAS | C223: MANTENIMIENTO PREVENTIVO NEUROESTIMULADOR DE LA MARCA XAVANT | D223: HOCEN | E223: NO SE CONTRATO | F223: =+E223*9.28%+E223 -> #VALUE! | G223: =+F223*5.2%+F223 -> #VALUE! | H223: =+G223*5.1%+G223 -> #VALUE! | I223: NO SE CONTRATO | J223: NO SE CONTRATO | K223: =+J223*5.2%+J223 -> #VALUE! | L223: NO SE CONTRATO | M223: =+L223 -> NO SE CONTRATO | N223: NO SE CONTRATO | O223: NO SE CONTRATO | P223: NO SE CONTRATO
A224: 222 | B224: HOCEN-INBIOMECS SAS | C224: MANTENIMIENTO PREVENTIVO SUCCIONADOR PORTATIL MARCA MEDELA | D224: HOCEN | E224: NO SE CONTRATO | F224: =+E224*9.28%+E224 -> #VALUE! | G224: =+F224*5.2%+F224 -> #VALUE! | H224: =+G224*5.1%+G224 -> #VALUE! | I224: NO SE CONTRATO | J224: NO SE CONTRATO | K224: =+J224*5.2%+J224 -> #VALUE! | L224: NO SE CONTRATO | M224: =+L224 -> NO SE CONTRATO | N224: NO SE CONTRATO | O224: NO SE CONTRATO | P224: NO SE CONTRATO
A225: 223 | B225: HOCEN-INBIOMECS SAS | C225: MANTENIMIENTO PREVENTIVO BANDA TROTADORA MATRIX TREADMILL | D225: HOCEN | E225: NO SE CONTRATO | F225: =+E225*9.28%+E225 -> #VALUE! | G225: =+F225*5.2%+F225 -> #VALUE! | H225: =+G225*5.1%+G225 -> #VALUE! | I225: NO SE CONTRATO | J225: NO SE CONTRATO | K225: =+J225*5.2%+J225 -> #VALUE! | L225: NO SE CONTRATO | M225: =+L225 -> NO SE CONTRATO | N225: NO SE CONTRATO | O225: NO SE CONTRATO | P225: NO SE CONTRATO
A226: 224 | B226: HOCEN-INBIOMECS SAS | C226: MANTENIMIENTO PREVENTIVO BANDA TROTADORA TRACKMASTER | D226: HOCEN | E226: NO SE CONTRATO | F226: =+E226*9.28%+E226 -> #VALUE! | G226: =+F226*5.2%+F226 -> #VALUE! | H226: =+G226*5.1%+G226 -> #VALUE! | I226: NO SE CONTRATO | J226: NO SE CONTRATO | K226: =+J226*5.2%+J226 -> #VALUE! | L226: NO SE CONTRATO | M226: =+L226 -> NO SE CONTRATO | N226: NO SE CONTRATO | O226: NO SE CONTRATO | P226: NO SE CONTRATO
A227: 225 | B227: HOCEN-INBIOMECS SAS | C227: MANTENIMIENTO PREVENTIVO DOPPLER FETAL MARCA GMD | D227: HOCEN | E227: NO SE CONTRATO | F227: =+E227*9.28%+E227 -> #VALUE! | G227: =+F227*5.2%+F227 -> #VALUE! | H227: =+G227*5.1%+G227 -> #VALUE! | I227: NO SE CONTRATO | J227: NO SE CONTRATO | K227: =+J227*5.2%+J227 -> #VALUE! | L227: NO SE CONTRATO | M227: =+L227 -> NO SE CONTRATO | N227: NO SE CONTRATO | O227: NO SE CONTRATO | P227: NO SE CONTRATO
... A231: 229 | B231: HOCEN-INBIOMECS SAS | C231: MANTENIMIENTO PREVENTIVO TANQUE DE PAQUETES FRIOS MARCA FISIOTECH | D231: HOCEN | E231: NO SE CONTRATO | F231: =+E231*9.28%+E231 -> #VALUE! | G231: =+F231*5.2%+F231 -> #VALUE! | H231: =+G231*5.1%+G231 -> #VALUE! | I231: NO SE CONTRATO | J231: NO SE CONTRATO | K231: =+J231*5.2%+J231 -> #VALUE! | L231: NO SE CONTRATO | M231: =+L231 -> NO SE CONTRATO | N231: NO SE CONTRATO | O231: NO SE CONTRATO | P231: NO SE CONTRATO
A232: 230 | B232: HOCEN-INBIOMECS SAS | C232: MANTENIMIENTO PREVENTIVO TORRE MULTIDISCIPLINAR (MONITOR, FUENTE DE LUZ, CÁMARA DE VIDEO, Y CABEZAL DE CÁMARA ) | D232: HOCEN | E232: 6050158 | F232: =+E232*9.28%+E232 -> 6611612.7 | G232: =+F232*5.2%+F232 -> 6955416.5 | H232: =+G232*5.1%+G232 -> 7310142.8 | I232: =+H232 -> 7310142.8 | J232: NO SE CONTRATO | K232: =+I232*5.2%+I232 -> 7690270.2 | L232: =+K232*5.1%+K232 -> 8082474 | M232: =+L232 -> 8082474 | N232: 6611613 | O232: NO SE CONTRATO | P232: =+M232 -> 8082474
A233: 231 | B233: HOCEN-INBIOMECS SAS | C233: MANTENIMIENTO PREVENTIVO UNIDAD DE OTORRINOLARINGOLOGÍA BASIC | D233: HOCEN | E233: 2247970 | F233: =+E233*9.28%+E233 -> 2456581.6 | G233: =+F233*5.2%+F233 -> 2584323.9 | H233: =+G233*5.1%+G233 -> 2716124.4 | I233: =+H233 -> 2716124.4 | J233: NO SE CONTRATO | K233: =+I233*5.2%+I233 -> 2857362.8 | L233: =+K233*5.1%+K233 -> 3003088.3 | M233: =+L233 -> 3003088.3 | N233: 2604086 | O233: NO SE CONTRATO | P233: =+M233 -> 3003088.3
A234: 232 | B234: HOCEN-INBIOMECS SAS | C234: MANTENIMIENTO PREVENTIVO UNIDAD DE OTORRINOLARINGOLOGÍA SMART | D234: HOCEN | E234: 8593567 | F234: =+E234*9.28%+E234 -> 9391050 | G234: =+F234*5.2%+F234 -> 9879384.6 | H234: =+G234*5.1%+G234 -> 10383233 | I234: =+H234 -> 10383233 | J234: NO SE CONTRATO | K234: =+I234*5.2%+I234 -> 10923161 | L234: =+K234*5.1%+K234 -> 11480243 | M234: =+L234 -> 11480243 | N234: 2456582 | O234: NO SE CONTRATO | P234: =+M234 -> 11480243
A235: 233 | B235: HOCEN-INBIOMECS SAS | C235: MANTENIMIENTO PREVENTIVO NEVERA MP 155S MARCA DOMETIC | D235: HOCEN | E235: 787424.96 | F235: =+E235*9.28%+E235 -> 860498 | G235: =+F235*5.2%+F235 -> 905243.89 | H235: =+G235*5.1%+G235 -> 951411.33 | I235: =+H235 -> 951411.33 | J235: NO SE CONTRATO | K235: =+I235*5.2%+I235 -> 1000884.7 | L235: =+K235*5.1%+K235 -> 1051929.8 | M235: =+L235 -> 1051929.8 | N235: 859982 | O235: NO SE CONTRATO | P235: =+M235 -> 1051929.8
A236: 234 | B236: HOCEN-INBIOMECS SAS | C236: MANTENIMIENTO PREVENTIVO REFRIGERADOR ML370 MARCA DOMETIC | D236: HOCEN | E236: 956294.96 | F236: =+E236*9.28%+E236 -> 1045039.1 | G236: =+F236*5.2%+F236 -> 1099381.2 | H236: =+G236*5.1%+G236 -> 1155449.6 | I236: =+H236 -> 1155449.6 | J236: NO SE CONTRATO | K236: =+I236*5.2%+I236 -> 1215533 | L236: =+K236*5.1%+K236 -> 1277525.2 | M236: =+L236 -> 1277525.2 | N236: 1044412 | O236: NO SE CONTRATO | P236: =+M236 -> 1277525.2
A237: 235 | B237: HOCEN-INBIOMECS SAS | C237: MANTENIMIENTO PREVENTIVO CONGELADOR DFR750 MARCA DOMETIC | D237: HOCEN | E237: 1072897.5 | F237: =+E237*9.28%+E237 -> 1172462.4 | G237: =+F237*5.2%+F237 -> 1233430.5 | H237: =+G237*5.1%+G237 -> 1296335.4 | I237: =+H237 -> 1296335.4 | J237: NO SE CONTRATO | K237: =+I237*5.2%+I237 -> 1363744.9 | L237: =+K237*5.1%+K237 -> 1433295.9 | M237: =+L237 -> 1433295.9 | N237: 1171759 | O237: NO SE CONTRATO | P237: =+M237 -> 1433295.9
A238: 236 | B238: HOCEN-INBIOMECS SAS | C238: MANTENIMIENTO PREVENTIVO CONGELADOR FR110 MARCA DOMETIC | D238: HOCEN | E238: 1050772.5 | F238: =+E238*9.28%+E238 -> 1148284.2 | G238: =+F238*5.2%+F238 -> 1207994.9 | H238: =+G238*5.1%+G238 -> 1269602.7 | I238: =+H238 -> 1269602.7 | J238: NO SE CONTRATO | K238: =+I238*5.2%+I238 -> 1335622 | L238: =+K238*5.1%+K238 -> 1403738.7 | M238: =+L238 -> 1403738.7 | N238: 1147595 | O238: NO SE CONTRATO | P238: =+M238 -> 1403738.7
A239: 237 | B239: HOCEN-INBIOMECS SAS | C239: MANTENIMIENTO PREVENTIVO CONGELADOR BR 750B MARCA DOMETIC | D239: HOCEN | E239: 1287000 | F239: =+E239*9.28%+E239 -> 1406433.6 | G239: =+F239*5.2%+F239 -> 1479568.1 | H239: =+G239*5.1%+G239 -> 1555026.1 | I239: =+H239 -> 1555026.1 | J239: NO SE CONTRATO | K239: =+I239*5.2%+I239 -> 1635887.5 | L239: =+K239*5.1%+K239 -> 1719317.7 | M239: =+L239 -> 1719317.7 | N239: 1405590 | O239: NO SE CONTRATO | P239: =+M239 -> 1719317.7
A240: 238 | B240: HOCEN-INBIOMECS SAS | C240: MANTENIMIENTO PREVENTIVO REFRIGERADOR ML 1300S MARCA DOMETIC | D240: HOCEN | E240: 1287000 | F240: =+E240*9.28%+E240 -> 1406433.6 | G240: =+F240*5.2%+F240 -> 1479568.1 | H240: =+G240*5.1%+G240 -> 1555026.1 | I240: =+H240 -> 1555026.1 | J240: NO SE CONTRATO | K240: =+I240*5.2%+I240 -> 1635887.5 | L240: =+K240*5.1%+K240 -> 1719317.7 | M240: =+L240 -> 1719317.7 | N240: 1405590 | O240: NO SE CONTRATO | P240: =+M240 -> 1719317.7
A241: 239 | B241: HOCEN-INBIOMECS SAS | C241: MANTENIMIENTO PREVENTIVO NEVERA DE LA MARCA CHALLENGER | D241: HOCEN | E241: 351969.57 | F241: =+E241*9.28%+E241 -> 384632.35 | G241: =+F241*5.2%+F241 -> 404633.23 | H241: =+G241*5.1%+G241 -> 425269.52 | I241: =+H241 -> 425269.52 | J241: NO SE CONTRATO | K241: =+I241*5.2%+I241 -> 447383.54 | L241: =+K241*5.1%+K241 -> 470200.1 | M241: =+L241 -> 470200.1 | N241: 384402 | O241: NO SE CONTRATO | P241: =+M241 -> 470200.1
A242: 240 | B242: HOCEN-INBIOMECS SAS | C242: MANTENIMIENTO PREVENTIVO NEVERA DE LA MARCA HACEB | D242: HOCEN | E242: 351969.57 | F242: =+E242*9.28%+E242 -> 384632.35 | G242: =+F242*5.2%+F242 -> 404633.23 | H242: =+G242*5.1%+G242 -> 425269.52 | I242: =+H242 -> 425269.52 | J242: NO SE CONTRATO | K242: =+I242*5.2%+I242 -> 447383.54 | L242: =+K242*5.1%+K242 -> 470200.1 | M242: =+L242 -> 470200.1 | N242: 384402 | O242: NO SE CONTRATO | P242: =+M242 -> 470200.1
A243: 241 | B243: HOCEN-INBIOMECS SAS | C243: MANTENIMIENTO PREVENTIVO NEVERA DE LA MARCA FOSTER | D243: HOCEN | E243: 549969.57 | F243: =+E243*9.28%+E243 -> 601006.75 | G243: =+F243*5.2%+F243 -> 632259.1 | H243: =+G243*5.1%+G243 -> 664504.31 | I243: =+H243 -> 664504.31 | J243: NO SE CONTRATO | K243: =+I243*5.2%+I243 -> 699058.53 | L243: =+K243*5.1%+K243 -> 734710.52 | M243: =+L243 -> 734710.52 | N243: 600646 | O243: NO SE CONTRATO | P243: =+M243 -> 734710.52
... A250: 248 | B250: HOCEN-INBIOMECS SAS | C250: MANTENIMIENTO PREVENTIVO REFRIGERADOR HAIER | D250: HOCEN | E250: 773500 | F250: =+E250*9.28%+E250 -> 845280.8 | G250: =+F250*5.2%+F250 -> 889235.4 | H250: =+G250*5.1%+G250 -> 934586.41 | I250: =+H250 -> 934586.41 | J250: NO SE CONTRATO | K250: =+I250*5.2%+I250 -> 983184.9 | L250: =+K250*5.1%+K250 -> 1033327.3 | M250: =+L250 -> 1033327.3 | N250: 844774 | O250: NO SE CONTRATO | P250: =+M250 -> 1033327.3
A251: 249 | B251: HOCEN-INBIOMECS SAS | C251: MANTENIMIENTO PREVENTIVO CAMA ELÉCTRICA MARCA LOS PINOS MODELO 740 PLAS BEIGE | D251: HOCEN | E251: NO SE CONTRATO | F251: =+E251*9.28%+E251 -> #VALUE! | G251: =+F251*5.2%+F251 -> #VALUE! | H251: =+G251*5.1%+G251 -> #VALUE! | I251: NO SE CONTRATO | J251: NO SE CONTRATO | K251: NO SE CONTRATO | L251: NO SE CONTRATO | M251: =+L251 -> NO SE CONTRATO | N251: 136948 | O251: NO SE CONTRATO | P251: NO SE CONTRATO
A252: 250 | B252: HOCEN-INBIOMECS SAS | C252: MANTENIMIENTO PREVENTIVO CAMA ELÉCTRICA MARCA LOS PINOS MODELO 8604 | D252: HOCEN | E252: NO SE CONTRATO | F252: =+E252*9.28%+E252 -> #VALUE! | G252: =+F252*5.2%+F252 -> #VALUE! | H252: =+G252*5.1%+G252 -> #VALUE! | I252: NO SE CONTRATO | J252: NO SE CONTRATO | K252: NO SE CONTRATO | L252: NO SE CONTRATO | M252: =+L252 -> NO SE CONTRATO | N252: 410845 | O252: NO SE CONTRATO | P252: NO SE CONTRATO
A253: 251 | B253: HOCEN-INBIOMECS SAS | C253: MANTENIMIENTO PREVENTIVO CAMA ELÉCTRICA MARCA LOS PINOS MODELO 972R5 V.05 | D253: HOCEN | E253: NO SE CONTRATO | F253: =+E253*9.28%+E253 -> #VALUE! | G253: =+F253*5.2%+F253 -> #VALUE! | H253: =+G253*5.1%+G253 -> #VALUE! | I253: NO SE CONTRATO | J253: NO SE CONTRATO | K253: NO SE CONTRATO | L253: NO SE CONTRATO | M253: =+L253 -> NO SE CONTRATO | N253: 136948 | O253: NO SE CONTRATO | P253: NO SE CONTRATO
A254: 252 | B254: HOCEN-INBIOMECS SAS | C254: MANTENIMIENTO PREVENTIVO CAMA ELÉCTRICA MARCA LOS PINOS MODELO 760BCS V.09 | D254: HOCEN | E254: NO SE CONTRATO | F254: =+E254*9.28%+E254 -> #VALUE! | G254: =+F254*5.2%+F254 -> #VALUE! | H254: =+G254*5.1%+G254 -> #VALUE! | I254: NO SE CONTRATO | J254: NO SE CONTRATO | K254: NO SE CONTRATO | L254: NO SE CONTRATO | M254: =+L254 -> NO SE CONTRATO | N254: 136948 | O254: NO SE CONTRATO | P254: NO SE CONTRATO
A255: 253 | B255: HOCEN-INBIOMECS SAS | C255: MANTENIMIENTO PREVENTIVO CAMA ELÉCTRICA MARCA LOS PINOS MODELO 1060V01.08 | D255: HOCEN | E255: NO SE CONTRATO | F255: =+E255*9.28%+E255 -> #VALUE! | G255: =+F255*5.2%+F255 -> #VALUE! | H255: =+G255*5.1%+G255 -> #VALUE! | I255: NO SE CONTRATO | J255: NO SE CONTRATO | K255: NO SE CONTRATO | L255: NO SE CONTRATO | M255: =+L255 -> NO SE CONTRATO | N255: 136948 | O255: NO SE CONTRATO | P255: NO SE CONTRATO
A256: 254 | B256: HOCEN-INBIOMECS SAS | C256: MANTENIMIENTO PREVENTIVO CAMA ELÉCTRICA MARCA LOS PINOS MODELO 1060 SIN BASC Y CON BASC | D256: HOCEN | E256: NO SE CONTRATO | F256: =+E256*9.28%+E256 -> #VALUE! | G256: =+F256*5.2%+F256 -> #VALUE! | H256: =+G256*5.1%+G256 -> #VALUE! | I256: NO SE CONTRATO | J256: NO SE CONTRATO | K256: NO SE CONTRATO | L256: NO SE CONTRATO | M256: =+L256 -> NO SE CONTRATO | N256: 114283 | O256: NO SE CONTRATO | P256: NO SE CONTRATO
A257: 255 | B257: HOCEN-INBIOMECS SAS | C257: MANTENIMIENTO PREVENTIVO CAMA ELÉCTRICA MARCA LOS PINOS MODELO 840 | D257: HOCEN | E257: NO SE CONTRATO | F257: =+E257*9.28%+E257 -> #VALUE! | G257: =+F257*5.2%+F257 -> #VALUE! | H257: =+G257*5.1%+G257 -> #VALUE! | I257: NO SE CONTRATO | J257: NO SE CONTRATO | K257: NO SE CONTRATO | L257: NO SE CONTRATO | M257: =+L257 -> NO SE CONTRATO | N257: 136946 | O257: NO SE CONTRATO | P257: NO SE CONTRATO
A258: 256 | B258: HOCEN-INBIOMECS SAS | C258: MANTENIMIENTO PREVENTIVO LASER TERAPEUTICO DE LA MARCA CHATTANOGA | D258: HOCEN | E258: NO SE CONTRATO | F258: =+E258*9.28%+E258 -> #VALUE! | G258: =+F258*5.2%+F258 -> #VALUE! | H258: =+G258*5.1%+G258 -> #VALUE! | I258: NO SE CONTRATO | J258: NO SE CONTRATO | L258: NO SE CONTRATO | M258: NO SE CONTRATO | N258: NO SE CONTRATO | O258: NO SE CONTRATO | P258: NO SE CONTRATO
A259: 257 | B259: HOCEN-INBIOMECS SAS | C259: CAMBIO E INSTALACION TALLIMETRO | D259: HOCEN | E259: 83402.68 | F259: =+E259*9.28%+E259 -> 91142.449 | G259: =+F259*5.2%+F259 -> 95881.856 | H259: =+G259*5.1%+G259 -> 100771.83 | I259: =+H259 -> 100771.83 | J259: 58190.854 | K259: =+J259*5.2%+J259 -> 61216.779 | L259: =+K259*5.1%+K259 -> 64338.835 | M259: =+L259 -> 64338.835 | N259: NO SE CONTRATO | O259: NO SE CONTRATO | P259: =+M259 -> 64338.835
A260: 258 | B260: HOCEN-INBIOMECS SAS | C260: CAMBIO E INSTALACION PLATAFORMA | D260: HOCEN | E260: 372596.08 | F260: =+E260*9.28%+E260 -> 407173 | G260: =+F260*5.2%+F260 -> 428346 | H260: =+G260*5.1%+G260 -> 450191.64 | I260: =+H260 -> 450191.64 | J260: 244994.7 | K260: =+J260*5.2%+J260 -> 257734.42 | L260: =+K260*5.1%+K260 -> 270878.88 | M260: =+L260 -> 270878.88 | N260: NO SE CONTRATO | O260: NO SE CONTRATO | P260: =+M260 -> 270878.88
A261: 259 | B261: HOCEN-INBIOMECS SAS | C261: CAMBIO E INSTALACIÓN DE CONTRAPESO | D261: HOCEN | E261: 213661.24 | F261: =+E261*9.28%+E261 -> 233489 | G261: =+F261*5.2%+F261 -> 245630.43 | H261: =+G261*5.1%+G261 -> 258157.58 | I261: =+H261 -> 258157.58 | J261: 140451.71 | K261: =+J261*5.2%+J261 -> 147755.2 | L261: =+K261*5.1%+K261 -> 155290.71 | M261: =+L261 -> 155290.71 | N261: NO SE CONTRATO | O261: NO SE CONTRATO | P261: =+M261 -> 155290.71
A262: 260 | B262: HOCEN-INBIOMECS SAS | C262: CAMBIO E INSTALACIÓN DE PLOMOS DE CONTRAPESO | D262: HOCEN | E262: 158935.76 | F262: =+E262*9.28%+E262 -> 173685 | G262: =+F262*5.2%+F262 -> 182716.62 | H262: =+G262*5.1%+G262 -> 192035.17 | I262: =+H262 -> 192035.17 | J262: 104216.17 | K262: =+J262*5.2%+J262 -> 109635.41 | L262: =+K262*5.1%+K262 -> 115226.82 | M262: =+L262 -> 115226.82 | N262: NO SE CONTRATO | O262: NO SE CONTRATO | P262: =+M262 -> 115226.82
A263: 261 | B263: HOCEN-INBIOMECS SAS | C263: CAMBIO E INSTALACIÓN ESCALA GRADUADA | D263: HOCEN | E263: 552237.37 | F263: =+E263*9.28%+E263 -> 603485 | G263: =+F263*5.2%+F263 -> 634866.22 | H263: =+G263*5.1%+G263 -> 667244.4 | I263: =+H263 -> 667244.4 | J263: 363151.58 | K263: =+J263*5.2%+J263 -> 382035.46 | L263: =+K263*5.1%+K263 -> 401519.27 | M263: =+L263 -> 401519.27 | N263: NO SE CONTRATO | O263: NO SE CONTRATO | P263: =+M263 -> 401519.27
A264: 262 | B264: HOCEN-INBIOMECS SAS | C264: CAMBIO E INSTALACIÓN TAPETE EXTERNO | D264: HOCEN | E264: 185613.1 | F264: =+E264*9.28%+E264 -> 202838 | G264: =+F264*5.2%+F264 -> 213385.58 | H264: =+G264*5.1%+G264 -> 224268.24 | I264: =+H264 -> 224268.24 | J264: 121598.61 | K264: =+J264*5.2%+J264 -> 127921.74 | L264: =+K264*5.1%+K264 -> 134445.75 | M264: =+L264 -> 134445.75 | N264: NO SE CONTRATO | O264: NO SE CONTRATO | P264: =+M264 -> 134445.75
A265: 263 | B265: HOCEN-INBIOMECS SAS | C265: CAMBIO E INSTASLACIÓN RESORTES INTERNOS | D265: HOCEN | E265: 59694 | F265: =+E265*9.28%+E265 -> 65233.603 | G265: =+F265*5.2%+F265 -> 68625.751 | H265: =+G265*5.1%+G265 -> 72125.664 | I265: =+H265 -> 72125.664 | J265: 39042.312 | K265: =+J265*5.2%+J265 -> 41072.512 | L265: =+K265*5.1%+K265 -> 43167.21 | M265: =+L265 -> 43167.21 | N265: NO SE CONTRATO | O265: NO SE CONTRATO | P265: =+M265 -> 43167.21
A266: 264 | B266: HOCEN-INBIOMECS SAS | C266: CAMBIO E INSTALACIÓN TORNILLO DE AJUSTE | D266: HOCEN | E266: 44481 | F266: =+E266*9.28%+E266 -> 48608.837 | G266: =+F266*5.2%+F266 -> 51136.496 | H266: =+G266*5.1%+G266 -> 53744.458 | I266: =+H266 -> 53744.458 | J266: 29092.389 | K266: =+J266*5.2%+J266 -> 30605.193 | L266: =+K266*5.1%+K266 -> 32166.058 | M266: =+L266 -> 32166.058 | N266: NO SE CONTRATO | O266: NO SE CONTRATO | P266: =+M266 -> 32166.058
A267: 265 | B267: HOCEN-INBIOMECS SAS | C267: CAMBIO E INSTALACION BRAZO KILOS/LIBRAS | D267: HOCEN | E267: 403227.49 | F267: =+E267*9.28%+E267 -> 440647 | G267: =+F267*5.2%+F267 -> 463560.64 | H267: =+G267*5.1%+G267 -> 487202.24 | I267: =+H267 -> 487202.24 | J267: 265097.78 | K267: =+J267*5.2%+J267 -> 278882.86 | L267: =+K267*5.1%+K267 -> 293105.89 | M267: =+L267 -> 293105.89 | N267: NO SE CONTRATO | O267: NO SE CONTRATO | P267: =+M267 -> 293105.89
A268: 266 | B268: HOCEN-INBIOMECS SAS | C268: CAMBIO E INSTALACION BASE METALICA | D268: HOCEN | E268: 279521.41 | F268: =+E268*9.28%+E268 -> 305461 | G268: =+F268*5.2%+F268 -> 321344.97 | H268: =+G268*5.1%+G268 -> 337733.57 | I268: =+H268 -> 337733.57 | J268: 183282.51 | K268: =+J268*5.2%+J268 -> 192813.2 | L268: =+K268*5.1%+K268 -> 202646.67 | M268: =+L268 -> 202646.67 | N268: NO SE CONTRATO | O268: NO SE CONTRATO | P268: =+M268 -> 202646.67
A269: 267 | B269: HOCEN-INBIOMECS SAS | C269: CAMBIO E INSTALACION TALLIMETRO | D269: HOCEN | E269: 83403 | F269: =+E269*9.28%+E269 -> 91142.798 | G269: =+F269*5.2%+F269 -> 95882.224 | H269: =+G269*5.1%+G269 -> 100772.22 | I269: =+H269 -> 100772.22 | J269: 58190.959 | K269: =+J269*5.2%+J269 -> 61216.889 | L269: =+K269*5.1%+K269 -> 64338.95 | M269: =+L269 -> 64338.95 | N269: NO SE CONTRATO | O269: NO SE CONTRATO | P269: =+M269 -> 64338.95
A270: 268 | B270: HOCEN-INBIOMECS SAS | C270: CAMBIO E INSTALACION PLATAFORMA | D270: HOCEN | E270: 372596.08 | F270: =+E270*9.28%+E270 -> 407173 | G270: =+F270*5.2%+F270 -> 428346 | H270: =+G270*5.1%+G270 -> 450191.64 | I270: =+H270 -> 450191.64 | J270: 244994.53 | K270: =+J270*5.2%+J270 -> 257734.24 | L270: =+K270*5.1%+K270 -> 270878.69 | M270: =+L270 -> 270878.69 | N270: NO SE CONTRATO | O270: NO SE CONTRATO | P270: =+M270 -> 270878.69
... A297: 295 | B297: HOCEN-INBIOMECS SAS | C297: CAMBIO E INSTALACION PLATILLO DE LA BALANZA | D297: HOCEN | E297: 100000 | F297: =+E297*9.28%+E297 -> 109280 | G297: =+F297*5.2%+F297 -> 114962.56 | H297: =+G297*5.1%+G297 -> 120825.65 | I297: =+H297 -> 120825.65 | J297: 65404.08 | K297: =+J297*5.2%+J297 -> 68805.092 | L297: =+K297*5.1%+K297 -> 72314.152 | M297: =+L297 -> 72314.152 | N297: NO SE CONTRATO | O297: NO SE CONTRATO | P297: =+M297 -> 72314.152
A298: 296 | B298: HOCEN-INBIOMECS SAS | C298: CAMBIO E INSTALACION BATERIAS | D298: HOCEN | E298: NO SE CONTRATO | F298: =+E298*9.28%+E298 -> #VALUE! | G298: =+F298*5.2%+F298 -> #VALUE! | H298: =+G298*5.1%+G298 -> #VALUE! | I298: NO SE CONTRATO | J298: 53625.6 | K298: =+J298*5.2%+J298 -> 56414.131 | L298: =+K298*5.1%+K298 -> 59291.252 | M298: =+L298 -> 59291.252 | N298: NO SE CONTRATO | O298: NO SE CONTRATO | P298: =+M298 -> 59291.252
A299: 297 | B299: HOCEN-INBIOMECS SAS | C299: CAMBIO E INSTALACION CARCAZA | D299: HOCEN | E299: 220000 | F299: =+E299*9.28%+E299 -> 240416 | G299: =+F299*5.2%+F299 -> 252917.63 | H299: =+G299*5.1%+G299 -> 265816.43 | I299: =+H299 -> 265816.43 | J299: 143888.98 | K299: =+J299*5.2%+J299 -> 151371.2 | L299: =+K299*5.1%+K299 -> 159091.13 | M299: =+L299 -> 159091.13 | N299: NO SE CONTRATO | O299: NO SE CONTRATO | P299: =+M299 -> 159091.13
A300: 298 | B300: HOCEN-INBIOMECS SAS | C300: CAMBIO E INSTALACION JUEGO DE PALAS ADULTO. | D300: HOCEN | E300: 2705657 | F300: =+E300*9.28%+E300 -> 2956742 | G300: =+F300*5.2%+F300 -> 3110492.6 | H300: =+G300*5.1%+G300 -> 3269127.7 | I300: =+H300 -> 3269127.7 | J300: 1769610.1 | K300: =+J300*5.2%+J300 -> 1861629.8 | L300: =+K300*5.1%+K300 -> 1956572.9 | M300: =+L300 -> 1956572.9 | N300: NO SE CONTRATO | O300: NO SE CONTRATO | P300: =+M300 -> 1956572.9
...

Sheet 5.4 PRECIOS DE MERCADO
A1: 5.4 PRECIOS DE MERCADO - GRUPO 1
A2: PRESTACIÓN DEL SERVICIO DE MANTENIMIENTO PREVENTIVO Y CORRECTIVO INCLUIDOS REPUESTOS PARA LOS DIFERENTES EQUIPOS BIOMÉDICOS DEL HOSPITAL CENTRAL DE LA POLICÍA NACIONAL
A3: ITEM | C3: DESCRIPCIÓN | D3: UNIDAD DE MEDIDA | E3: COTIZACION N.1 DKP | F3: COTIZACION N.2 G BARCO | G3: COTIZACION N.3 ICH | H3: COTIZACION N.4 INBIOMECS | I3: PRECIO DEL MERCADO
A4: 1 | C4: MANTENIMIENTO PREVENTIVO BASCULA CON TALLIMETRO DE LA MARCA HEALTH O METER | D4: VISITA | E4: 131936.14 | G4: 135845.35 | H4: 97730.47 | I4: =+MIN(E4:H4) -> 97730.47
A5: 2 | C5: MANTENIMIENTO PREVENTIVO BASCULA CON TALLIMETRO DE LA MARCA NUEVO LEON | D5: VISITA | E5: 131936.14 | G5: 135845.35 | H5: 97730.47 | I5: =+MIN(E5:H5) -> 97730.47
A6: 3 | C6: MANTENIMIENTO PREVENTIVO BASCULA CON TALLIMETRO DE LA MARCA DETECTO | D6: VISITA | E6: 131936.14 | G6: 135845.35 | H6: 97730.47 | I6: =+MIN(E6:H6) -> 97730.47
A7: 4 | C7: MANTENIMIENTO PREVENTIVO BALANZA PESA BEBE MACA SECA DIGITAL | D7: VISITA | E7: 98010 | G7: 100914 | H7: 72600 | I7: =+MIN(E7:H7) -> 72600
A8: 5 | C8: MANTENIMIENTO PREVENTIVO DESFIBRILADOR MARCA MINDRAY | D8: VISITA | E8: 282045.07 | G8: 290401.97 | H8: 208922.28 | I8: =+MIN(E8:H8) -> 208922.28
A9: 6 | C9: MANTENIMIENTO PREVENTIVO DESFIBRILADOR MARCA GENERAL ELECTRIC | D9: VISITA | E9: 241758 | G9: 248921.2 | H9: 179080 | I9: =+MIN(E9:H9) -> 179080
A10: 7 | C10: MANTENIMIENTO PREVENTIVO DESFIBRILADOR DEA SAMARITAN | D10: VISITA | E10: 245025 | G10: 252285 | H10: 181500 | I10: =+MIN(E10:H10) -> 181500
A11: 8 | C11: MANTENIMIENTO PREVENTIVO DOPPLER FETAL MARCA HUNTLEIGH | D11: VISITA | E11: 150282 | G11: 154734.8 | H11: 111320 | I11: =+MIN(E11:H11) -> 111320
A12: 9 | C12: MANTENIMIENTO PREVENTIVO ECOGRAFO ALOKA | D12: VISITA | E12: 756000.87 | G12: 778400.89 | H12: 560000.64 | I12: =+MIN(E12:H12) -> 560000.64
A13: 10 | C13: MANTENIMIENTO PREVENTIVO ECOGRAFO MARCA PHILIPS | D13: VISITA | E13: 1875968.9 | G13: 1931553.2 | H13: 1389606.6 | I13: =+MIN(E13:H13) -> 1389606.6
A14: 11 | C14: MANTENIMIENTO PREVENTIVO DE ECOGRAFO HITACHI | D14: VISITA | E14: 826876.96 | G14: 851377.02 | H14: 612501.45 | I14: =+MIN(E14:H14) -> 612501.45
A15: 12 | C15: MANTENIMIENTO PREVENTIVO ELECTROCARDIOGRAFO MARCA TRISMED | D15: VISITA | E15: 236857.5 | G15: 243875.5 | H15: 175450 | I15: =+MIN(E15:H15) -> 175450
A16: 13 | C16: MANTENIMIENTO PREVENTIVO ELECTROCARDIOGRAFO EDAN | D16: VISITA | E16: 280667.03 | G16: 288983.09 | H16: 207901.51 | I16: =+MIN(E16:H16) -> 207901.51
A17: 14 | C17: MANTENIMIENTO PREVENTIVO DE ELECTROCARDIOGRAFO SHILLER | D17: VISITA | E17: 248292 | F17: 600.000,00 | G17: 255648.8 | H17: 183920 | I17: =+MIN(E17:H17) -> 183920
A18: 15 | C18: MANTENIMIENTO PREVENTIVO EQUIPO DE ORGANOS PORTATIL MARCA WELCH ALLYN | D18: VISITA | E18: 120879 | G18: 124460.6 | H18: 89540 | I18: =+MIN(E18:H18) -> 89540
A19: 16 | C19: MANTENIMIENTO PREVENTIVO EQUIPO DE ORGANOS PORTATIL MARCA RIESTER | D19: VISITA | E19: 120879 | G19: 124460.6 | H19: 89540 | I19: =+MIN(E19:H19) -> 89540
A20: 17 | C20: MANTENIMIENTO PREVENTIVO EQUIPOS DE ORGANOS DE PARED MARCA WELCH ALLYN | D20: VISITA | E20: 148006.66 | G20: 152392.04 | H20: 109634.56 | I20: =+MIN(E20:H20) -> 109634.56
A21: 18 | C21: MANTENIMIENTO PREVENTIVO LARINGOSCOPIOS DE LA MARCA WELCH ALLYN | D21: VISITA | E21: 132405.72 | G21: 136328.85 | H21: 98078.31 | I21: =+MIN(E21:H21) -> 98078.31
A22: 19 | C22: MANTENIMIENTO PREVENTIVO LARINGOSCOPIOS STANDARD, STAINLESS,RUSH Y SIN MARCA | D22: VISITA | E22: 114097.46 | G22: 117478.12 | H22: 84516.64 | I22: =+MIN(E22:H22) -> 84516.64
A23: 20 | C23: MANTENIMIENTO PREVENTIVO DE MARCAPASOS OSYPKA | D23: VISITA | E23: 224438.27 | G23: 231088.29 | H23: 166250.57 | I23: =+MIN(E23:H23) -> 166250.57
A24: 21 | C24: MANTENIMIENTO PREVENTIVO MONITOR DE SIGNOS VITALES MARCA MINDRAY | D24: VISITA | E24: 251559 | G24: 259012.6 | H24: 186340 | I24: =+MIN(E24:H24) -> 186340
A25: 22 | C25: MANTENIMIENTO PREVENTIVO MONITOR DE SIGNOS VITALES MARCA CRITICARE | D25: VISITA | E25: 264627 | G25: 272467.8 | H25: 196020 | I25: =+MIN(E25:H25) -> 196020
A26: 23 | C26: MANTENIMIENTO PREVENTIVO MONITOR DE SIGNOS VITALES EDAN | D26: VISITA | E26: 267469.99 | G26: 275395.02 | H26: 198125.92 | I26: =+MIN(E26:H26) -> 198125.92
A27: 24 | C27: MANTENIMIENTO PREVENTIVO MONITOR DE SIGNOS VITALES NIHON KOHDEN | D27: VISITA | E27: 267469.99 | G27: 275395.02 | H27: 198125.92 | I27: =+MIN(E27:H27) -> 198125.92
A28: 25 | C28: MANTENIMIENTO PREVENTIVO MONITOR MULTIPARÁMETRO MARCA SPACE LABS | D28: VISITA | E28: 263418.94 | G28: 271223.95 | H28: 195125.14 | I28: =+MIN(E28:H28) -> 195125.14
A29: 26 | C29: MANTENIMIENTO PREVENTIVO MONITOR DE SIGNOS VITALES MARCA SPACE LABS | D29: VISITA | E29: 343035 | G29: 353199 | H29: 254100 | I29: =+MIN(E29:H29) -> 254100
... A226: 223 | C226: MANTENIMIENTO PREVENTIVO BANDA TROTADORA MATRIX TREADMILL | D226: VISITA | E226: 295336.8 | G226: 304087.52 | H226: 218768 | I226: =+MIN(E226:H226) -> 218768
A227: 224 | C227: MANTENIMIENTO PREVENTIVO BANDA TROTADORA TRACKMASTER | D227: VISITA | E227: 295336.8 | F227: 1000000 | G227: 304087.52 | H227: 218768 | I227: =+MIN(E227:H227) -> 218768
A228: 225 | C228: MANTENIMIENTO PREVENTIVO DOPPLER FETAL MARCA GMD | D228: VISITA | E228: 150282 | G228: 154734.8 | H228: 111320 | I228: =+MIN(E228:H228) -> 111320
A229: 226 | C229: MANTENIMIENTO PREVENTIVO CASCADA DE LAS MARCAS FISHER & PAYKEL Y MARCA BODY | D229: VISITA | E229: 321799.5 | G229: 331334.3 | H229: 238370 | I229: =+MIN(E229:H229) -> 238370
A230: 227 | C230: MANTENIMIENTO PREVENTIVO ELECTROBISTURÍ MARCA ALAN | D230: VISITA | E230: 261360 | G230: 269104 | H230: 193600 | I230: =+MIN(E230:H230) -> 193600
A231: 228 | C231: MANTENIMIENTO PREVENTIVO TANQUE DE PAQUETES CALIENTES (TANQUE HIDROCOLECTOR) MARCA FISIOTECH | D231: VISITA | E231: 236857.5 | G231: 243875.5 | H231: 175450 | I231: =+MIN(E231:H231) -> 175450
A232: 229 | C232: MANTENIMIENTO PREVENTIVO TANQUE DE PAQUETES FRIOS MARCA FISIOTECH | D232: VISITA | E232: 236857.5 | G232: 243875.5 | H232: 175450 | I232: =+MIN(E232:H232) -> 175450
A233: 230 | C233: MANTENIMIENTO PREVENTIVO TORRE MULTIDISCIPLINAR (MONITOR, FUENTE DE LUZ, CÁMARA DE VIDEO, Y CABEZAL DE CÁMARA ) | D233: VISITA | E233: 11353033 | G233: 11689420 | H233: 8409654.4 | I233: =+MIN(E233:H233) -> 8409654.4
A234: 231 | C234: MANTENIMIENTO PREVENTIVO UNIDAD DE OTORRINOLARINGOLOGÍA BASIC | D234: VISITA | E234: 4471567.7 | G234: 4604058.6 | H234: 3312272.4 | I234: =+MIN(E234:H234) -> 3312272.4
A235: 232 | C235: MANTENIMIENTO PREVENTIVO UNIDAD DE OTORRINOLARINGOLOGÍA SMART | D235: VISITA | E235: 4218283.4 | G235: 4343269.6 | H235: 3124654.4 | I235: =+MIN(E235:H235) -> 3124654.4
A236: 233 | C236: MANTENIMIENTO PREVENTIVO NEVERA MP 155S MARCA DOMETIC | D236: VISITA | E236: 1476705.4 | G236: 1520459.6 | H236: 1093855.8 | I236: =+MIN(E236:H236) -> 1093855.8
A237: 234 | C237: MANTENIMIENTO PREVENTIVO REFRIGERADOR ML370 MARCA DOMETIC | D237: VISITA | E237: 1793396.6 | G237: 1846534.3 | H237: 1328441.9 | I237: =+MIN(E237:H237) -> 1328441.9
A238: 235 | C238: MANTENIMIENTO PREVENTIVO CONGELADOR DFR750 MARCA DOMETIC | D238: VISITA | E238: 2012068.6 | G238: 2071685.5 | H238: 1490421.2 | I238: =+MIN(E238:H238) -> 1490421.2
A239: 236 | C239: MANTENIMIENTO PREVENTIVO CONGELADOR FR110 MARCA DOMETIC | D239: VISITA | E239: 1970575.8 | G239: 2028963.2 | H239: 1459685.8 | I239: =+MIN(E239:H239) -> 1459685.8
... A259: 256 | C259: MANTENIMIENTO PREVENTIVO LASER TERAPEUTICO DE LA MARCA CHATTANOGA | D259: VISITA | E259: 668975 | G259: 798850 | H259: 578954 | I259: =+MIN(E259:H259) -> 578954
A260: ITEM | B260: MANTENIMIENTOS CORRECTIVOS | D260: REPUESTOS | E260: COTIZACION N.1 DKP | F260: COTIZACION N.2 G BARCO | G260: COTIZACION N.3 ICH | H260: COTIZACION N.4 INBIOMECS | I260: menor valor
A261: 257 | B261: BASCULA CON TALLIMETRO DE LA MARCA HEALTH O METER | C261: CAMBIO E INSTALACION TALLIMETRO | D261: ACTIVIDAD | E261: 105097.49 | G261: 108211.49 | H261: 177849.99 | I261: =+MIN(E261:H261) -> 105097.49
A262: 258 | C262: CAMBIO E INSTALACION PLATAFORMA | D262: ACTIVIDAD | E262: 442480.65 | G262: 455591.18 | H262: 327763.44 | I262: =+MIN(E262:H262) -> 327763.44
A263: 259 | C263: CAMBIO E INSTALACIÓN DE CONTRAPESO | D263: ACTIVIDAD | E263: 253667.38 | G263: 261183.45 | H263: 187901.76 | I263: =+MIN(E263:H263) -> 187901.76
A264: 260 | C264: CAMBIO E INSTALACIÓN DE PLOMOS DE CONTRAPESO | D264: ACTIVIDAD | E264: 188223 | G264: 193799.98 | H264: 139424.45 | I264: =+MIN(E264:H264) -> 139424.45
A265: 261 | C265: CAMBIO E INSTALACIÓN ESCALA GRADUADA | D265: ACTIVIDAD | E265: 655881.72 | G265: 675315.25 | H265: 485838.31 | I265: =+MIN(E265:H265) -> 485838.31
A266: 262 | C266: CAMBIO E INSTALACIÓN TAPETE EXTERNO | D266: ACTIVIDAD | E266: 219617.13 | G266: 226124.3 | H266: 162679.36 | I266: =+MIN(E266:H266) -> 162679.36
A267: 263 | C267: CAMBIO E INSTASLACIÓN RESORTES INTERNOS | D267: ACTIVIDAD | E267: 70513.64 | G267: 72602.93 | H267: 52232.32 | I267: =+MIN(E267:H267) -> 52232.32
A268: 264 | C268: CAMBIO E INSTALACIÓN TORNILLO DE AJUSTE | D268: ACTIVIDAD | E268: 52543.26 | G268: 54100.09 | H268: 38920.93 | I268: =+MIN(E268:H268) -> 38920.93
A269: 265 | C269: CAMBIO E INSTALACION BRAZO KILOS/LIBRAS | D269: ACTIVIDAD | E269: 478788.47 | G269: 492974.8 | H269: 354658.13 | I269: =+MIN(E269:H269) -> 354658.13
A270: 266 | C270: CAMBIO E INSTALACION BASE METALICA | D270: ACTIVIDAD | E270: 331023.34 | G270: 340831.44 | H270: 245202.47 | I270: =+MIN(E270:H270) -> 245202.47
A271: 267 | B271: BASCULA CON TALLIMETRO DE LA MARCA NUEVO LEON | C271: CAMBIO E INSTALACION TALLIMETRO | D271: ACTIVIDAD | E271: 105097.68 | G271: 108211.68 | H271: 77850.13 | I271: =+MIN(E271:H271) -> 77850.13
A272: 268 | C272: CAMBIO E INSTALACION PLATAFORMA | D272: ACTIVIDAD | E272: 442480.34 | G272: 455590.87 | H272: 327763.21 | I272: =+MIN(E272:H272) -> 327763.21
A273: 269 | C273: CAMBIO E INSTALACIÓN DE CONTRAPESO | D273: ACTIVIDAD | E273: 253667.89 | G273: 261183.98 | H273: 187902.14 | I273: =+MIN(E273:H273) -> 187902.14
A274: 270 | C274: CAMBIO E INSTALACIÓN DE PLOMOS DE CONTRAPESO | D274: ACTIVIDAD | E274: 188223 | G274: 193799.98 | H274: 139424.45 | I274: =+MIN(E274:H274) -> 139424.45
A275: 271 | C275: CAMBIO E INSTALACIÓN ESCALA GRADUADA | D275: ACTIVIDAD | E275: 655881.72 | G275: 675315.25 | H275: 485838.31 | I275: =+MIN(E275:H275) -> 485838.31
A276: 272 | C276: CAMBIO E INSTALACIÓN TAPETE EXTERNO | D276: ACTIVIDAD | E276: 219617.13 | G276: 226124.3 | H276: 162679.36 | I276: =+MIN(E276:H276) -> 162679.36
A277: 273 | C277: CAMBIO E INSTASLACIÓN RESORTES INTERNOS | D277: ACTIVIDAD | E277: 70513.64 | G277: 72602.93 | H277: 152232.32 | I277: =+MIN(E277:H277) -> 70513.64
A278: 274 | C278: CAMBIO E INSTALACIÓN TORNILLO DE AJUSTE | D278: ACTIVIDAD | E278: 52543.26 | G278: 54100.09 | H278: 238920.93 | I278: =+MIN(E278:H278) -> 52543.26
A279: 275 | C279: CAMBIO E INSTALACION BRAZO KILOS/LIBRAS | D279: ACTIVIDAD | E279: 478788.47 | G279: 492974.8 | H279: 354658.13 | I279: =+MIN(E279:H279) -> 354658.13
A280: 276 | C280: CAMBIO E INSTALACION BASE METALICA | D280: ACTIVIDAD | E280: 331023.34 | G280: 340831.44 | H280: 245202.47 | I280: =+MIN(E280:H280) -> 245202.47
A281: 277 | B281: BASCULA CON TALLIMETRO DE LA MARCA DETECTO | C281: CAMBIO E INSTALACION TALLIMETRO | D281: ACTIVIDAD | E281: 105097.68 | G281: 108211.68 | H281: 177850.13 | I281: =+MIN(E281:H281) -> 105097.68
A282: 278 | C282: CAMBIO E INSTALACION PLATAFORMA | D282: ACTIVIDAD | E282: 442480.34 | G282: 455590.87 | H282: 327763.21 | I282: =+MIN(E282:H282) -> 327763.21
A283: 279 | C283: CAMBIO E INSTALACIÓN DE CONTRAPESO | D283: ACTIVIDAD | E283: 253667.89 | G283: 261183.98 | H283: 187902.14 | I283: =+MIN(E283:H283) -> 187902.14
A284: 280 | C284: CAMBIO E INSTALACIÓN DE PLOMOS DE CONTRAPESO | D284: ACTIVIDAD | E284: 188223 | G284: 193799.98 | H284: 139424.45 | I284: =+MIN(E284:H284) -> 139424.45
A285: 281 | C285: CAMBIO E INSTALACIÓN ESCALA GRADUADA | D285: ACTIVIDAD | E285: 655881.72 | G285: 675315.25 | H285: 485838.31 | I285: =+MIN(E285:H285) -> 485838.31
A286: 282 | C286: CAMBIO E INSTALACIÓN TAPETE EXTERNO | D286: ACTIVIDAD | E286: 219617.13 | G286: 226124.3 | H286: 162679.36 | I286: =+MIN(E286:H286) -> 162679.36
A287: 283 | C287: CAMBIO E INSTASLACIÓN RESORTES INTERNOS | D287: ACTIVIDAD | E287: 70513.64 | G287: 72602.93 | H287: 52232.32 | I287: =+MIN(E287:H287) -> 52232.32
A288: 284 | C288: CAMBIO E INSTALACIÓN TORNILLO DE AJUSTE | D288: ACTIVIDAD | E288: 52543.26 | G288: 54100.09 | H288: 138920.93 | I288: =+MIN(E288:H288) -> 52543.26
A289: 285 | C289: CAMBIO E INSTALACION BRAZO KILOS/LIBRAS | D289: ACTIVIDAD | E289: 478788.47 | G289: 492974.8 | H289: 354658.13 | I289: =+MIN(E289:H289) -> 354658.13
A290: 286 | C290: CAMBIO E INSTALACION BASE METALICA | D290: ACTIVIDAD | E290: 331023.34 | G290: 340831.44 | H290: 245202.47 | I290: =+MIN(E290:H290) -> 245202.47
A291: 287 | B291: BALANZA PESA BEBE MARCA SECA DIGITAL | C291: CAMBIO E INSTALACION TAPA DE BATERIAS | D291: ACTIVIDAD | E291: 75600.11 | G291: 77840.11 | H291: 56000.08 | I291: =+MIN(E291:H291) -> 56000.08
A292: 288 | C292: CAMBIO E INSTALACION CARGADOR DE CORRIENTE | D292: ACTIVIDAD | E292: 297675.42 | G292: 306495.43 | H292: 220500.31 | I292: =+MIN(E292:H292) -> 220500.31
A293: 289 | C293: CAMBIO E INSTALACION DISPLAY DE VISUALIZACION | D293: ACTIVIDAD | E293: 383906.79 | G293: 395281.81 | H293: 284375.4 | I293: =+MIN(E293:H293) -> 284375.4
A294: 290 | C294: CAMBIO E INSTALACION COLCHONETA | D294: ACTIVIDAD | E294: 124031.43 | G294: 127706.43 | H294: 1291875.1 | I294: =+MIN(E294:H294) -> 124031.43
A295: 291 | C295: CAMBIO E INSTALACION PANEL DE CONTROL | D295: ACTIVIDAD | E295: 829238.67 | G295: 853808.71 | H295: 714250.87 | I295: =+MIN(E295:H295) -> 714250.87
A296: 292 | C296: CAMBIO E INSTALACION MAIN BOARD | D296: ACTIVIDAD | E296: 394538.06 | G296: 406228.07 | H296: 972250.41 | I296: =+MIN(E296:H296) -> 394538.06
A297: 293 | C297: CAMBIO E INSTALACION SENSORES DE PESO | D297: ACTIVIDAD | E297: 224437.82 | G297: 231087.83 | H297: 166250.24 | I297: =+MIN(E297:H297) -> 166250.24
A298: 294 | C298: CAMBIO E INSTALACION GALGAS DE PESADO. | D298: ACTIVIDAD | E298: 106312.65 | G298: 109462.65 | H298: 178750.11 | I298: =+MIN(E298:H298) -> 106312.65
A299: 295 | C299: CAMBIO E INSTALACION PLATILLO DE LA BALANZA | D299: ACTIVIDAD | E299: 118125.17 | G299: 121625.17 | H299: 287500.12 | I299: =+MIN(E299:H299) -> 118125.17
A300: 296 | C300: CAMBIO E INSTALACION BATERIAS | D300: ACTIVIDAD | E300: 96852.26 | G300: 99721.96 | H300: 171742.41 | I300: =+MIN(E300:H300) -> 96852.26
A301: 297 | C301: CAMBIO E INSTALACION CARCAZA | D301: ACTIVIDAD | E301: 259875.37 | G301: 267575.38 | H301: 192500.27 | I301: =+MIN(E301:H301) -> 192500.27
A302: 298 | B302: DESFIBRILADOR MARCA MINDRAY | C302: CAMBIO E INSTALACION JUEGO DE PALAS ADULTO. | D302: ACTIVIDAD | E302: 3196061.9 | G302: 3290760 | H302: 2367453.2 | I302: =+MIN(E302:H302) -> 2367453.2
A303: 299 | C303: CAMBIO E INSTALACION JUEGO DE PALAS PEDIATRICAS. | D303: ACTIVIDAD | E303: 3196061.9 | G303: 3290760 | H303: 2367453.2 | I303: =+MIN(E303:H303) -> 2367453.2
A304: 300 | C304: CAMBIO E INSTALACION DISPLAY. | D304: ACTIVIDAD | E304: 1656469.2 | G304: 1705549.8 | H304: 1227014.2 | I304: =+MIN(E304:H304) -> 1227014.2
A305: 301 | C305: CAMBIO E INSTALACION MANDO DE SELECCIÓN DE ENERGIA. | D305: ACTIVIDAD | E305: 706601.12 | G305: 727537.45 | H305: 523408.24 | I305: =+MIN(E305:H305) -> 523408.24
A306: 302 | C306: CAMBIO E INSTALACION IMPRESORA TERMICA. | D306: ACTIVIDAD | E306: 1591876 | G306: 1639042.7 | H306: 1179167.4 | I306: =+MIN(E306:H306) -> 1179167.4
A307: 303 | C307: CAMBIO E INSTALACION TAPA DE IMPRESORA. | D307: ACTIVIDAD | E307: 408985.95 | G307: 421104.05 | H307: 1302952.6 | I307: =+MIN(E307:H307) -> 408985.95
A308: 304 | C308: CAMBIO E INSTALACION CABLE DE 5 ECG DE 5 DERIVADAS. | D308: ACTIVIDAD | E308: 760984.77 | G308: 783532.47 | H308: 763692.42 | I308: =+MIN(E308:H308) -> 760984.77
A309: 305 | C309: CAMBIO E INSTALACION BATERIA RECARGABLE. | D309: ACTIVIDAD | E309: 3728175.6 | G309: 3838640 | H309: 2761611.5 | I309: =+MIN(E309:H309) -> 2761611.5
A310: 306 | C310: CAMBIO E INSTALACION CONECTOR AC. | D310: ACTIVIDAD | E310: 96299.18 | G310: 99152.49 | H310: 371332.73 | I310: =+MIN(E310:H310) -> 96299.18
A311: 307 | C311: CAMBIO E INSTALACION CONECTOR DE ENTRADA DE ECG. | D311: ACTIVIDAD | E311: 179993.22 | G311: 185326.36 | H311: 333328.31 | I311: =+MIN(E311:H311) -> 179993.22
A312: 308 | C312: CAMBIO E INSTALACION PALAS INTERNAS. | D312: ACTIVIDAD | E312: 629922.53 | G312: 648586.91 | H312: 466609.28 | I312: =+MIN(E312:H312) -> 466609.28
A313: 309 | C313: CAMBIO E INSTALACION BOTONES DE MANDO. | D313: ACTIVIDAD | E313: 1714984.9 | G313: 1765799.2 | H313: 1270359.2 | I313: =+MIN(E313:H313) -> 1270359.2
A314: 310 | C314: CAMBIO E INSTALACION CARCAZA DELANTERA. | D314: ACTIVIDAD | E314: 1797142.8 | G314: 1850391.5 | H314: 1331216.9 | I314: =+MIN(E314:H314) -> 1331216.9
... A320: 316 | C320: CAMBIO E INSTALACION SENSOR SPO2 SEGÚN REFERENCIA | D320: ACTIVIDAD | E320: 522720 | G320: 538208 | H320: 387200 | I320: =+MIN(E320:H320) -> 387200
...

Sheet 5.5_x0009_ANÁLISIS DEL VALOR ESTIMADO
A1: 5.5 ANALISIS DEL VALOR ESTIMADO - GRUPO 1
A2: ITEM | C2: ACTIVIDADES DE MANTENIMIENTO PREVENTIVO | D2: CANT | E2: UNIDAD DE MEDIDA | F2: PRECIOS SECOP | G2: PRECIO HISTÓRICO | H2: PRECIO DEL MERCADO | I2: VALOR ESTIMADO | K2: MAXIMO VALOR | L2: MENOR VALOR | M2: DIFERENCIA $ | N2: DIFERENCIA %
A3: 1 | C3: MANTENIMIENTO PREVENTIVO BASCULA CON TALLIMETRO DE LA MARCA HEALTH O METER | D3: UN | E3: VISITA | F3: N/A | G3: =+'5.2. PRECIOS HISTÓRICOS ok'!P3 -> 80768.984 | H3: =+'5.4 PRECIOS DE MERCADO'!I4 -> 97730.47 | I3: =+MIN(G3:H3) -> 80768.984 | K3: =+MAX(G3:H3) -> 97730.47 | L3: =+MIN(G3:H3) -> 80768.984 | M3: =+K3-L3 -> 16961.486 | N3: =+M3/K3 -> 0.17355371
A4: 2 | C4: MANTENIMIENTO PREVENTIVO BASCULA CON TALLIMETRO DE LA MARCA NUEVO LEON | D4: UN | E4: VISITA | F4: N/A | G4: =+'5.2. PRECIOS HISTÓRICOS ok'!P4 -> 80768.984 | H4: =+'5.4 PRECIOS DE MERCADO'!I5 -> 97730.47 | I4: =+MIN(G4:H4) -> 80768.984 | K4: =+MAX(G4:H4) -> 97730.47 | L4: =+MIN(G4:H4) -> 80768.984 | M4: =+K4-L4 -> 16961.486 | N4: =+M4/K4 -> 0.17355371
A5: 3 | C5: MANTENIMIENTO PREVENTIVO BASCULA CON TALLIMETRO DE LA MARCA DETECTO | D5: UN | E5: VISITA | F5: N/A | G5: =+'5.2. PRECIOS HISTÓRICOS ok'!P5 -> 80768.984 | H5: =+'5.4 PRECIOS DE MERCADO'!I6 -> 97730.47 | I5: =+MIN(G5:H5) -> 80768.984 | K5: =+MAX(G5:H5) -> 97730.47 | L5: =+MIN(G5:H5) -> 80768.984 | M5: =+K5-L5 -> 16961.486 | N5: =+M5/K5 -> 0.17355371
A6: 4 | C6: MANTENIMIENTO PREVENTIVO BALANZA PESA BEBE MACA SECA DIGITAL | D6: UN | E6: VISITA | F6: N/A | G6: =+'5.2. PRECIOS HISTÓRICOS ok'!P6 -> 67252.389 | H6: =+'5.4 PRECIOS DE MERCADO'!I7 -> 72600 | I6: =+MIN(G6:H6) -> 67252.389 | K6: =+MAX(G6:H6) -> 72600 | L6: =+MIN(G6:H6) -> 67252.389 | M6: =+K6-L6 -> 5347.6114 | N6: =+M6/K6 -> 0.07365856
A7: 5 | C7: MANTENIMIENTO PREVENTIVO DESFIBRILADOR MARCA MINDRAY | D7: UN | E7: VISITA | F7: N/A | G7: =+'5.2. PRECIOS HISTÓRICOS ok'!P7 -> 172663.04 | H7: =+'5.4 PRECIOS DE MERCADO'!I8 -> 208922.28 | I7: =+MIN(G7:H7) -> 172663.04 | K7: =+MAX(G7:H7) -> 208922.28 | L7: =+MIN(G7:H7) -> 172663.04 | M7: =+K7-L7 -> 36259.241 | N7: =+M7/K7 -> 0.17355373
A8: 6 | C8: MANTENIMIENTO PREVENTIVO DESFIBRILADOR MARCA GENERAL ELECTRIC | D8: UN | E8: VISITA | F8: N/A | G8: =+'5.2. PRECIOS HISTÓRICOS ok'!P8 -> 172663.04 | H8: =+'5.4 PRECIOS DE MERCADO'!I9 -> 179080 | I8: =+MIN(G8:H8) -> 172663.04 | K8: =+MAX(G8:H8) -> 179080 | L8: =+MIN(G8:H8) -> 172663.04 | M8: =+K8-L8 -> 6416.9611 | N8: =+M8/K8 -> 0.03583293
A9: 7 | C9: MANTENIMIENTO PREVENTIVO DESFIBRILADOR DEA SAMARITAN | D9: UN | E9: VISITA | F9: N/A | G9: =+'5.2. PRECIOS HISTÓRICOS ok'!P9 -> 206767.98 | H9: =+'5.4 PRECIOS DE MERCADO'!I10 -> 181500 | I9: =+MIN(G9:H9) -> 181500 | K9: =+MAX(G9:H9) -> 206767.98 | L9: =+MIN(G9:H9) -> 181500 | M9: =+K9-L9 -> 25267.981 | N9: =+M9/K9 -> 0.12220451
A10: 8 | C10: MANTENIMIENTO PREVENTIVO DOPPLER FETAL MARCA HUNTLEIGH | D10: UN | E10: VISITA | F10: N/A | G10: =+'5.2. PRECIOS HISTÓRICOS ok'!P10 -> 100936.08 | H10: =+'5.4 PRECIOS DE MERCADO'!I11 -> 111320 | I10: =+MIN(G10:H10) -> 100936.08 | K10: =+MAX(G10:H10) -> 111320 | L10: =+MIN(G10:H10) -> 100936.08 | M10: =+K10-L10 -> 10383.923 | N10: =+M10/K10 -> 0.093279943
A11: 9 | C11: MANTENIMIENTO PREVENTIVO ECOGRAFO ALOKA | D11: UN | E11: VISITA | F11: N/A | G11: =+'5.2. PRECIOS HISTÓRICOS ok'!P11 -> 462810.45 | H11: =+'5.4 PRECIOS DE MERCADO'!I12 -> 560000.64 | I11: =+MIN(G11:H11) -> 462810.45 | K11: =+MAX(G11:H11) -> 560000.64 | L11: =+MIN(G11:H11) -> 462810.45 | M11: =+K11-L11 -> 97190.192 | N11: =+M11/K11 -> 0.17355372
A12: 10 | C12: MANTENIMIENTO PREVENTIVO ECOGRAFO MARCA PHILIPS | D12: UN | E12: VISITA | F12: N/A | G12: =+'5.2. PRECIOS HISTÓRICOS ok'!P12 -> 1148435.2 | H12: =+'5.4 PRECIOS DE MERCADO'!I13 -> 1389606.6 | I12: =+MIN(G12:H12) -> 1148435.2 | K12: =+MAX(G12:H12) -> 1389606.6 | L12: =+MIN(G12:H12) -> 1148435.2 | M12: =+K12-L12 -> 241171.4 | N12: =+M12/K12 -> 0.17355372
A13: 11 | C13: MANTENIMIENTO PREVENTIVO DE ECOGRAFO HITACHI | D13: UN | E13: VISITA | F13: N/A | G13: =+'5.2. PRECIOS HISTÓRICOS ok'!P13 -> 506199.55 | H13: =+'5.4 PRECIOS DE MERCADO'!I14 -> 612501.45 | I13: =+MIN(G13:H13) -> 506199.55 | K13: =+MAX(G13:H13) -> 612501.45 | L13: =+MIN(G13:H13) -> 506199.55 | M13: =+K13-L13 -> 106301.9 | N13: =+M13/K13 -> 0.17355371
A14: 12 | C14: MANTENIMIENTO PREVENTIVO ELECTROCARDIOGRAFO MARCA TRISMED | D14: UN | E14: VISITA | F14: N/A | G14: =+'5.2. PRECIOS HISTÓRICOS ok'!P14 -> 159064.62 | H14: =+'5.4 PRECIOS DE MERCADO'!I15 -> 175450 | I14: =+MIN(G14:H14) -> 159064.62 | K14: =+MAX(G14:H14) -> 175450 | L14: =+MIN(G14:H14) -> 159064.62 | M14: =+K14-L14 -> 16385.375 | N14: =+M14/K14 -> 0.093390567
... A258: 256 | C258: MANTENIMIENTO PREVENTIVO LASER TERAPEUTICO DE LA MARCA CHATTANOGA | D258: UN | E258: VISITA | F258: N/A | G258: =+'5.2. PRECIOS HISTÓRICOS ok'!P258 -> NO SE CONTRATO | H258: =+'5.4 PRECIOS DE MERCADO'!I259 -> 578954 | I258: =+MIN(G258:H258) -> 578954 | K258: =+MAX(G258:H258) -> 578954 | L258: =+MIN(G258:H258) -> 578954 | M258: =+K258-L258 -> 0 | N258: =+M258/K258 -> 0
A259: MANTENIMIENTOS CORRECTIVOS | D259: UNIDAD DE MEDIDA | F259: PRECIOS SECOP | G259: PRECIO HISTÓRICO | H259: PRECIO DEL MERCADO | I259: VALOR ESTIMADO | K259: MAXIMO VALOR | L259: MENOR VALOR | M259: DIFERENCIA $ | N259: DIFERENCIA %
A260: 257 | B260: BASCULA CON TALLIMETRO DE LA MARCA HEALTH O METER | C260: CAMBIO E INSTALACION TALLIMETRO | D260: ACTIVIDAD | F260: N/A | G260: =+'5.2. PRECIOS HISTÓRICOS ok'!P259 -> 64338.835 | H260: =+'5.4 PRECIOS DE MERCADO'!I261 -> 105097.49 | I260: =+MIN(G260:H260) -> 64338.835 | K260: =+MAX(G260:H260) -> 105097.49 | L260: =+MIN(G260:H260) -> 64338.835 | M260: =+K260-L260 -> 40758.655 | N260: =+M260/K260 -> 0.38781759
A261: 258 | C261: CAMBIO E INSTALACION PLATAFORMA | D261: ACTIVIDAD | F261: N/A | G261: =+'5.2. PRECIOS HISTÓRICOS ok'!P260 -> 270878.88 | H261: =+'5.4 PRECIOS DE MERCADO'!I262 -> 327763.44 | I261: =+MIN(G261:H261) -> 270878.88 | K261: =+MAX(G261:H261) -> 327763.44 | L261: =+MIN(G261:H261) -> 270878.88 | M261: =+K261-L261 -> 56884.563 | N261: =+M261/K261 -> 0.17355372
A262: 259 | C262: CAMBIO E INSTALACIÓN DE CONTRAPESO | D262: ACTIVIDAD | F262: N/A | G262: =+'5.2. PRECIOS HISTÓRICOS ok'!P261 -> 155290.71 | H262: =+'5.4 PRECIOS DE MERCADO'!I263 -> 187901.76 | I262: =+MIN(G262:H262) -> 155290.71 | K262: =+MAX(G262:H262) -> 187901.76 | L262: =+MIN(G262:H262) -> 155290.71 | M262: =+K262-L262 -> 32611.046 | N262: =+M262/K262 -> 0.1735537
A263: 260 | C263: CAMBIO E INSTALACIÓN DE PLOMOS DE CONTRAPESO | D263: ACTIVIDAD | F263: N/A | G263: =+'5.2. PRECIOS HISTÓRICOS ok'!P262 -> 115226.82 | H263: =+'5.4 PRECIOS DE MERCADO'!I264 -> 139424.45 | I263: =+MIN(G263:H263) -> 115226.82 | K263: =+MAX(G263:H263) -> 139424.45 | L263: =+MIN(G263:H263) -> 115226.82 | M263: =+K263-L263 -> 24197.634 | N263: =+M263/K263 -> 0.17355374
A264: 261 | C264: CAMBIO E INSTALACIÓN ESCALA GRADUADA | D264: ACTIVIDAD | F264: N/A | G264: =+'5.2. PRECIOS HISTÓRICOS ok'!P263 -> 401519.27 | H264: =+'5.4 PRECIOS DE MERCADO'!I265 -> 485838.31 | I264: =+MIN(G264:H264) -> 401519.27 | K264: =+MAX(G264:H264) -> 485838.31 | L264: =+MIN(G264:H264) -> 401519.27 | M264: =+K264-L264 -> 84319.044 | N264: =+M264/K264 -> 0.17355372
A265: 262 | C265: CAMBIO E INSTALACIÓN TAPETE EXTERNO | D265: ACTIVIDAD | F265: N/A | G265: =+'5.2. PRECIOS HISTÓRICOS ok'!P264 -> 134445.75 | H265: =+'5.4 PRECIOS DE MERCADO'!I266 -> 162679.36 | I265: =+MIN(G265:H265) -> 134445.75 | K265: =+MAX(G265:H265) -> 162679.36 | L265: =+MIN(G265:H265) -> 134445.75 | M265: =+K265-L265 -> 28233.612 | N265: =+M265/K265 -> 0.17355374
A266: 263 | C266: CAMBIO E INSTASLACIÓN RESORTES INTERNOS | D266: ACTIVIDAD | F266: N/A | G266: =+'5.2. PRECIOS HISTÓRICOS ok'!P265 -> 43167.21 | H266: =+'5.4 PRECIOS DE MERCADO'!I267 -> 52232.32 | I266: =+MIN(G266:H266) -> 43167.21 | K266: =+MAX(G266:H266) -> 52232.32 | L266: =+MIN(G266:H266) -> 43167.21 | M266: =+K266-L266 -> 9065.1102 | N266: =+M266/K266 -> 0.17355366
A267: 264 | C267: CAMBIO E INSTALACIÓN TORNILLO DE AJUSTE | D267: ACTIVIDAD | F267: N/A | G267: =+'5.2. PRECIOS HISTÓRICOS ok'!P266 -> 32166.058 | H267: =+'5.4 PRECIOS DE MERCADO'!I268 -> 38920.93 | I267: =+MIN(G267:H267) -> 32166.058 | K267: =+MAX(G267:H267) -> 38920.93 | L267: =+MIN(G267:H267) -> 32166.058 | M267: =+K267-L267 -> 6754.8721 | N267: =+M267/K267 -> 0.17355372
A268: 265 | C268: CAMBIO E INSTALACION BRAZO KILOS/LIBRAS | D268: ACTIVIDAD | F268: N/A | G268: =+'5.2. PRECIOS HISTÓRICOS ok'!P267 -> 293105.89 | H268: =+'5.4 PRECIOS DE MERCADO'!I269 -> 354658.13 | I268: =+MIN(G268:H268) -> 293105.89 | K268: =+MAX(G268:H268) -> 354658.13 | L268: =+MIN(G268:H268) -> 293105.89 | M268: =+K268-L268 -> 61552.24 | N268: =+M268/K268 -> 0.17355373
A269: 266 | C269: CAMBIO E INSTALACION BASE METALICA | D269: ACTIVIDAD | F269: N/A | G269: =+'5.2. PRECIOS HISTÓRICOS ok'!P268 -> 202646.67 | H269: =+'5.4 PRECIOS DE MERCADO'!I270 -> 245202.47 | I269: =+MIN(G269:H269) -> 202646.67 | K269: =+MAX(G269:H269) -> 245202.47 | L269: =+MIN(G269:H269) -> 202646.67 | M269: =+K269-L269 -> 42555.799 | N269: =+M269/K269 -> 0.17355371
A270: 267 | B270: BASCULA CON TALLIMETRO DE LA MARCA NUEVO LEON | C270: CAMBIO E INSTALACION TALLIMETRO | D270: ACTIVIDAD | F270: N/A | G270: =+'5.2. PRECIOS HISTÓRICOS ok'!P269 -> 64338.95 | H270: =+'5.4 PRECIOS DE MERCADO'!I271 -> 77850.13 | I270: =+MIN(G270:H270) -> 64338.95 | K270: =+MAX(G270:H270) -> 77850.13 | L270: =+MIN(G270:H270) -> 64338.95 | M270: =+K270-L270 -> 13511.18 | N270: =+M270/K270 -> 0.17355372
A271: 268 | C271: CAMBIO E INSTALACION PLATAFORMA | D271: ACTIVIDAD | F271: N/A | G271: =+'5.2. PRECIOS HISTÓRICOS ok'!P270 -> 270878.69 | H271: =+'5.4 PRECIOS DE MERCADO'!I272 -> 327763.21 | I271: =+MIN(G271:H271) -> 270878.69 | K271: =+MAX(G271:H271) -> 327763.21 | L271: =+MIN(G271:H271) -> 270878.69 | M271: =+K271-L271 -> 56884.521 | N271: =+M271/K271 -> 0.17355371
A272: 269 | C272: CAMBIO E INSTALACIÓN DE CONTRAPESO | D272: ACTIVIDAD | F272: N/A | G272: =+'5.2. PRECIOS HISTÓRICOS ok'!P271 -> 155291.03 | H272: =+'5.4 PRECIOS DE MERCADO'!I273 -> 187902.14 | I272: =+MIN(G272:H272) -> 155291.03 | K272: =+MAX(G272:H272) -> 187902.14 | L272: =+MIN(G272:H272) -> 155291.03 | M272: =+K272-L272 -> 32611.115 | N272: =+M272/K272 -> 0.17355372
A273: 270 | C273: CAMBIO E INSTALACIÓN DE PLOMOS DE CONTRAPESO | D273: ACTIVIDAD | F273: N/A | G273: =+'5.2. PRECIOS HISTÓRICOS ok'!P272 -> 115226.82 | H273: =+'5.4 PRECIOS DE MERCADO'!I274 -> 139424.45 | I273: =+MIN(G273:H273) -> 115226.82 | K273: =+MAX(G273:H273) -> 139424.45 | L273: =+MIN(G273:H273) -> 115226.82 | M273: =+K273-L273 -> 24197.634 | N273: =+M273/K273 -> 0.17355374
A274: 271 | C274: CAMBIO E INSTALACIÓN ESCALA GRADUADA | D274: ACTIVIDAD | F274: N/A | G274: =+'5.2. PRECIOS HISTÓRICOS ok'!P273 -> 401519.27 | H274: =+'5.4 PRECIOS DE MERCADO'!I275 -> 485838.31 | I274: =+MIN(G274:H274) -> 401519.27 | K274: =+MAX(G274:H274) -> 485838.31 | L274: =+MIN(G274:H274) -> 401519.27 | M274: =+K274-L274 -> 84319.044 | N274: =+M274/K274 -> 0.17355372
A275: 272 | C275: CAMBIO E INSTALACIÓN TAPETE EXTERNO | D275: ACTIVIDAD | F275: N/A | G275: =+'5.2. PRECIOS HISTÓRICOS ok'!P274 -> 134445.75 | H275: =+'5.4 PRECIOS DE MERCADO'!I276 -> 162679.36 | I275: =+MIN(G275:H275) -> 134445.75 | K275: =+MAX(G275:H275) -> 162679.36 | L275: =+MIN(G275:H275) -> 134445.75 | M275: =+K275-L275 -> 28233.612 | N275: =+M275/K275 -> 0.17355374
A276: 273 | C276: CAMBIO E INSTASLACIÓN RESORTES INTERNOS | D276: ACTIVIDAD | F276: N/A | G276: =+'5.2. PRECIOS HISTÓRICOS ok'!P275 -> 43167.21 | H276: =+'5.4 PRECIOS DE MERCADO'!I277 -> 70513.64 | I276: =+MIN(G276:H276) -> 43167.21 | K276: =+MAX(G276:H276) -> 70513.64 | L276: =+MIN(G276:H276) -> 43167.21 | M276: =+K276-L276 -> 27346.43 | N276: =+M276/K276 -> 0.38781759
A277: 274 | C277: CAMBIO E INSTALACIÓN TORNILLO DE AJUSTE | D277: ACTIVIDAD | F277: N/A | G277: =+'5.2. PRECIOS HISTÓRICOS ok'!P276 -> 32166.058 | H277: =+'5.4 PRECIOS DE MERCADO'!I278 -> 52543.26 | I277: =+MIN(G277:H277) -> 32166.058 | K277: =+MAX(G277:H277) -> 52543.26 | L277: =+MIN(G277:H277) -> 32166.058 | M277: =+K277-L277 -> 20377.202 | N277: =+M277/K277 -> 0.38781762
A278: 275 | C278: CAMBIO E INSTALACION BRAZO KILOS/LIBRAS | D278: ACTIVIDAD | F278: N/A | G278: =+'5.2. PRECIOS HISTÓRICOS ok'!P277 -> 293105.89 | H278: =+'5.4 PRECIOS DE MERCADO'!I279 -> 354658.13 | I278: =+MIN(G278:H278) -> 293105.89 | K278: =+MAX(G278:H278) -> 354658.13 | L278: =+MIN(G278:H278) -> 293105.89 | M278: =+K278-L278 -> 61552.24 | N278: =+M278/K278 -> 0.17355373
A279: 276 | C279: CAMBIO E INSTALACION BASE METALICA | D279: ACTIVIDAD | F279: N/A | G279: =+'5.2. PRECIOS HISTÓRICOS ok'!P278 -> 202646.67 | H279: =+'5.4 PRECIOS DE MERCADO'!I280 -> 245202.47 | I279: =+MIN(G279:H279) -> 202646.67 | K279: =+MAX(G279:H279) -> 245202.47 | L279: =+MIN(G279:H279) -> 202646.67 | M279: =+K279-L279 -> 42555.799 | N279: =+M279/K279 -> 0.17355371
A280: 277 | B280: BASCULA CON TALLIMETRO DE LA MARCA DETECTO | C280: CAMBIO E INSTALACION TALLIMETRO | D280: ACTIVIDAD | F280: N/A | G280: =+'5.2. PRECIOS HISTÓRICOS ok'!P279 -> 64338.95 | H280: =+'5.4 PRECIOS DE MERCADO'!I281 -> 105097.68 | I280: =+MIN(G280:H280) -> 64338.95 | K280: =+MAX(G280:H280) -> 105097.68 | L280: =+MIN(G280:H280) -> 64338.95 | M280: =+K280-L280 -> 40758.73 | N280: =+M280/K280 -> 0.3878176
A281: 278 | C281: CAMBIO E INSTALACION PLATAFORMA | D281: ACTIVIDAD | F281: N/A | G281: =+'5.2. PRECIOS HISTÓRICOS ok'!P280 -> 270878.69 | H281: =+'5.4 PRECIOS DE MERCADO'!I282 -> 327763.21 | I281: =+MIN(G281:H281) -> 270878.69 | K281: =+MAX(G281:H281) -> 327763.21 | L281: =+MIN(G281:H281) -> 270878.69 | M281: =+K281-L281 -> 56884.521 | N281: =+M281/K281 -> 0.17355371
A282: 279 | C282: CAMBIO E INSTALACIÓN DE CONTRAPESO | D282: ACTIVIDAD | F282: N/A | G282: =+'5.2. PRECIOS HISTÓRICOS ok'!P281 -> 155291.03 | H282: =+'5.4 PRECIOS DE MERCADO'!I283 -> 187902.14 | I282: =+MIN(G282:H282) -> 155291.03 | K282: =+MAX(G282:H282) -> 187902.14 | L282: =+MIN(G282:H282) -> 155291.03 | M282: =+K282-L282 -> 32611.115 | N282: =+M282/K282 -> 0.17355372
A283: 280 | C283: CAMBIO E INSTALACIÓN DE PLOMOS DE CONTRAPESO | D283: ACTIVIDAD | F283: N/A | G283: =+'5.2. PRECIOS HISTÓRICOS ok'!P282 -> 115226.82 | H283: =+'5.4 PRECIOS DE MERCADO'!I284 -> 139424.45 | I283: =+MIN(G283:H283) -> 115226.82 | K283: =+MAX(G283:H283) -> 139424.45 | L283: =+MIN(G283:H283) -> 115226.82 | M283: =+K283-L283 -> 24197.634 | N283: =+M283/K283 -> 0.17355374
A284: 281 | C284: CAMBIO E INSTALACIÓN ESCALA GRADUADA | D284: ACTIVIDAD | F284: N/A | G284: =+'5.2. PRECIOS HISTÓRICOS ok'!P283 -> 401519.27 | H284: =+'5.4 PRECIOS DE MERCADO'!I285 -> 485838.31 | I284: =+MIN(G284:H284) -> 401519.27 | K284: =+MAX(G284:H284) -> 485838.31 | L284: =+MIN(G284:H284) -> 401519.27 | M284: =+K284-L284 -> 84319.044 | N284: =+M284/K284 -> 0.17355372
A285: 282 | C285: CAMBIO E INSTALACIÓN TAPETE EXTERNO | D285: ACTIVIDAD | F285: N/A | G285: =+'5.2. PRECIOS HISTÓRICOS ok'!P284 -> 134445.75 | H285: =+'5.4 PRECIOS DE MERCADO'!I286 -> 162679.36 | I285: =+MIN(G285:H285) -> 134445.75 | K285: =+MAX(G285:H285) -> 162679.36 | L285: =+MIN(G285:H285) -> 134445.75 | M285: =+K285-L285 -> 28233.612 | N285: =+M285/K285 -> 0.17355374
A286: 283 | C286: CAMBIO E INSTASLACIÓN RESORTES INTERNOS | D286: ACTIVIDAD | F286: N/A | G286: =+'5.2. PRECIOS HISTÓRICOS ok'!P285 -> 43167.21 | H286: =+'5.4 PRECIOS DE MERCADO'!I287 -> 52232.32 | I286: =+MIN(G286:H286) -> 43167.21 | K286: =+MAX(G286:H286) -> 52232.32 | L286: =+MIN(G286:H286) -> 43167.21 | M286: =+K286-L286 -> 9065.1102 | N286: =+M286/K286 -> 0.17355366
A287: 284 | C287: CAMBIO E INSTALACIÓN TORNILLO DE AJUSTE | D287: ACTIVIDAD | F287: N/A | G287: =+'5.2. PRECIOS HISTÓRICOS ok'!P286 -> 32166.058 | H287: =+'5.4 PRECIOS DE MERCADO'!I288 -> 52543.26 | I287: =+MIN(G287:H287) -> 32166.058 | K287: =+MAX(G287:H287) -> 52543.26 | L287: =+MIN(G287:H287) -> 32166.058 | M287: =+K287-L287 -> 20377.202 | N287: =+M287/K287 -> 0.38781762
A288: 285 | C288: CAMBIO E INSTALACION BRAZO KILOS/LIBRAS | D288: ACTIVIDAD | F288: N/A | G288: =+'5.2. PRECIOS HISTÓRICOS ok'!P287 -> 293105.89 | H288: =+'5.4 PRECIOS DE MERCADO'!I289 -> 354658.13 | I288: =+MIN(G288:H288) -> 293105.89 | K288: =+MAX(G288:H288) -> 354658.13 | L288: =+MIN(G288:H288) -> 293105.89 | M288: =+K288-L288 -> 61552.24 | N288: =+M288/K288 -> 0.17355373
A289: 286 | C289: CAMBIO E INSTALACION BASE METALICA | D289: ACTIVIDAD | F289: N/A | G289: =+'5.2. PRECIOS HISTÓRICOS ok'!P288 -> 202646.67 | H289: =+'5.4 PRECIOS DE MERCADO'!I290 -> 245202.47 | I289: =+MIN(G289:H289) -> 202646.67 | K289: =+MAX(G289:H289) -> 245202.47 | L289: =+MIN(G289:H289) -> 202646.67 | M289: =+K289-L289 -> 42555.799 | N289: =+M289/K289 -> 0.17355371
A290: 287 | B290: BALANZA PESA BEBE MARCA SECA DIGITAL | C290: CAMBIO E INSTALACION TAPA DE BATERIAS | D290: ACTIVIDAD | F290: N/A | G290: =+'5.2. PRECIOS HISTÓRICOS ok'!P289 -> 46281.057 | H290: =+'5.4 PRECIOS DE MERCADO'!I291 -> 56000.08 | I290: =+MIN(G290:H290) -> 46281.057 | K290: =+MAX(G290:H290) -> 56000.08 | L290: =+MIN(G290:H290) -> 46281.057 | M290: =+K290-L290 -> 9719.0228 | N290: =+M290/K290 -> 0.17355373
A291: 288 | C291: CAMBIO E INSTALACION CARGADOR DE CORRIENTE | D291: ACTIVIDAD | F291: N/A | G291: =+'5.2. PRECIOS HISTÓRICOS ok'!P290 -> 182231.66 | H291: =+'5.4 PRECIOS DE MERCADO'!I292 -> 220500.31 | I291: =+MIN(G291:H291) -> 182231.66 | K291: =+MAX(G291:H291) -> 220500.31 | L291: =+MIN(G291:H291) -> 182231.66 | M291: =+K291-L291 -> 38268.647 | N291: =+M291/K291 -> 0.17355371
A292: 289 | C292: CAMBIO E INSTALACION DISPLAY DE VISUALIZACION | D292: ACTIVIDAD | F292: N/A | G292: =+'5.2. PRECIOS HISTÓRICOS ok'!P291 -> 235020.99 | H292: =+'5.4 PRECIOS DE MERCADO'!I293 -> 284375.4 | I292: =+MIN(G292:H292) -> 235020.99 | K292: =+MAX(G292:H292) -> 284375.4 | L292: =+MIN(G292:H292) -> 235020.99 | M292: =+K292-L292 -> 49354.406 | N292: =+M292/K292 -> 0.17355371
A293: 290 | C293: CAMBIO E INSTALACION COLCHONETA | D293: ACTIVIDAD | F293: N/A | G293: =+'5.2. PRECIOS HISTÓRICOS ok'!P292 -> 75929.859 | H293: =+'5.4 PRECIOS DE MERCADO'!I294 -> 124031.43 | I293: =+MIN(G293:H293) -> 75929.859 | K293: =+MAX(G293:H293) -> 124031.43 | L293: =+MIN(G293:H293) -> 75929.859 | M293: =+K293-L293 -> 48101.571 | N293: =+M293/K293 -> 0.38781759
A294: 291 | C294: CAMBIO E INSTALACION PANEL DE CONTROL | D294: ACTIVIDAD | F294: N/A | G294: =+'5.2. PRECIOS HISTÓRICOS ok'!P293 -> 507645.35 | H294: =+'5.4 PRECIOS DE MERCADO'!I295 -> 714250.87 | I294: =+MIN(G294:H294) -> 507645.35 | K294: =+MAX(G294:H294) -> 714250.87 | L294: =+MIN(G294:H294) -> 507645.35 | M294: =+K294-L294 -> 206605.52 | N294: =+M294/K294 -> 0.28926184
A295: 292 | C295: CAMBIO E INSTALACION MAIN BOARD | D295: ACTIVIDAD | F295: N/A | G295: =+'5.2. PRECIOS HISTÓRICOS ok'!P294 -> 241529.27 | H295: =+'5.4 PRECIOS DE MERCADO'!I296 -> 394538.06 | I295: =+MIN(G295:H295) -> 241529.27 | K295: =+MAX(G295:H295) -> 394538.06 | L295: =+MIN(G295:H295) -> 241529.27 | M295: =+K295-L295 -> 153008.79 | N295: =+M295/K295 -> 0.38781757
A296: 293 | C296: CAMBIO E INSTALACION SENSORES DE PESO | D296: ACTIVIDAD | F296: N/A | G296: =+'5.2. PRECIOS HISTÓRICOS ok'!P295 -> 137396.89 | H296: =+'5.4 PRECIOS DE MERCADO'!I297 -> 166250.24 | I296: =+MIN(G296:H296) -> 137396.89 | K296: =+MAX(G296:H296) -> 166250.24 | L296: =+MIN(G296:H296) -> 137396.89 | M296: =+K296-L296 -> 28853.351 | N296: =+M296/K296 -> 0.17355374
A297: 294 | C297: CAMBIO E INSTALACION GALGAS DE PESADO. | D297: ACTIVIDAD | F297: N/A | G297: =+'5.2. PRECIOS HISTÓRICOS ok'!P296 -> 65082.737 | H297: =+'5.4 PRECIOS DE MERCADO'!I298 -> 106312.65 | I297: =+MIN(G297:H297) -> 65082.737 | K297: =+MAX(G297:H297) -> 106312.65 | L297: =+MIN(G297:H297) -> 65082.737 | M297: =+K297-L297 -> 41229.913 | N297: =+M297/K297 -> 0.38781757
A298: 295 | C298: CAMBIO E INSTALACION PLATILLO DE LA BALANZA | D298: ACTIVIDAD | F298: N/A | G298: =+'5.2. PRECIOS HISTÓRICOS ok'!P297 -> 72314.152 | H298: =+'5.4 PRECIOS DE MERCADO'!I299 -> 118125.17 | I298: =+MIN(G298:H298) -> 72314.152 | K298: =+MAX(G298:H298) -> 118125.17 | L298: =+MIN(G298:H298) -> 72314.152 | M298: =+K298-L298 -> 45811.018 | N298: =+M298/K298 -> 0.38781758
A299: 296 | C299: CAMBIO E INSTALACION BATERIAS | D299: ACTIVIDAD | F299: N/A | G299: =+'5.2. PRECIOS HISTÓRICOS ok'!P298 -> 59291.252 | H299: =+'5.4 PRECIOS DE MERCADO'!I300 -> 96852.26 | I299: =+MIN(G299:H299) -> 59291.252 | K299: =+MAX(G299:H299) -> 96852.26 | L299: =+MIN(G299:H299) -> 59291.252 | M299: =+K299-L299 -> 37561.008 | N299: =+M299/K299 -> 0.38781757
A300: 297 | C300: CAMBIO E INSTALACION CARCAZA | D300: ACTIVIDAD | F300: N/A | G300: =+'5.2. PRECIOS HISTÓRICOS ok'!P299 -> 159091.13 | H300: =+'5.4 PRECIOS DE MERCADO'!I301 -> 192500.27 | I300: =+MIN(G300:H300) -> 159091.13 | K300: =+MAX(G300:H300) -> 192500.27 | L300: =+MIN(G300:H300) -> 159091.13 | M300: =+K300-L300 -> 33409.136 | N300: =+M300/K300 -> 0.17355371
A301: 298 | B301: DESFIBRILADOR MARCA MINDRAY | C301: CAMBIO E INSTALACION JUEGO DE PALAS ADULTO. | D301: ACTIVIDAD | F301: N/A | G301: =+'5.2. PRECIOS HISTÓRICOS ok'!P300 -> 1956572.9 | H301: =+'5.4 PRECIOS DE MERCADO'!I302 -> 2367453.2 | I301: =+MIN(G301:H301) -> 1956572.9 | K301: =+MAX(G301:H301) -> 2367453.2 | L301: =+MIN(G301:H301) -> 1956572.9 | M301: =+K301-L301 -> 410880.32 | N301: =+M301/K301 -> 0.17355372
A302: 299 | C302: CAMBIO E INSTALACION JUEGO DE PALAS PEDIATRICAS. | D302: ACTIVIDAD | F302: N/A | G302: =+'5.2. PRECIOS HISTÓRICOS ok'!P301 -> 1956572.9 | H302: =+'5.4 PRECIOS DE MERCADO'!I303 -> 2367453.2 | I302: =+MIN(G302:H302) -> 1956572.9 | K302: =+MAX(G302:H302) -> 2367453.2 | L302: =+MIN(G302:H302) -> 1956572.9 | M302: =+K302-L302 -> 410880.32 | N302: =+M302/K302 -> 0.17355372
A303: 300 | C303: CAMBIO E INSTALACION DISPLAY. | D303: ACTIVIDAD | F303: N/A | G303: =+'5.2. PRECIOS HISTÓRICOS ok'!P302 -> 1014061.4 | H303: =+'5.4 PRECIOS DE MERCADO'!I304 -> 1227014.2 | I303: =+MIN(G303:H303) -> 1014061.4 | K303: =+MAX(G303:H303) -> 1227014.2 | L303: =+MIN(G303:H303) -> 1014061.4 | M303: =+K303-L303 -> 212952.89 | N303: =+M303/K303 -> 0.17355372
A304: 301 | C304: CAMBIO E INSTALACION MANDO DE SELECCIÓN DE ENERGIA. | D304: ACTIVIDAD | F304: N/A | G304: =+'5.2. PRECIOS HISTÓRICOS ok'!P303 -> 432568.79 | H304: =+'5.4 PRECIOS DE MERCADO'!I305 -> 523408.24 | I304: =+MIN(G304:H304) -> 432568.79 | K304: =+MAX(G304:H304) -> 523408.24 | L304: =+MIN(G304:H304) -> 432568.79 | M304: =+K304-L304 -> 90839.446 | N304: =+M304/K304 -> 0.17355372
A305: 302 | C305: CAMBIO E INSTALACION IMPRESORA TERMICA. | D305: ACTIVIDAD | F305: N/A | G305: =+'5.2. PRECIOS HISTÓRICOS ok'!P304 -> 974518.53 | H305: =+'5.4 PRECIOS DE MERCADO'!I306 -> 1179167.4 | I305: =+MIN(G305:H305) -> 974518.53 | K305: =+MAX(G305:H305) -> 1179167.4 | L305: =+MIN(G305:H305) -> 974518.53 | M305: =+K305-L305 -> 204648.89 | N305: =+M305/K305 -> 0.17355372
A306: 303 | C306: CAMBIO E INSTALACION TAPA DE IMPRESORA. | D306: ACTIVIDAD | F306: N/A | G306: =+'5.2. PRECIOS HISTÓRICOS ok'!P305 -> 250374.01 | H306: =+'5.4 PRECIOS DE MERCADO'!I307 -> 408985.95 | I306: =+MIN(G306:H306) -> 250374.01 | K306: =+MAX(G306:H306) -> 408985.95 | L306: =+MIN(G306:H306) -> 250374.01 | M306: =+K306-L306 -> 158611.94 | N306: =+M306/K306 -> 0.38781757
A307: 304 | C307: CAMBIO E INSTALACION CABLE DE 5 ECG DE 5 DERIVADAS. | D307: ACTIVIDAD | F307: N/A | G307: =+'5.2. PRECIOS HISTÓRICOS ok'!P306 -> 465861.51 | H307: =+'5.4 PRECIOS DE MERCADO'!I308 -> 760984.77 | I307: =+MIN(G307:H307) -> 465861.51 | K307: =+MAX(G307:H307) -> 760984.77 | L307: =+MIN(G307:H307) -> 465861.51 | M307: =+K307-L307 -> 295123.26 | N307: =+M307/K307 -> 0.38781757
A308: 305 | C308: CAMBIO E INSTALACION BATERIA RECARGABLE. | D308: ACTIVIDAD | F308: N/A | G308: =+'5.2. PRECIOS HISTÓRICOS ok'!P307 -> 2282323.6 | H308: =+'5.4 PRECIOS DE MERCADO'!I309 -> 2761611.5 | I308: =+MIN(G308:H308) -> 2282323.6 | K308: =+MAX(G308:H308) -> 2761611.5 | L308: =+MIN(G308:H308) -> 2282323.6 | M308: =+K308-L308 -> 479287.95 | N308: =+M308/K308 -> 0.17355372
A309: 306 | C309: CAMBIO E INSTALACION CONECTOR AC. | D309: ACTIVIDAD | F309: N/A | G309: =+'5.2. PRECIOS HISTÓRICOS ok'!P308 -> 58952.666 | H309: =+'5.4 PRECIOS DE MERCADO'!I310 -> 96299.18 | I309: =+MIN(G309:H309) -> 58952.666 | K309: =+MAX(G309:H309) -> 96299.18 | L309: =+MIN(G309:H309) -> 58952.666 | M309: =+K309-L309 -> 37346.514 | N309: =+M309/K309 -> 0.38781757
A310: 307 | C310: CAMBIO E INSTALACION CONECTOR DE ENTRADA DE ECG. | D310: ACTIVIDAD | F310: N/A | G310: =+'5.2. PRECIOS HISTÓRICOS ok'!P309 -> 110188.69 | H310: =+'5.4 PRECIOS DE MERCADO'!I311 -> 179993.22 | I310: =+MIN(G310:H310) -> 110188.69 | K310: =+MAX(G310:H310) -> 179993.22 | L310: =+MIN(G310:H310) -> 110188.69 | M310: =+K310-L310 -> 69804.531 | N310: =+M310/K310 -> 0.38781756
A311: 308 | C311: CAMBIO E INSTALACION PALAS INTERNAS. | D311: ACTIVIDAD | F311: N/A | G311: =+'5.2. PRECIOS HISTÓRICOS ok'!P310 -> 385627.51 | H311: =+'5.4 PRECIOS DE MERCADO'!I312 -> 466609.28 | I311: =+MIN(G311:H311) -> 385627.51 | K311: =+MAX(G311:H311) -> 466609.28 | L311: =+MIN(G311:H311) -> 385627.51 | M311: =+K311-L311 -> 80981.772 | N311: =+M311/K311 -> 0.17355371
A312: 309 | C312: CAMBIO E INSTALACION BOTONES DE MANDO. | D312: ACTIVIDAD | F312: N/A | G312: =+'5.2. PRECIOS HISTÓRICOS ok'!P311 -> 1049883.6 | H312: =+'5.4 PRECIOS DE MERCADO'!I313 -> 1270359.2 | I312: =+MIN(G312:H312) -> 1049883.6 | K312: =+MAX(G312:H312) -> 1270359.2 | L312: =+MIN(G312:H312) -> 1049883.6 | M312: =+K312-L312 -> 220475.56 | N312: =+M312/K312 -> 0.17355372
A313: 310 | C313: CAMBIO E INSTALACION CARCAZA DELANTERA. | D313: ACTIVIDAD | F313: N/A | G313: =+'5.2. PRECIOS HISTÓRICOS ok'!P312 -> 1100179.3 | H313: =+'5.4 PRECIOS DE MERCADO'!I314 -> 1331216.9 | I313: =+MIN(G313:H313) -> 1100179.3 | K313: =+MAX(G313:H313) -> 1331216.9 | L313: =+MIN(G313:H313) -> 1100179.3 | M313: =+K313-L313 -> 231037.65 | N313: =+M313/K313 -> 0.17355372
... A319: 316 | C319: CAMBIO E INSTALACION SENSOR SPO2 SEGÚN REFERENCIA | D319: ACTIVIDAD | F319: N/A | G319: =+'5.2. PRECIOS HISTÓRICOS ok'!P318 -> NO SE CONTRATO | H319: =+'5.4 PRECIOS DE MERCADO'!I320 -> 387200 | I319: =+MIN(G319:H319) -> 387200 | K319: =+MAX(G319:H319) -> 387200 | L319: =+MIN(G319:H319) -> 387200 | M319: =+K319-L319 -> 0 | N319: =+M319/K319 -> 0
A320: 317 | B320: DESFIBRILADOR MARCA GENERAL ELECTRIC | C320: CAMBIO E INSTALACION BATERIA RECARGABLE 12V, 1.4Ah. | D320: ACTIVIDAD | F320: N/A | G320: =+'5.2. PRECIOS HISTÓRICOS ok'!P319 -> 1770201.3 | H320: =+'5.4 PRECIOS DE MERCADO'!I321 -> 2141943.5 | I320: =+MIN(G320:H320) -> 1770201.3 | K320: =+MAX(G320:H320) -> 2141943.5 | L320: =+MIN(G320:H320) -> 1770201.3 | M320: =+K320-L320 -> 371742.27 | N320: =+M320/K320 -> 0.17355372
A321: 318 | C321: CAMBIO E INSTALACION DISPLAY. | D321: ACTIVIDAD | F321: N/A | G321: =+'5.2. PRECIOS HISTÓRICOS ok'!P320 -> 1004834.8 | H321: =+'5.4 PRECIOS DE MERCADO'!I322 -> 1215850.1 | I321: =+MIN(G321:H321) -> 1004834.8 | K321: =+MAX(G321:H321) -> 1215850.1 | L321: =+MIN(G321:H321) -> 1004834.8 | M321: =+K321-L321 -> 211015.3 | N321: =+M321/K321 -> 0.17355372
A322: 319 | C322: CAMBIO E INSTALACION MAIN BOARD. | D322: ACTIVIDAD | F322: N/A | G322: =+'5.2. PRECIOS HISTÓRICOS ok'!P321 -> 2358624.4 | H322: =+'5.4 PRECIOS DE MERCADO'!I323 -> 2853935.5 | I322: =+MIN(G322:H322) -> 2358624.4 | K322: =+MAX(G322:H322) -> 2853935.5 | L322: =+MIN(G322:H322) -> 2358624.4 | M322: =+K322-L322 -> 495311.13 | N322: =+M322/K322 -> 0.17355372
A323: 320 | C323: CAMBIO E INSTALACION PALAS TIPO ADULTO. | D323: ACTIVIDAD | F323: N/A | G323: =+'5.2. PRECIOS HISTÓRICOS ok'!P322 -> 1982861.3 | H323: =+'5.4 PRECIOS DE MERCADO'!I324 -> 2399262.1 | I323: =+MIN(G323:H323) -> 1982861.3 | K323: =+MAX(G323:H323) -> 2399262.1 | L323: =+MIN(G323:H323) -> 1982861.3 | M323: =+K323-L323 -> 416400.86 | N323: =+M323/K323 -> 0.17355372
A324: 321 | C324: CAMBIO E INSTALACION PALAS TIPO PEDIATRICO. | D324: ACTIVIDAD | F324: N/A | G324: =+'5.2. PRECIOS HISTÓRICOS ok'!P323 -> 1982861.3 | H324: =+'5.4 PRECIOS DE MERCADO'!I325 -> 2399262.1 | I324: =+MIN(G324:H324) -> 1982861.3 | K324: =+MAX(G324:H324) -> 2399262.1 | L324: =+MIN(G324:H324) -> 1982861.3 | M324: =+K324-L324 -> 416400.86 | N324: =+M324/K324 -> 0.17355372
A325: 322 | C325: CAMBIO E INSTALACION PERILLA DE SELECCIÓN DE ENERGIA. | D325: ACTIVIDAD | F325: N/A | G325: =+'5.2. PRECIOS HISTÓRICOS ok'!P324 -> 342470.42 | H325: =+'5.4 PRECIOS DE MERCADO'!I326 -> 414389.21 | I325: =+MIN(G325:H325) -> 342470.42 | K325: =+MAX(G325:H325) -> 414389.21 | L325: =+MIN(G325:H325) -> 342470.42 | M325: =+K325-L325 -> 71918.788 | N325: =+M325/K325 -> 0.17355372
A326: 323 | C326: CAMBIO E INSTALACION MEMBRANA DE BOTONES DE MANDO. | D326: ACTIVIDAD | F326: N/A | G326: =+'5.2. PRECIOS HISTÓRICOS ok'!P325 -> 1094933.2 | H326: =+'5.4 PRECIOS DE MERCADO'!I327 -> 1324869.1 | I326: =+MIN(G326:H326) -> 1094933.2 | K326: =+MAX(G326:H326) -> 1324869.1 | L326: =+MIN(G326:H326) -> 1094933.2 | M326: =+K326-L326 -> 229935.96 | N326: =+M326/K326 -> 0.17355372
A327: 324 | C327: CAMBIO E INSTALACION IMPRESORA. | D327: ACTIVIDAD | F327: N/A | G327: =+'5.2. PRECIOS HISTÓRICOS ok'!P326 -> 978683.82 | H327: =+'5.4 PRECIOS DE MERCADO'!I328 -> 1184207.4 | I327: =+MIN(G327:H327) -> 978683.82 | K327: =+MAX(G327:H327) -> 1184207.4 | L327: =+MIN(G327:H327) -> 978683.82 | M327: =+K327-L327 -> 205523.6 | N327: =+M327/K327 -> 0.17355372
A328: 325 | C328: CAMBIO E INSTALACION TAPA DE LA IMPRESORA. | D328: ACTIVIDAD | F328: N/A | G328: =+'5.2. PRECIOS HISTÓRICOS ok'!P327 -> 250735.58 | H328: =+'5.4 PRECIOS DE MERCADO'!I329 -> 303390.05 | I328: =+MIN(G328:H328) -> 250735.58 | K328: =+MAX(G328:H328) -> 303390.05 | L328: =+MIN(G328:H328) -> 250735.58 | M328: =+K328-L328 -> 52654.468 | N328: =+M328/K328 -> 0.17355371
A329: 326 | C329: CAMBIO E INSTALACION MOTOR DE LA IMPRESORA. | D329: ACTIVIDAD | F329: N/A | G329: =+'5.2. PRECIOS HISTÓRICOS ok'!P328 -> 535826.89 | H329: =+'5.4 PRECIOS DE MERCADO'!I330 -> 648350.54 | I329: =+MIN(G329:H329) -> 535826.89 | K329: =+MAX(G329:H329) -> 648350.54 | L329: =+MIN(G329:H329) -> 535826.89 | M329: =+K329-L329 -> 112523.65 | N329: =+M329/K329 -> 0.17355372
A330: 327 | C330: CAMBIO E INSTALACION SENSOR DE LA IMPRESORA. | D330: ACTIVIDAD | F330: N/A | G330: =+'5.2. PRECIOS HISTÓRICOS ok'!P329 -> 433355.57 | H330: =+'5.4 PRECIOS DE MERCADO'!I331 -> 524360.24 | I330: =+MIN(G330:H330) -> 433355.57 | K330: =+MAX(G330:H330) -> 524360.24 | L330: =+MIN(G330:H330) -> 433355.57 | M330: =+K330-L330 -> 91004.668 | N330: =+M330/K330 -> 0.17355372
A331: 328 | C331: CAMBIO E INSTALACION PAPEL. | D331: ACTIVIDAD | F331: N/A | G331: =+'5.2. PRECIOS HISTÓRICOS ok'!P330 -> 60356.284 | H331: =+'5.4 PRECIOS DE MERCADO'!I332 -> 98591.99 | I331: =+MIN(G331:H331) -> 60356.284 | K331: =+MAX(G331:H331) -> 98591.99 | L331: =+MIN(G331:H331) -> 60356.284 | M331: =+K331-L331 -> 38235.706 | N331: =+M331/K331 -> 0.38781757
A332: 329 | C332: CAMBIO E INSTALACION CARCAZA DELANTERA. | D332: ACTIVIDAD | F332: N/A | G332: =+'5.2. PRECIOS HISTÓRICOS ok'!P331 -> 1013955 | H332: =+'5.4 PRECIOS DE MERCADO'!I333 -> 1226885.6 | I332: =+MIN(G332:H332) -> 1013955 | K332: =+MAX(G332:H332) -> 1226885.6 | L332: =+MIN(G332:H332) -> 1013955 | M332: =+K332-L332 -> 212930.56 | N332: =+M332/K332 -> 0.17355372
... A340: 337 | C340: CAMBIO E INSTALACIÓN DE CABLE ECG 5 DERIVADAS | D340: ACTIVIDAD | F340: N/A | G340: =+'5.2. PRECIOS HISTÓRICOS ok'!P339 -> 465499.94 | H340: =+'5.4 PRECIOS DE MERCADO'!I341 -> 563254.92 | I340: =+MIN(G340:H340) -> 465499.94 | K340: =+MAX(G340:H340) -> 563254.92 | L340: =+MIN(G340:H340) -> 465499.94 | M340: =+K340-L340 -> 97754.985 | N340: =+M340/K340 -> 0.17355372
A341: 338 | B341: DESFIBRILADOR DEA SAMARITAN | C341: CAMBIO E INSTALACION DISPLAY. | D341: ACTIVIDAD | F341: N/A | G341: =+'5.2. PRECIOS HISTÓRICOS ok'!P340 -> 1673954.6 | H341: =+'5.4 PRECIOS DE MERCADO'!I342 -> 2025485 | I341: =+MIN(G341:H341) -> 1673954.6 | K341: =+MAX(G341:H341) -> 2025485 | L341: =+MIN(G341:H341) -> 1673954.6 | M341: =+K341-L341 -> 351530.46 | N341: =+M341/K341 -> 0.17355372
A342: 339 | C342: CAMBIO E INSTALACION BATERIA | D342: ACTIVIDAD | F342: N/A | G342: =+'5.2. PRECIOS HISTÓRICOS ok'!P341 -> 2002951.6 | H342: =+'5.4 PRECIOS DE MERCADO'!I343 -> 2423571.4 | I342: =+MIN(G342:H342) -> 2002951.6 | K342: =+MAX(G342:H342) -> 2423571.4 | L342: =+MIN(G342:H342) -> 2002951.6 | M342: =+K342-L342 -> 420619.84 | N342: =+M342/K342 -> 0.17355372
A343: 340 | C343: CAMBIO E INSTALACION SENSORES DE PESO | D343: ACTIVIDAD | F343: N/A | G343: =+'5.2. PRECIOS HISTÓRICOS ok'!P342 -> 300388.07 | H343: =+'5.4 PRECIOS DE MERCADO'!I344 -> 363469.57 | I343: =+MIN(G343:H343) -> 300388.07 | K343: =+MAX(G343:H343) -> 363469.57 | L343: =+MIN(G343:H343) -> 300388.07 | M343: =+K343-L343 -> 63081.496 | N343: =+M343/K343 -> 0.17355372
A344: 341 | C344: CAMBIO E INSTALACION TAPA PARA BATERIA | D344: ACTIVIDAD | F344: N/A | G344: =+'5.2. PRECIOS HISTÓRICOS ok'!P343 -> 216081.92 | H344: =+'5.4 PRECIOS DE MERCADO'!I345 -> 261459.12 | I344: =+MIN(G344:H344) -> 216081.92 | K344: =+MAX(G344:H344) -> 261459.12 | L344: =+MIN(G344:H344) -> 216081.92 | M344: =+K344-L344 -> 45377.203 | N344: =+M344/K344 -> 0.17355372
A345: 342 | C345: CAMBIO E INSTALACION SOPORTES DE BASCULA | D345: ACTIVIDAD | F345: N/A | G345: =+'5.2. PRECIOS HISTÓRICOS ok'!P344 -> 310538.66 | H345: =+'5.4 PRECIOS DE MERCADO'!I346 -> 375751.78 | I345: =+MIN(G345:H345) -> 310538.66 | K345: =+MAX(G345:H345) -> 375751.78 | L345: =+MIN(G345:H345) -> 310538.66 | M345: =+K345-L345 -> 65213.118 | N345: =+M345/K345 -> 0.17355372
A346: 343 | C346: CAMBIO E INSTALACIÓN DE ELECTRODOS HEARTSINE | D346: ACTIVIDAD | F346: N/A | G346: =+'5.2. PRECIOS HISTÓRICOS ok'!P345 -> 1629972.6 | H346: =+'5.4 PRECIOS DE MERCADO'!I347 -> 1972266.8 | I346: =+MIN(G346:H346) -> 1629972.6 | K346: =+MAX(G346:H346) -> 1972266.8 | L346: =+MIN(G346:H346) -> 1629972.6 | M346: =+K346-L346 -> 342294.24 | N346: =+M346/K346 -> 0.17355372
A347: 344 | B347: DOPPLER FETAL MARCA HUNTLEIGH | C347: CAMBIO E INSTALACION MAIN BOARD | D347: ACTIVIDAD | F347: N/A | G347: =+'5.2. PRECIOS HISTÓRICOS ok'!P346 -> 684109.81 | H347: =+'5.4 PRECIOS DE MERCADO'!I348 -> 827772.86 | I347: =+MIN(G347:H347) -> 684109.81 | K347: =+MAX(G347:H347) -> 827772.86 | L347: =+MIN(G347:H347) -> 684109.81 | M347: =+K347-L347 -> 143663.05 | N347: =+M347/K347 -> 0.17355371
A348: 345 | C348: CAMBIO E INSTALACION DISPLAY | D348: ACTIVIDAD | F348: N/A | G348: =+'5.2. PRECIOS HISTÓRICOS ok'!P347 -> 325104.21 | H348: =+'5.4 PRECIOS DE MERCADO'!I349 -> 393376.09 | I348: =+MIN(G348:H348) -> 325104.21 | K348: =+MAX(G348:H348) -> 393376.09 | L348: =+MIN(G348:H348) -> 325104.21 | M348: =+K348-L348 -> 68271.882 | N348: =+M348/K348 -> 0.17355372
A349: 346 | C349: CAMBIO E INSTALACION TRANSDUCTOR | D349: ACTIVIDAD | F349: N/A | G349: =+'5.2. PRECIOS HISTÓRICOS ok'!P348 -> 1618512.3 | H349: =+'5.4 PRECIOS DE MERCADO'!I350 -> 1958399.9 | I349: =+MIN(G349:H349) -> 1618512.3 | K349: =+MAX(G349:H349) -> 1958399.9 | L349: =+MIN(G349:H349) -> 1618512.3 | M349: =+K349-L349 -> 339887.59 | N349: =+M349/K349 -> 0.17355372
A350: 347 | C350: CAMBIO E INSTALACION CARCAZA | D350: ACTIVIDAD | F350: N/A | G350: =+'5.2. PRECIOS HISTÓRICOS ok'!P349 -> 311293.08 | H350: =+'5.4 PRECIOS DE MERCADO'!I351 -> 508497.25 | I350: =+MIN(G350:H350) -> 311293.08 | K350: =+MAX(G350:H350) -> 508497.25 | L350: =+MIN(G350:H350) -> 311293.08 | M350: =+K350-L350 -> 197204.17 | N350: =+M350/K350 -> 0.38781757
A351: 348 | C351: CAMBIO E INSTALACION CARGADOR BATERIA RECARGABLE | D351: ACTIVIDAD | F351: N/A | G351: =+'5.2. PRECIOS HISTÓRICOS ok'!P350 -> 370252.69 | H351: =+'5.4 PRECIOS DE MERCADO'!I352 -> 448005.76 | I351: =+MIN(G351:H351) -> 370252.69 | K351: =+MAX(G351:H351) -> 448005.76 | L351: =+MIN(G351:H351) -> 370252.69 | M351: =+K351-L351 -> 77753.067 | N351: =+M351/K351 -> 0.17355372
A352: 349 | C352: CAMBIO E INSTALACIÓN DE BATERIA RECARGABLE | D352: ACTIVIDAD | F352: N/A | G352: =+'5.2. PRECIOS HISTÓRICOS ok'!P351 -> 167993.01 | H352: =+'5.4 PRECIOS DE MERCADO'!I353 -> 148830 | I352: =+MIN(G352:H352) -> 148830 | K352: =+MAX(G352:H352) -> 167993.01 | L352: =+MIN(G352:H352) -> 148830 | M352: =+K352-L352 -> 19163.006 | N352: =+M352/K352 -> 0.11407026
A353: 350 | B353: ECOGRAFO MARCA ALOKA | C353: CAMBIO E INSTALACION POWER SWITCH | D353: ACTIVIDAD | F353: N/A | G353: =+'5.2. PRECIOS HISTÓRICOS ok'!P352 -> 130165.47 | H353: =+'5.4 PRECIOS DE MERCADO'!I354 -> 157500.22 | I353: =+MIN(G353:H353) -> 130165.47 | K353: =+MAX(G353:H353) -> 157500.22 | L353: =+MIN(G353:H353) -> 130165.47 | M353: =+K353-L353 -> 27334.747 | N353: =+M353/K353 -> 0.1735537
A354: 351 | C354: CAMBIO E INSTALACION JUMPER CABLE | D354: ACTIVIDAD | F354: N/A | G354: =+'5.2. PRECIOS HISTÓRICOS ok'!P353 -> 216942.46 | H354: =+'5.4 PRECIOS DE MERCADO'!I355 -> 262500.37 | I354: =+MIN(G354:H354) -> 216942.46 | K354: =+MAX(G354:H354) -> 262500.37 | L354: =+MIN(G354:H354) -> 216942.46 | M354: =+K354-L354 -> 45557.914 | N354: =+M354/K354 -> 0.17355372
A355: 352 | C355: CAMBIO E INSTALACIÓN TRANSDUCTOR CONVEX | D355: ACTIVIDAD | F355: N/A | G355: =+'5.2. PRECIOS HISTÓRICOS ok'!P354 -> 11255698 | H355: =+'5.4 PRECIOS DE MERCADO'!I356 -> 18386182 | I355: =+MIN(G355:H355) -> 11255698 | K355: =+MAX(G355:H355) -> 18386182 | L355: =+MIN(G355:H355) -> 11255698 | M355: =+K355-L355 -> 7130484.5 | N355: =+M355/K355 -> 0.38781757
...

Sheet CUADRO 6 FICHA TECNICA 
A1: FICHA TÉCNICA DE PRODUCTO
A2: DENOMINACIÓN DE BIEN O SERVICIO
A3: equipo médico, accesorios y suministros
A4: DENOMINACIÓN TÉCNICA DEL BIEN O SERVICIO
A5: MANTENIMIENTO PREVENTIVO Y CORRECTIVO
A6: UNIDAD DE MEDIDA
A7: Equipo médico, accesorios y mantenimiento
A8: DESCRIPCIÓN GENERAL
A9: EQUIPO | B9: ITEM | C9: DESCRIPCION | D9: CLASIFICACIÓN UNSPSC
A10: MANTENIMIENTO PREVENTIVO BASCULA CON TALLIMETRO DE LA MARCA HEALTH O METER | B10: 1 | C10: Revisión Estado General del Equipo | D10: 41103900 42201600 42201700 81101700 85161500
C11: Verificación de Partes limpieza de soporte, Escala y Resortes
C12: Lubricación de partes mecánicas
C13: Verificación con pesas de prueba de 10kg, 20kg, 50kg, 100kg,120kg,180kg,
C14: Ajuste medida cero
C15: Inspección de medidas
C16: Limpieza externa general
C17: Realizar pruebas de funcionamiento
A18: MANTENIMIENTO PREVENTIVO BASCULA CON TALLIMETRO DE LA MARCA NUEVO LEON | B18: 2 | C18: Revisión Estado General del Equipo
C19: Verificación de Partes limpieza de soporte, Escala y Resortes
C20: Lubricación de partes mecánicas
C21: Verificación con pesas de prueba de 10kg, 20kg, 50kg, 100kg,120kg,180kg,
C22: Ajuste medida cero
C23: Inspección de medidas
C24: Limpieza externa general
C25: Realizar pruebas de funcionamiento
A26: MANTENIMIENTO PREVENTIVO BASCULA CON TALLIMETRO DE LA MARCA DETECTO | B26: 3 | C26: Revisión Estado General del Equipo
C27: Verificación de Partes limpieza de soporte, Escala y Resortes
C28: Lubricación de partes mecánicas
C29: Verificación con pesas de prueba de 10kg, 20kg, 50kg, 100kg,120kg,180kg,
C30: Ajuste medida cero
C31: Inspección de medidas
C32: Limpieza externa general
C33: Realizar pruebas de funcionamiento
A34: MANTENIMIENTO PREVENTIVO BALANZA PESA BEBE MACA SECA DIGITAL | B34: 4 | C34: Limpieza general.
C35: Verificación de pantalla
C36: Verificación de plataforma
C37: Verificación de cargador
C38: Verificación de colchoneta
C39: Verificación con masas patrón
C40: Verificación de baterías. Pruebas de funcionamiento.
A41: MANTENIMIENTO PREVENTIVO DESFIBRILADOR MARCA MINDRAY | B41: 5 | C41: Limpieza interna del equipo.
C42: Verificaciones y pruebas de funcionamiento
C43: Verificación de encendido normal (Chequeo leds o alarmas audibles característicos)
C44: Transferencia de datos-interface equipo medico pc
C45: Toma de mediciones
C46: Adquisición de señales ECG con Equipo Patrón
C47: Prueba de teclado
C48: Pruebas de velocidad del equipo
C49: Prueba de para de emergencia
C50: Verificación estado físico interno
C51: Verificación de errores
C52: Verificaciones de configuraciones del Equipo
C53: Ajuste de conectores y verificación del circuito de alimentación
... C73: Limpieza general del equipo
A74: MANTENIMIENTO PREVENTIVO DESFIBRILADOR MARCA GENERAL ELECTRIC | B74: 6 | C74: Verificación de encendido normal (Chequeo leds o alarmas audibles característicos)
C75: Transferencia de datos-interface equipo medico pc
C76: Toma de mediciones
C77: Adquisición de señales ECG con Equipo Patrón
C78: Prueba de teclado
C79: Pruebas de velocidad del equipo
C80: Prueba de para de emergencia
C81: Verificación estado físico interno
C82: Verificación de errores
C83: Verificaciones de configuraciones del Equipo
C84: Ajuste de conectores y verificación del circuito de alimentación
C85: Prueba de impresión
C86: Verificación de componentes eléctricos
... C104: Limpieza general del equipo.
A105: MANTENIMIENTO PREVENTIVO DESFIBRILADOR DEA SAMARITAN | B105: 7 | C105: Verificación de encendido normal (Chequeo leds o alarmas audibles característicos)
C106: Transferencia de datos-interface equipo medico pc
C107: Toma de mediciones
C108: Adquisición de señales ECG con Equipo Patrón
C109: Prueba de teclado
C110: Pruebas de velocidad del equipo
C111: Prueba de para de emergencia
C112: Verificación estado físico interno
C113: Verificación de errores
C114: Verificaciones de configuraciones del Equipo
C115: Ajuste de conectores y verificación del circuito de alimentación
C116: Prueba de impresión
C117: Verificación de componentes eléctricos
... C135: Limpieza general del equipo
A136: MANTENIMIENTO PREVENTIVO DOPPLER FETAL MARCA HUNTLEIGH | B136: 8 | C136: In Inspección interna y externa del Equipo
C137: Verificación de batería.
C138: Verificación de pantalla
C139: Verificación de teclado
C140: Verificación de transductor
C141: Verificación de tarjeta electrónica
C142: Verificación con Equipo Patrón
C143: Comprobación de funcionamiento
C144: Limpieza integral del equipo
C145: Inspeccionar visual de cables, conector, transductor, carcasa, y pantalla
C146: Prueba de transductor
C147: Prueba de baterias
C148: Prueba de funcionamiento general
A149: MANTENIMIENTO PREVENTIVO ECOGRAFO ALOKA | B149: 9 | C149: Inspección del equipo
C150: Limpieza integral del equipo, accesorios y transductores
C151: Revisión del cable de transductor, que no presente rotura. cables, no se encuentre doblado o quebrados.
C152: Verificar que la pantalla no presente abolladuras picelex quemados o esta golpeada.
C153: Verificar estado del carro de transporte.
...

Sheet FORMULARIO ESPECIFICACIONES TEC
A1: ESPECIFICACIONES TECNICAS- GRUPO 1
A2: LA PRESTACIÓN DEL SERVICIO DE MANTENIMIENTO PREVENTIVO Y CORRECTIVO INCLUIDOS REPUESTOS PARA LOS DIFERENTES EQUIPOS BIOMÉDICOS DEL HOSPITAL CENTRAL DE LA POLICÍA NACIONAL
A3: ITEM | B3: EQUIPO | C3: ACTIVIDADES DE MANTENIMIENTO PREVENTIVO | D3: CANTIDAD DE EQUIPOS | E3: UNIDAD DE MEDIDA | F3: MES / VISITA | G3: SI OFRECE | H3: NO OFRECE
A4: 1 | B4: MANTENIMIENTO PREVENTIVO BASCULA CON TALLIMETRO DE LA MARCA HEALTH O METER | C4: Revisión Estado General del Equipo | D4: 15 | E4: VISITA | F4: Segundo semestre del 2026
C5: Verificación de Partes limpieza de soporte, Escala y Resortes
C6: Lubricación de partes mecánicas
C7: Verificación con pesas de prueba de 10kg, 20kg, 50kg, 100kg,120kg,180kg,
C8: Ajuste medida cero
C9: Inspección de medidas
C10: Limpieza externa general
C11: Realizar pruebas de funcionamiento
A12: 2 | B12: MANTENIMIENTO PREVENTIVO BASCULA CON TALLIMETRO DE LA MARCA NUEVO LEON | C12: Revisión Estado General del Equipo | D12: 10 | E12: VISITA
C13: Verificación de Partes limpieza de soporte, Escala y Resortes
C14: Lubricación de partes mecánicas
C15: Verificación con pesas de prueba de 10kg, 20kg, 50kg, 100kg,120kg,180kg,
C16: Ajuste medida cero
C17: Inspección de medidas
C18: Limpieza externa general
C19: Realizar pruebas de funcionamiento
A20: 3 | B20: MANTENIMIENTO PREVENTIVO BASCULA CON TALLIMETRO DE LA MARCA DETECTO | C20: Revisión Estado General del Equipo | D20: 9 | E20: VISITA
C21: Verificación de Partes limpieza de soporte, Escala y Resortes
C22: Lubricación de partes mecánicas
C23: Verificación con pesas de prueba de 10kg, 20kg, 50kg, 100kg,120kg,180kg,
C24: Ajuste medida cero
C25: Inspección de medidas
C26: Limpieza externa general
C27: Realizar pruebas de funcionamiento
A28: 4 | B28: MANTENIMIENTO PREVENTIVO BALANZA PESA BEBE MACA SECA DIGITAL | C28: Limpieza general. | D28: 2 | E28: VISITA
C29: Verificación de pantalla
C30: Verificación de plataforma
C31: Verificación de cargador
C32: Verificación de colchoneta
C33: Verificación con masas patrón
C34: Verificación de baterías. Pruebas de funcionamiento.
A35: 5 | B35: MANTENIMIENTO PREVENTIVO DESFIBRILADOR MARCA MINDRAY | C35: Limpieza interna del equipo. | D35: 3 | E35: VISITA
C36: Verificaciones y pruebas de funcionamiento
C37: Verificación de encendido normal (Chequeo leds o alarmas audibles característicos)
C38: Transferencia de datos-interface equipo medico pc
C39: Toma de mediciones
C40: Adquisición de señales ECG con Equipo Patrón
C41: Prueba de teclado
C42: Pruebas de velocidad del equipo
C43: Prueba de para de emergencia
C44: Verificación estado físico interno
C45: Verificación de errores
C46: Verificaciones de configuraciones del Equipo
C47: Ajuste de conectores y verificación del circuito de alimentación
... C67: Limpieza general del equipo
A68: 6 | B68: MANTENIMIENTO PREVENTIVO DESFIBRILADOR MARCA GENERAL ELECTRIC | C68: Verificación de encendido normal (Chequeo leds o alarmas audibles característicos) | D68: 3 | E68: VISITA
C69: Transferencia de datos-interface equipo medico pc
C70: Toma de mediciones
C71: Adquisición de señales ECG con Equipo Patrón
C72: Prueba de teclado
C73: Pruebas de velocidad del equipo
C74: Prueba de para de emergencia
C75: Verificación estado físico interno
C76: Verificación de errores
C77: Verificaciones de configuraciones del Equipo
C78: Ajuste de conectores y verificación del circuito de alimentación
C79: Prueba de impresión
C80: Verificación de componentes eléctricos
... C98: Limpieza general del equipo.
A99: 7 | B99: MANTENIMIENTO PREVENTIVO DESFIBRILADOR DEA SAMARITAN | C99: Verificación de encendido normal (Chequeo leds o alarmas audibles característicos) | D99: 1 | E99: VISITA
C100: Transferencia de datos-interface equipo medico pc
C101: Toma de mediciones
C102: Adquisición de señales ECG con Equipo Patrón
C103: Prueba de teclado
C104: Pruebas de velocidad del equipo
C105: Prueba de para de emergencia
C106: Verificación estado físico interno
C107: Verificación de errores
C108: Verificaciones de configuraciones del Equipo
C109: Ajuste de conectores y verificación del circuito de alimentación
C110: Prueba de impresión
C111: Verificación de componentes eléctricos
... C129: Limpieza general del equipo
A130: 8 | B130: MANTENIMIENTO PREVENTIVO DOPPLER FETAL MARCA HUNTLEIGH | C130: In Inspección interna y externa del Equipo | D130: 4 | E130: VISITA
C131: Verificación de batería.
C132: Verificación de pantalla
C133: Verificación de teclado
C134: Verificación de transductor
C135: Verificación de tarjeta electrónica
C136: Verificación con Equipo Patrón
C137: Comprobación de funcionamiento
C138: Limpieza integral del equipo
C139: Inspeccionar visual de cables, conector, transductor, carcasa, y pantalla
C140: Prueba de transductor
C141: Prueba de baterias
C142: Prueba de funcionamiento general
A143: 9 | B143: MANTENIMIENTO PREVENTIVO ECOGRAFO ALOKA | C143: Inspección del equipo | D143: 1 | E143: VISITA
C144: Limpieza integral del equipo, accesorios y transductores
C145: Revisión del cable de transductor, que no presente rotura. cables, no se encuentre doblado o quebrados.
C146: Verificar que la pantalla no presente abolladuras picelex quemados o esta golpeada.
C147: Verificar estado del carro de transporte.
C148: Verificación de transductores, filtros, ruedas y sus frenos y monitor
C149: Revisión y medición de voltaje de red.
C150: Pruebas de protocolos de diagnóstico, medición de fuentes.
C151: Verificación calidad de imágenes.
C152: Revisión de video y video printer.
C153: Recopilación de información de fallas previas al mantenimiento.
...

Sheet 5.6 VALOR ESTIMADO DE MTTO
A1: 5.6 VALOR ESTIMADO DE LA CONTRATACIÓN- GRUPO 1
A2: ITEM | B2: RUBRO Y DESAGREGACIÓN PRESUPUESTAL | C2: REC | D2: UNIDAD DE DESTINO | E2: ACTIVIDADES DE MANTENIMIENTO PREVENTIVO | F2: CANT | G2: UNIDAD DE MEDIDA | H2: VALOR UNITARIO
A3: 1 | B3: 02-02-02-008 | C3: 16 | D3: HOCEN | E3: MANTENIMIENTO PREVENTIVO BASCULA CON TALLIMETRO DE LA MARCA HEALTH O METER | F3: 15 | G3: VISITA | H3: =+'5.5 ANÁLISIS DEL VALOR ESTIMADO'!I3 -> 80768.984
A4: 2 | B4: 02-02-02-008 | C4: 16 | D4: HOCEN | E4: MANTENIMIENTO PREVENTIVO BASCULA CON TALLIMETRO DE LA MARCA NUEVO LEON | F4: 10 | G4: VISITA | H4: =+'5.5 ANÁLISIS DEL VALOR ESTIMADO'!I4 -> 80768.984
A5: 3 | B5: 02-02-02-008 | C5: 16 | D5: HOCEN | E5: MANTENIMIENTO PREVENTIVO BASCULA CON TALLIMETRO DE LA MARCA DETECTO | F5: 9 | G5: VISITA | H5: =+'5.5 ANÁLISIS DEL VALOR ESTIMADO'!I5 -> 80768.984
A6: 4 | B6: 02-02-02-008 | C6: 16 | D6: HOCEN | E6: MANTENIMIENTO PREVENTIVO BALANZA PESA BEBE MACA SECA DIGITAL | F6: 2 | G6: VISITA | H6: =+'5.5 ANÁLISIS DEL VALOR ESTIMADO'!I6 -> 67252.389
A7: 5 | B7: 02-02-02-008 | C7: 16 | D7: HOCEN | E7: MANTENIMIENTO PREVENTIVO DESFIBRILADOR MARCA MINDRAY | F7: 3 | G7: VISITA | H7: =+'5.5 ANÁLISIS DEL VALOR ESTIMADO'!I7 -> 172663.04
A8: 6 | B8: 02-02-02-008 | C8: 16 | D8: HOCEN | E8: MANTENIMIENTO PREVENTIVO DESFIBRILADOR MARCA GENERAL ELECTRIC | F8: 3 | G8: VISITA | H8: =+'5.5 ANÁLISIS DEL VALOR ESTIMADO'!I8 -> 172663.04
A9: 7 | B9: 02-02-02-008 | C9: 16 | D9: HOCEN | E9: MANTENIMIENTO PREVENTIVO DESFIBRILADOR DEA SAMARITAN | F9: 1 | G9: VISITA | H9: =+'5.5 ANÁLISIS DEL VALOR ESTIMADO'!I9 -> 181500
A10: 8 | B10: 02-02-02-008 | C10: 16 | D10: HOCEN | E10: MANTENIMIENTO PREVENTIVO DOPPLER FETAL MARCA HUNTLEIGH | F10: 4 | G10: VISITA | H10: =+'5.5 ANÁLISIS DEL VALOR ESTIMADO'!I10 -> 100936.08
A11: 9 | B11: 02-02-02-008 | C11: 16 | D11: HOCEN | E11: MANTENIMIENTO PREVENTIVO ECOGRAFO ALOKA | F11: 1 | G11: VISITA | H11: =+'5.5 ANÁLISIS DEL VALOR ESTIMADO'!I11 -> 462810.45
A12: 10 | B12: 02-02-02-008 | C12: 16 | D12: HOCEN | E12: MANTENIMIENTO PREVENTIVO ECOGRAFO MARCA PHILIPS | F12: 4 | G12: VISITA | H12: =+'5.5 ANÁLISIS DEL VALOR ESTIMADO'!I12 -> 1148435.2
A13: 11 | B13: 02-02-02-008 | C13: 16 | D13: HOCEN | E13: MANTENIMIENTO PREVENTIVO DE ECOGRAFO HITACHI | F13: 1 | G13: VISITA | H13: =+'5.5 ANÁLISIS DEL VALOR ESTIMADO'!I13 -> 506199.55
A14: 12 | B14: 02-02-02-008 | C14: 16 | D14: HOCEN | E14: MANTENIMIENTO PREVENTIVO ELECTROCARDIOGRAFO MARCA TRISMED | F14: 1 | G14: VISITA | H14: =+'5.5 ANÁLISIS DEL VALOR ESTIMADO'!I14 -> 159064.62
... A257: 255 | B257: 02-02-02-008 | C257: 16 | D257: HOCEN | E257: MANTENIMIENTO PREVENTIVO CAMA ELÉCTRICA MARCA LOS PINOS MODELO 840 | F257: 16 | G257: VISITA | H257: =+'5.5 ANÁLISIS DEL VALOR ESTIMADO'!I257 -> 235154.8
A258: 256 | B258: 02-02-02-008 | C258: 16 | D258: HOCEN | E258: MANTENIMIENTO PREVENTIVO LASER TERAPEUTICO DE LA MARCA CHATTANOGA | F258: 1 | G258: VISITA | H258: =+'5.5 ANÁLISIS DEL VALOR ESTIMADO'!I258 -> 578954 | J258: =SUM(I3:I258) -> 0
A259: ITEM | B259: RUBRO Y DESAGREGACIÓN PRESUPUESTAL | C259: REC | D259: UNIDAD DE DESTINO | E259: EQUIPO | F259: ACTIVIDADES DE MANTENIMIENTO CORRECTIVO | G259: CANT | H259: UNIDAD DE MEDIDA | I259: VALOR UNITARIO
A260: 257 | B260: 02-02-02-008 | C260: 16 | D260: HOCEN | E260: BASCULA CON TALLIMETRO DE LA MARCA HEALTH O METER | F260: CAMBIO E INSTALACION TALLIMETRO | G260: 1 | H260: ACTIVIDAD | I260: ='5.5 ANÁLISIS DEL VALOR ESTIMADO'!I260 -> 64338.835
A261: 258 | B261: 02-02-02-008 | C261: 16 | D261: HOCEN | F261: CAMBIO E INSTALACION PLATAFORMA | G261: 1 | H261: ACTIVIDAD | I261: ='5.5 ANÁLISIS DEL VALOR ESTIMADO'!I261 -> 270878.88
A262: 259 | B262: 02-02-02-008 | C262: 16 | D262: HOCEN | F262: CAMBIO E INSTALACIÓN DE CONTRAPESO | G262: 1 | H262: ACTIVIDAD | I262: ='5.5 ANÁLISIS DEL VALOR ESTIMADO'!I262 -> 155290.71
A263: 260 | B263: 02-02-02-008 | C263: 16 | D263: HOCEN | F263: CAMBIO E INSTALACIÓN DE PLOMOS DE CONTRAPESO | G263: 1 | H263: ACTIVIDAD | I263: ='5.5 ANÁLISIS DEL VALOR ESTIMADO'!I263 -> 115226.82
A264: 261 | B264: 02-02-02-008 | C264: 16 | D264: HOCEN | F264: CAMBIO E INSTALACIÓN ESCALA GRADUADA | G264: 1 | H264: ACTIVIDAD | I264: ='5.5 ANÁLISIS DEL VALOR ESTIMADO'!I264 -> 401519.27
A265: 262 | B265: 02-02-02-008 | C265: 16 | D265: HOCEN | F265: CAMBIO E INSTALACIÓN TAPETE EXTERNO | G265: 1 | H265: ACTIVIDAD | I265: ='5.5 ANÁLISIS DEL VALOR ESTIMADO'!I265 -> 134445.75
A266: 263 | B266: 02-02-02-008 | C266: 16 | D266: HOCEN | F266: CAMBIO E INSTASLACIÓN RESORTES INTERNOS | G266: 1 | H266: ACTIVIDAD | I266: ='5.5 ANÁLISIS DEL VALOR ESTIMADO'!I266 -> 43167.21
A267: 264 | B267: 02-02-02-008 | C267: 16 | D267: HOCEN | F267: CAMBIO E INSTALACIÓN TORNILLO DE AJUSTE | G267: 1 | H267: ACTIVIDAD | I267: ='5.5 ANÁLISIS DEL VALOR ESTIMADO'!I267 -> 32166.058
A268: 265 | B268: 02-02-02-008 | C268: 16 | D268: HOCEN | F268: CAMBIO E INSTALACION BRAZO KILOS/LIBRAS | G268: 1 | H268: ACTIVIDAD | I268: ='5.5 ANÁLISIS DEL VALOR ESTIMADO'!I268 -> 293105.89
A269: 266 | B269: 02-02-02-008 | C269: 16 | D269: HOCEN | F269: CAMBIO E INSTALACION BASE METALICA | G269: 1 | H269: ACTIVIDAD | I269: ='5.5 ANÁLISIS DEL VALOR ESTIMADO'!I269 -> 202646.67
A270: 267 | B270: 02-02-02-008 | C270: 16 | D270: HOCEN | E270: BASCULA CON TALLIMETRO DE LA MARCA NUEVO LEON | F270: CAMBIO E INSTALACION TALLIMETRO | G270: 1 | H270: ACTIVIDAD | I270: ='5.5 ANÁLISIS DEL VALOR ESTIMADO'!I270 -> 64338.95
A271: 268 | B271: 02-02-02-008 | C271: 16 | D271: HOCEN | F271: CAMBIO E INSTALACION PLATAFORMA | G271: 1 | H271: ACTIVIDAD | I271: ='5.5 ANÁLISIS DEL VALOR ESTIMADO'!I271 -> 270878.69
A272: 269 | B272: 02-02-02-008 | C272: 16 | D272: HOCEN | F272: CAMBIO E INSTALACIÓN DE CONTRAPESO | G272: 1 | H272: ACTIVIDAD | I272: ='5.5 ANÁLISIS DEL VALOR ESTIMADO'!I272 -> 155291.03
A273: 270 | B273: 02-02-02-008 | C273: 16 | D273: HOCEN | F273: CAMBIO E INSTALACIÓN DE PLOMOS DE CONTRAPESO | G273: 1 | H273: ACTIVIDAD | I273: ='5.5 ANÁLISIS DEL VALOR ESTIMADO'!I273 -> 115226.82
A274: 271 | B274: 02-02-02-008 | C274: 16 | D274: HOCEN | F274: CAMBIO E INSTALACIÓN ESCALA GRADUADA | G274: 1 | H274: ACTIVIDAD | I274: ='5.5 ANÁLISIS DEL VALOR ESTIMADO'!I274 -> 401519.27
A275: 272 | B275: 02-02-02-008 | C275: 16 | D275: HOCEN | F275: CAMBIO E INSTALACIÓN TAPETE EXTERNO | G275: 1 | H275: ACTIVIDAD | I275: ='5.5 ANÁLISIS DEL VALOR ESTIMADO'!I275 -> 134445.75
A276: 273 | B276: 02-02-02-008 | C276: 16 | D276: HOCEN | F276: CAMBIO E INSTASLACIÓN RESORTES INTERNOS | G276: 1 | H276: ACTIVIDAD | I276: ='5.5 ANÁLISIS DEL VALOR ESTIMADO'!I276 -> 43167.21
A277: 274 | B277: 02-02-02-008 | C277: 16 | D277: HOCEN | F277: CAMBIO E INSTALACIÓN TORNILLO DE AJUSTE | G277: 1 | H277: ACTIVIDAD | I277: ='5.5 ANÁLISIS DEL VALOR ESTIMADO'!I277 -> 32166.058
A278: 275 | B278: 02-02-02-008 | C278: 16 | D278: HOCEN | F278: CAMBIO E INSTALACION BRAZO KILOS/LIBRAS | G278: 1 | H278: ACTIVIDAD | I278: ='5.5 ANÁLISIS DEL VALOR ESTIMADO'!I278 -> 293105.89
A279: 276 | B279: 02-02-02-008 | C279: 16 | D279: HOCEN | F279: CAMBIO E INSTALACION BASE METALICA | G279: 1 | H279: ACTIVIDAD | I279: ='5.5 ANÁLISIS DEL VALOR ESTIMADO'!I279 -> 202646.67
A280: 277 | B280: 02-02-02-008 | C280: 16 | D280: HOCEN | E280: BASCULA CON TALLIMETRO DE LA MARCA DETECTO | F280: CAMBIO E INSTALACION TALLIMETRO | G280: 1 | H280: ACTIVIDAD | I280: ='5.5 ANÁLISIS DEL VALOR ESTIMADO'!I280 -> 64338.95
A281: 278 | B281: 02-02-02-008 | C281: 16 | D281: HOCEN | F281: CAMBIO E INSTALACION PLATAFORMA | G281: 1 | H281: ACTIVIDAD | I281: ='5.5 ANÁLISIS DEL VALOR ESTIMADO'!I281 -> 270878.69
A282: 279 | B282: 02-02-02-008 | C282: 16 | D282: HOCEN | F282: CAMBIO E INSTALACIÓN DE CONTRAPESO | G282: 1 | H282: ACTIVIDAD | I282: ='5.5 ANÁLISIS DEL VALOR ESTIMADO'!I282 -> 155291.03
A283: 280 | B283: 02-02-02-008 | C283: 16 | D283: HOCEN | F283: CAMBIO E INSTALACIÓN DE PLOMOS DE CONTRAPESO | G283: 1 | H283: ACTIVIDAD | I283: ='5.5 ANÁLISIS DEL VALOR ESTIMADO'!I283 -> 115226.82
A284: 281 | B284: 02-02-02-008 | C284: 16 | D284: HOCEN | F284: CAMBIO E INSTALACIÓN ESCALA GRADUADA | G284: 1 | H284: ACTIVIDAD | I284: ='5.5 ANÁLISIS DEL VALOR ESTIMADO'!I284 -> 401519.27
A285: 282 | B285: 02-02-02-008 | C285: 16 | D285: HOCEN | F285: CAMBIO E INSTALACIÓN TAPETE EXTERNO | G285: 1 | H285: ACTIVIDAD | I285: ='5.5 ANÁLISIS DEL VALOR ESTIMADO'!I285 -> 134445.75
A286: 283 | B286: 02-02-02-008 | C286: 16 | D286: HOCEN | F286: CAMBIO E INSTASLACIÓN RESORTES INTERNOS | G286: 1 | H286: ACTIVIDAD | I286: ='5.5 ANÁLISIS DEL VALOR ESTIMADO'!I286 -> 43167.21
A287: 284 | B287: 02-02-02-008 | C287: 16 | D287: HOCEN | F287: CAMBIO E INSTALACIÓN TORNILLO DE AJUSTE | G287: 1 | H287: ACTIVIDAD | I287: ='5.5 ANÁLISIS DEL VALOR ESTIMADO'!I287 -> 32166.058
A288: 285 | B288: 02-02-02-008 | C288: 16 | D288: HOCEN | F288: CAMBIO E INSTALACION BRAZO KILOS/LIBRAS | G288: 1 | H288: ACTIVIDAD | I288: ='5.5 ANÁLISIS DEL VALOR ESTIMADO'!I288 -> 293105.89
A289: 286 | B289: 02-02-02-008 | C289: 16 | D289: HOCEN | F289: CAMBIO E INSTALACION BASE METALICA | G289: 1 | H289: ACTIVIDAD | I289: ='5.5 ANÁLISIS DEL VALOR ESTIMADO'!I289 -> 202646.67
A290: 287 | B290: 02-02-02-008 | C290: 16 | D290: HOCEN | E290: BALANZA PESA BEBE MARCA SECA DIGITAL | F290: CAMBIO E INSTALACION TAPA DE BATERIAS | G290: 1 | H290: ACTIVIDAD | I290: ='5.5 ANÁLISIS DEL VALOR ESTIMADO'!I290 -> 46281.057
A291: 288 | B291: 02-02-02-008 | C291: 16 | D291: HOCEN | F291: CAMBIO E INSTALACION CARGADOR DE CORRIENTE | G291: 1 | H291: ACTIVIDAD | I291: ='5.5 ANÁLISIS DEL VALOR ESTIMADO'!I291 -> 182231.66
A292: 289 | B292: 02-02-02-008 | C292: 16 | D292: HOCEN | F292: CAMBIO E INSTALACION DISPLAY DE VISUALIZACION | G292: 1 | H292: ACTIVIDAD | I292: ='5.5 ANÁLISIS DEL VALOR ESTIMADO'!I292 -> 235020.99
A293: 290 | B293: 02-02-02-008 | C293: 16 | D293: HOCEN | F293: CAMBIO E INSTALACION COLCHONETA | G293: 1 | H293: ACTIVIDAD | I293: ='5.5 ANÁLISIS DEL VALOR ESTIMADO'!I293 -> 75929.859
A294: 291 | B294: 02-02-02-008 | C294: 16 | D294: HOCEN | F294: CAMBIO E INSTALACION PANEL DE CONTROL | G294: 1 | H294: ACTIVIDAD | I294: ='5.5 ANÁLISIS DEL VALOR ESTIMADO'!I294 -> 507645.35
A295: 292 | B295: 02-02-02-008 | C295: 16 | D295: HOCEN | F295: CAMBIO E INSTALACION MAIN BOARD | G295: 1 | H295: ACTIVIDAD | I295: ='5.5 ANÁLISIS DEL VALOR ESTIMADO'!I295 -> 241529.27
A296: 293 | B296: 02-02-02-008 | C296: 16 | D296: HOCEN | F296: CAMBIO E INSTALACION SENSORES DE PESO | G296: 1 | H296: ACTIVIDAD | I296: ='5.5 ANÁLISIS DEL VALOR ESTIMADO'!I296 -> 137396.89
A297: 294 | B297: 02-02-02-008 | C297: 16 | D297: HOCEN | F297: CAMBIO E INSTALACION GALGAS DE PESADO. | G297: 1 | H297: ACTIVIDAD | I297: ='5.5 ANÁLISIS DEL VALOR ESTIMADO'!I297 -> 65082.737
A298: 295 | B298: 02-02-02-008 | C298: 16 | D298: HOCEN | F298: CAMBIO E INSTALACION PLATILLO DE LA BALANZA | G298: 1 | H298: ACTIVIDAD | I298: ='5.5 ANÁLISIS DEL VALOR ESTIMADO'!I298 -> 72314.152
A299: 296 | B299: 02-02-02-008 | C299: 16 | D299: HOCEN | F299: CAMBIO E INSTALACION BATERIAS | G299: 1 | H299: ACTIVIDAD | I299: ='5.5 ANÁLISIS DEL VALOR ESTIMADO'!I299 -> 59291.252
A300: 297 | B300: 02-02-02-008 | C300: 16 | D300: HOCEN | F300: CAMBIO E INSTALACION CARCAZA | G300: 1 | H300: ACTIVIDAD | I300: ='5.5 ANÁLISIS DEL VALOR ESTIMADO'!I300 -> 159091.13
A301: 298 | B301: 02-02-02-008 | C301: 16 | D301: HOCEN | E301: DESFIBRILADOR MARCA MINDRAY | F301: CAMBIO E INSTALACION JUEGO DE PALAS ADULTO. | G301: 1 | H301: ACTIVIDAD | I301: ='5.5 ANÁLISIS DEL VALOR ESTIMADO'!I301 -> 1956572.9
A302: 299 | B302: 02-02-02-008 | C302: 16 | D302: HOCEN | F302: CAMBIO E INSTALACION JUEGO DE PALAS PEDIATRICAS. | G302: 1 | H302: ACTIVIDAD | I302: ='5.5 ANÁLISIS DEL VALOR ESTIMADO'!I302 -> 1956572.9
A303: 300 | B303: 02-02-02-008 | C303: 16 | D303: HOCEN | F303: CAMBIO E INSTALACION DISPLAY. | G303: 1 | H303: ACTIVIDAD | I303: ='5.5 ANÁLISIS DEL VALOR ESTIMADO'!I303 -> 1014061.4
A304: 301 | B304: 02-02-02-008 | C304: 16 | D304: HOCEN | F304: CAMBIO E INSTALACION MANDO DE SELECCIÓN DE ENERGIA. | G304: 1 | H304: ACTIVIDAD | I304: ='5.5 ANÁLISIS DEL VALOR ESTIMADO'!I304 -> 432568.79
A305: 302 | B305: 02-02-02-008 | C305: 16 | D305: HOCEN | F305: CAMBIO E INSTALACION IMPRESORA TERMICA. | G305: 1 | H305: ACTIVIDAD | I305: ='5.5 ANÁLISIS DEL VALOR ESTIMADO'!I305 -> 974518.53
A306: 303 | B306: 02-02-02-008 | C306: 16 | D306: HOCEN | F306: CAMBIO E INSTALACION TAPA DE IMPRESORA. | G306: 1 | H306: ACTIVIDAD | I306: ='5.5 ANÁLISIS DEL VALOR ESTIMADO'!I306 -> 250374.01
A307: 304 | B307: 02-02-02-008 | C307: 16 | D307: HOCEN | F307: CAMBIO E INSTALACION CABLE DE 5 ECG DE 5 DERIVADAS. | G307: 1 | H307: ACTIVIDAD | I307: ='5.5 ANÁLISIS DEL VALOR ESTIMADO'!I307 -> 465861.51
A308: 305 | B308: 02-02-02-008 | C308: 16 | D308: HOCEN | F308: CAMBIO E INSTALACION BATERIA RECARGABLE. | G308: 1 | H308: ACTIVIDAD | I308: ='5.5 ANÁLISIS DEL VALOR ESTIMADO'!I308 -> 2282323.6
A309: 306 | B309: 02-02-02-008 | C309: 16 | D309: HOCEN | F309: CAMBIO E INSTALACION CONECTOR AC. | G309: 1 | H309: ACTIVIDAD | I309: ='5.5 ANÁLISIS DEL VALOR ESTIMADO'!I309 -> 58952.666
A310: 307 | B310: 02-02-02-008 | C310: 16 | D310: HOCEN | F310: CAMBIO E INSTALACION CONECTOR DE ENTRADA DE ECG. | G310: 1 | H310: ACTIVIDAD | I310: ='5.5 ANÁLISIS DEL VALOR ESTIMADO'!I310 -> 110188.69
A311: 308 | B311: 02-02-02-008 | C311: 16 | D311: HOCEN | F311: CAMBIO E INSTALACION PALAS INTERNAS. | G311: 1 | H311: ACTIVIDAD | I311: ='5.5 ANÁLISIS DEL VALOR ESTIMADO'!I311 -> 385627.51
A312: 309 | B312: 02-02-02-008 | C312: 16 | D312: HOCEN | F312: CAMBIO E INSTALACION BOTONES DE MANDO. | G312: 1 | H312: ACTIVIDAD | I312: ='5.5 ANÁLISIS DEL VALOR ESTIMADO'!I312 -> 1049883.6
A313: 310 | B313: 02-02-02-008 | C313: 16 | D313: HOCEN | F313: CAMBIO E INSTALACION CARCAZA DELANTERA. | G313: 1 | H313: ACTIVIDAD | I313: ='5.5 ANÁLISIS DEL VALOR ESTIMADO'!I313 -> 1100179.3
... A319: 316 | B319: 02-02-02-008 | C319: 16 | D319: HOCEN | F319: CAMBIO E INSTALACION SENSOR SPO2 SEGÚN REFERENCIA | G319: 1 | H319: ACTIVIDAD | I319: ='5.5 ANÁLISIS DEL VALOR ESTIMADO'!I319 -> 387200
A320: 317 | B320: 02-02-02-008 | C320: 16 | D320: HOCEN | E320: DESFIBRILADOR MARCA GENERAL ELECTRIC | F320: CAMBIO E INSTALACION BATERIA RECARGABLE 12V, 1.4Ah. | G320: 1 | H320: ACTIVIDAD | I320: ='5.5 ANÁLISIS DEL VALOR ESTIMADO'!I320 -> 1770201.3
A321: 318 | B321: 02-02-02-008 | C321: 16 | D321: HOCEN | F321: CAMBIO E INSTALACION DISPLAY. | G321: 1 | H321: ACTIVIDAD | I321: ='5.5 ANÁLISIS DEL VALOR ESTIMADO'!I321 -> 1004834.8
A322: 319 | B322: 02-02-02-008 | C322: 16 | D322: HOCEN | F322: CAMBIO E INSTALACION MAIN BOARD. | G322: 1 | H322: ACTIVIDAD | I322: ='5.5 ANÁLISIS DEL VALOR ESTIMADO'!I322 -> 2358624.4
A323: 320 | B323: 02-02-02-008 | C323: 16 | D323: HOCEN | F323: CAMBIO E INSTALACION PALAS TIPO ADULTO. | G323: 1 | H323: ACTIVIDAD | I323: ='5.5 ANÁLISIS DEL VALOR ESTIMADO'!I323 -> 1982861.3
A324: 321 | B324: 02-02-02-008 | C324: 16 | D324: HOCEN | F324: CAMBIO E INSTALACION PALAS TIPO PEDIATRICO. | G324: 1 | H324: ACTIVIDAD | I324: ='5.5 ANÁLISIS DEL VALOR ESTIMADO'!I324 -> 1982861.3
A325: 322 | B325: 02-02-02-008 | C325: 16 | D325: HOCEN | F325: CAMBIO E INSTALACION PERILLA DE SELECCIÓN DE ENERGIA. | G325: 1 | H325: ACTIVIDAD | I325: ='5.5 ANÁLISIS DEL VALOR ESTIMADO'!I325 -> 342470.42
A326: 323 | B326: 02-02-02-008 | C326: 16 | D326: HOCEN | F326: CAMBIO E INSTALACION MEMBRANA DE BOTONES DE MANDO. | G326: 1 | H326: ACTIVIDAD | I326: ='5.5 ANÁLISIS DEL VALOR ESTIMADO'!I326 -> 1094933.2
A327: 324 | B327: 02-02-02-008 | C327: 16 | D327: HOCEN | F327: CAMBIO E INSTALACION IMPRESORA. | G327: 1 | H327: ACTIVIDAD | I327: ='5.5 ANÁLISIS DEL VALOR ESTIMADO'!I327 -> 978683.82
A328: 325 | B328: 02-02-02-008 | C328: 16 | D328: HOCEN | F328: CAMBIO E INSTALACION TAPA DE LA IMPRESORA. | G328: 1 | H328: ACTIVIDAD | I328: ='5.5 ANÁLISIS DEL VALOR ESTIMADO'!I328 -> 250735.58
A329: 326 | B329: 02-02-02-008 | C329: 16 | D329: HOCEN | F329: CAMBIO E INSTALACION MOTOR DE LA IMPRESORA. | G329: 1 | H329: ACTIVIDAD | I329: ='5.5 ANÁLISIS DEL VALOR ESTIMADO'!I329 -> 535826.89
A330: 327 | B330: 02-02-02-008 | C330: 16 | D330: HOCEN | F330: CAMBIO E INSTALACION SENSOR DE LA IMPRESORA. | G330: 1 | H330: ACTIVIDAD | I330: ='5.5 ANÁLISIS DEL VALOR ESTIMADO'!I330 -> 433355.57
A331: 328 | B331: 02-02-02-008 | C331: 16 | D331: HOCEN | F331: CAMBIO E INSTALACION PAPEL. | G331: 1 | H331: ACTIVIDAD | I331: ='5.5 ANÁLISIS DEL VALOR ESTIMADO'!I331 -> 60356.284
A332: 329 | B332: 02-02-02-008 | C332: 16 | D332: HOCEN | F332: CAMBIO E INSTALACION CARCAZA DELANTERA. | G332: 1 | H332: ACTIVIDAD | I332: ='5.5 ANÁLISIS DEL VALOR ESTIMADO'!I332 -> 1013955
... A340: 337 | B340: 02-02-02-008 | C340: 16 | D340: HOCEN | F340: CAMBIO E INSTALACIÓN DE CABLE ECG 5 DERIVADAS | G340: 1 | H340: ACTIVIDAD | I340: ='5.5 ANÁLISIS DEL VALOR ESTIMADO'!I340 -> 465499.94
A341: 338 | B341: 02-02-02-008 | C341: 16 | D341: HOCEN | E341: DESFIBRILADOR DEA SAMARITAN | F341: CAMBIO E INSTALACION DISPLAY. | G341: 1 | H341: ACTIVIDAD | I341: ='5.5 ANÁLISIS DEL VALOR ESTIMADO'!I341 -> 1673954.6
A342: 339 | B342: 02-02-02-008 | C342: 16 | D342: HOCEN | F342: CAMBIO E INSTALACION BATERIA | G342: 1 | H342: ACTIVIDAD | I342: ='5.5 ANÁLISIS DEL VALOR ESTIMADO'!I342 -> 2002951.6
A343: 340 | B343: 02-02-02-008 | C343: 16 | D343: HOCEN | F343: CAMBIO E INSTALACION SENSORES DE PESO | G343: 1 | H343: ACTIVIDAD | I343: ='5.5 ANÁLISIS DEL VALOR ESTIMADO'!I343 -> 300388.07
A344: 341 | B344: 02-02-02-008 | C344: 16 | D344: HOCEN | F344: CAMBIO E INSTALACION TAPA PARA BATERIA | G344: 1 | H344: ACTIVIDAD | I344: ='5.5 ANÁLISIS DEL VALOR ESTIMADO'!I344 -> 216081.92
A345: 342 | B345: 02-02-02-008 | C345: 16 | D345: HOCEN | F345: CAMBIO E INSTALACION SOPORTES DE BASCULA | G345: 1 | H345: ACTIVIDAD | I345: ='5.5 ANÁLISIS DEL VALOR ESTIMADO'!I345 -> 310538.66
A346: 343 | B346: 02-02-02-008 | C346: 16 | D346: HOCEN | F346: CAMBIO E INSTALACIÓN DE ELECTRODOS HEARTSINE | G346: 1 | H346: ACTIVIDAD | I346: ='5.5 ANÁLISIS DEL VALOR ESTIMADO'!I346 -> 1629972.6
A347: 344 | B347: 02-02-02-008 | C347: 16 | D347: HOCEN | E347: DOPPLER FETAL MARCA HUNTLEIGH | F347: CAMBIO E INSTALACION MAIN BOARD | G347: 1 | H347: ACTIVIDAD | I347: ='5.5 ANÁLISIS DEL VALOR ESTIMADO'!I347 -> 684109.81
A348: 345 | B348: 02-02-02-008 | C348: 16 | D348: HOCEN | F348: CAMBIO E INSTALACION DISPLAY | G348: 1 | H348: ACTIVIDAD | I348: ='5.5 ANÁLISIS DEL VALOR ESTIMADO'!I348 -> 325104.21
A349: 346 | B349: 02-02-02-008 | C349: 16 | D349: HOCEN | F349: CAMBIO E INSTALACION TRANSDUCTOR | G349: 1 | H349: ACTIVIDAD | I349: ='5.5 ANÁLISIS DEL VALOR ESTIMADO'!I349 -> 1618512.3
A350: 347 | B350: 02-02-02-008 | C350: 16 | D350: HOCEN | F350: CAMBIO E INSTALACION CARCAZA | G350: 1 | H350: ACTIVIDAD | I350: ='5.5 ANÁLISIS DEL VALOR ESTIMADO'!I350 -> 311293.08
A351: 348 | B351: 02-02-02-008 | C351: 16 | D351: HOCEN | F351: CAMBIO E INSTALACION CARGADOR BATERIA RECARGABLE | G351: 1 | H351: ACTIVIDAD | I351: ='5.5 ANÁLISIS DEL VALOR ESTIMADO'!I351 -> 370252.69
A352: 349 | B352: 02-02-02-008 | C352: 16 | D352: HOCEN | F352: CAMBIO E INSTALACIÓN DE BATERIA RECARGABLE | G352: 1 | H352: ACTIVIDAD | I352: ='5.5 ANÁLISIS DEL VALOR ESTIMADO'!I352 -> 148830
A353: 350 | B353: 02-02-02-008 | C353: 16 | D353: HOCEN | E353: ECOGRAFO MARCA ALOKA | F353: CAMBIO E INSTALACION POWER SWITCH | G353: 1 | H353: ACTIVIDAD | I353: ='5.5 ANÁLISIS DEL VALOR ESTIMADO'!I353 -> 130165.47
A354: 351 | B354: 02-02-02-008 | C354: 16 | D354: HOCEN | F354: CAMBIO E INSTALACION JUMPER CABLE | G354: 1 | H354: ACTIVIDAD | I354: ='5.5 ANÁLISIS DEL VALOR ESTIMADO'!I354 -> 216942.46
...

Sheet ESPECIFICACION TECNICA SI OFRE 
A1: ESPECIFICACIONES TECNICAS
A2: LA PRESTACIÓN DEL SERVICIO DE MANTENIMIENTO PREVENTIVO Y CORRECTIVO INCLUIDOS REPUESTOS PARA LOS DIFERENTES EQUIPOS BIOMÉDICOS DEL HOSPITAL CENTRAL DE LA POLICÍA NACIONAL
A3: EQUIPO | B3: ACTIVIDADES DE MANTENIMIENTO PREVENTIVO | C3: OFRECE | D3: NO OFRECE
A4: MANTENIMIENTO PREVENTIVO BASCULA CON TALLIMETRO DE LA MARCA HEALTH O METER | B4: Revisión Estado General del Equipo
B5: Verificación de Partes limpieza de soporte, Escala y Resortes
B6: Lubricación de partes mecánicas
B7: Verificación con pesas de prueba de 10kg, 20kg, 50kg, 100kg,120kg,180kg,
B8: Ajuste medida cero
B9: Inspección de medidas
B10: Limpieza externa general
B11: Realizar pruebas de funcionamiento
A12: MANTENIMIENTO PREVENTIVO BASCULA CON TALLIMETRO DE LA MARCA NUEVO LEON | B12: Revisión Estado General del Equipo
B13: Verificación de Partes limpieza de soporte, Escala y Resortes
B14: Lubricación de partes mecánicas
B15: Verificación con pesas de prueba de 10kg, 20kg, 50kg, 100kg,120kg,180kg,
B16: Ajuste medida cero
B17: Inspección de medidas
B18: Limpieza externa general
B19: Realizar pruebas de funcionamiento
A20: MANTENIMIENTO PREVENTIVO BASCULA CON TALLIMETRO DE LA MARCA DETECTO | B20: Revisión Estado General del Equipo
B21: Verificación de Partes limpieza de soporte, Escala y Resortes
B22: Lubricación de partes mecánicas
B23: Verificación con pesas de prueba de 10kg, 20kg, 50kg, 100kg,120kg,180kg,
B24: Ajuste medida cero
B25: Inspección de medidas
B26: Limpieza externa general
B27: Realizar pruebas de funcionamiento
A28: MANTENIMIENTO PREVENTIVO BALANZA PESA BEBE MACA SECA DIGITAL | B28: Limpieza general.
B29: Verificación de pantalla
B30: Verificación de plataforma
B31: Verificación de cargador
B32: Verificación de colchoneta
B33: Verificación con masas patrón
B34: Verificación de baterías. Pruebas de funcionamiento.
A35: MANTENIMIENTO PREVENTIVO DESFIBRILADOR MARCA MINDRAY | B35: Limpieza interna del equipo.
B36: Verificaciones y pruebas de funcionamiento
B37: Verificación de encendido normal (Chequeo leds o alarmas audibles característicos)
B38: Transferencia de datos-interface equipo medico pc
B39: Toma de mediciones
B40: Adquisición de señales ECG con Equipo Patrón
B41: Prueba de teclado
B42: Pruebas de velocidad del equipo
B43: Prueba de para de emergencia
B44: Verificación estado físico interno
B45: Verificación de errores
B46: Verificaciones de configuraciones del Equipo
B47: Ajuste de conectores y verificación del circuito de alimentación
... B67: Limpieza general del equipo
A68: MANTENIMIENTO PREVENTIVO DESFIBRILADOR MARCA GENERAL ELECTRIC | B68: Verificación de encendido normal (Chequeo leds o alarmas audibles característicos)
B69: Transferencia de datos-interface equipo medico pc
B70: Toma de mediciones
B71: Adquisición de señales ECG con Equipo Patrón
B72: Prueba de teclado
B73: Pruebas de velocidad del equipo
B74: Prueba de para de emergencia
B75: Verificación estado físico interno
B76: Verificación de errores
B77: Verificaciones de configuraciones del Equipo
B78: Ajuste de conectores y verificación del circuito de alimentación
B79: Prueba de impresión
B80: Verificación de componentes eléctricos
... B98: Limpieza general del equipo.
A99: MANTENIMIENTO PREVENTIVO DESFIBRILADOR DEA SAMARITAN | B99: Verificación de encendido normal (Chequeo leds o alarmas audibles característicos)
B100: Transferencia de datos-interface equipo medico pc
B101: Toma de mediciones
B102: Adquisición de señales ECG con Equipo Patrón
B103: Prueba de teclado
B104: Pruebas de velocidad del equipo
B105: Prueba de para de emergencia
B106: Verificación estado físico interno
B107: Verificación de errores
B108: Verificaciones de configuraciones del Equipo
B109: Ajuste de conectores y verificación del circuito de alimentación
B110: Prueba de impresión
B111: Verificación de componentes eléctricos
... B129: Limpieza general del equipo
A130: MANTENIMIENTO PREVENTIVO DOPPLER FETAL MARCA HUNTLEIGH | B130: In Inspección interna y externa del Equipo
B131: Verificación de batería.
B132: Verificación de pantalla
B133: Verificación de teclado
B134: Verificación de transductor
B135: Verificación de tarjeta electrónica
B136: Verificación con Equipo Patrón
B137: Comprobación de funcionamiento
B138: Limpieza integral del equipo
B139: Inspeccionar visual de cables, conector, transductor, carcasa, y pantalla
B140: Prueba de transductor
B141: Prueba de baterias
B142: Prueba de funcionamiento general
A143: MANTENIMIENTO PREVENTIVO ECOGRAFO ALOKA | B143: Inspección del equipo
B144: Limpieza integral del equipo, accesorios y transductores
B145: Revisión del cable de transductor, que no presente rotura. cables, no se encuentre doblado o quebrados.
B146: Verificar que la pantalla no presente abolladuras picelex quemados o esta golpeada.
B147: Verificar estado del carro de transporte.
B148: Verificación de transductores, filtros, ruedas y sus frenos y monitor
B149: Revisión y medición de voltaje de red.
B150: Pruebas de protocolos de diagnóstico, medición de fuentes.
B151: Verificación calidad de imágenes.
B152: Revisión de video y video printer.
B153: Recopilación de información de fallas previas al mantenimiento.
...

Sheet FORMULARIO PORCENTAJE DE IVA
A1: PRESTACIÓN DEL SERVICIO DE MANTENIMIENTO PREVENTIVO Y CORRECTIVO INCLUIDOS REPUESTOS PARA LOS DIFERENTES EQUIPOS BIOMÉDICOS DEL HOSPITAL CENTRAL DE LA POLICÍA NACIONAL
A2: ITEM | C2: DESCRIPCIÓN | D2: UNIDAD DE MEDIDA | E2: CANTIDAD | F2: % IVA | G2: EXENTO IVA | H2: EXCLUIDO IVA
A3: 1 | C3: MANTENIMIENTO PREVENTIVO BASCULA CON TALLIMETRO DE LA MARCA HEALTH O METER | D3: VISITA | E3: 1 | F3: %
A4: 2 | C4: MANTENIMIENTO PREVENTIVO BASCULA CON TALLIMETRO DE LA MARCA NUEVO LEON | D4: VISITA | E4: 1 | F4: %
A5: 3 | C5: MANTENIMIENTO PREVENTIVO BASCULA CON TALLIMETRO DE LA MARCA DETECTO | D5: VISITA | E5: 1 | F5: %
A6: 4 | C6: MANTENIMIENTO PREVENTIVO BALANZA PESA BEBE MACA SECA DIGITAL | D6: VISITA | E6: 1 | F6: %
A7: 5 | C7: MANTENIMIENTO PREVENTIVO DESFIBRILADOR MARCA MINDRAY | D7: VISITA | E7: 1 | F7: %
A8: 6 | C8: MANTENIMIENTO PREVENTIVO DESFIBRILADOR MARCA GENERAL ELECTRIC | D8: VISITA | E8: 1 | F8: %
A9: 7 | C9: MANTENIMIENTO PREVENTIVO DESFIBRILADOR DEA SAMARITAN | D9: VISITA | E9: 1 | F9: %
A10: 8 | C10: MANTENIMIENTO PREVENTIVO DOPPLER FETAL MARCA HUNTLEIGH | D10: VISITA | E10: 1 | F10: %
A11: 9 | C11: MANTENIMIENTO PREVENTIVO ECOGRAFO ALOKA | D11: VISITA | E11: 1 | F11: %
A12: 10 | C12: MANTENIMIENTO PREVENTIVO ECOGRAFO MARCA PHILIPS | D12: VISITA | E12: 1 | F12: %
A13: 11 | C13: MANTENIMIENTO PREVENTIVO DE ECOGRAFO HITACHI | D13: VISITA | E13: 1 | F13: %
A14: 12 | C14: MANTENIMIENTO PREVENTIVO ELECTROCARDIOGRAFO MARCA TRISMED | D14: VISITA | E14: 1 | F14: %
... A258: 256 | C258: MANTENIMIENTO PREVENTIVO LASER TERAPEUTICO DE LA MARCA CHATTANOGA | D258: VISITA | E258: 1 | F258: %
A259: PRESTACIÓN DEL SERVICIO DE MANTENIMIENTO PREVENTIVO Y CORRECTIVO INCLUIDOS REPUESTOS PARA LOS DIFERENTES EQUIPOS BIOMÉDICOS DEL HOSPITAL CENTRAL DE LA POLICÍA NACIONAL
A260: ITEM | B260: DESCRIPCIÓN | D260: UNIDAD DE MEDIDA | E260: CANTIDAD | F260: % IVA | G260: EXENTO IVA | H260: EXCLUIDO IVA
A261: 257 | B261: BASCULA CON TALLIMETRO DE LA MARCA HEALTH O METER | C261: CAMBIO E INSTALACION TALLIMETRO | D261: ACTIVIDAD | E261: 1 | F261: %
A262: 258 | C262: CAMBIO E INSTALACION PLATAFORMA | D262: ACTIVIDAD | E262: 1 | F262: %
A263: 259 | C263: CAMBIO E INSTALACIÓN DE CONTRAPESO | D263: ACTIVIDAD | E263: 1 | F263: %
A264: 260 | C264: CAMBIO E INSTALACIÓN DE PLOMOS DE CONTRAPESO | D264: ACTIVIDAD | E264: 1 | F264: %
A265: 261 | C265: CAMBIO E INSTALACIÓN ESCALA GRADUADA | D265: ACTIVIDAD | E265: 1 | F265: %
A266: 262 | C266: CAMBIO E INSTALACIÓN TAPETE EXTERNO | D266: ACTIVIDAD | E266: 1 | F266: %
A267: 263 | C267: CAMBIO E INSTASLACIÓN RESORTES INTERNOS | D267: ACTIVIDAD | E267: 1 | F267: %
A268: 264 | C268: CAMBIO E INSTALACIÓN TORNILLO DE AJUSTE | D268: ACTIVIDAD | E268: 1 | F268: %
A269: 265 | C269: CAMBIO E INSTALACION BRAZO KILOS/LIBRAS | D269: ACTIVIDAD | E269: 1 | F269: %
A270: 266 | C270: CAMBIO E INSTALACION BASE METALICA | D270: ACTIVIDAD | E270: 1 | F270: %
A271: 267 | B271: BASCULA CON TALLIMETRO DE LA MARCA NUEVO LEON | C271: CAMBIO E INSTALACION TALLIMETRO | D271: ACTIVIDAD | E271: 1 | F271: %
A272: 268 | C272: CAMBIO E INSTALACION PLATAFORMA | D272: ACTIVIDAD | E272: 1 | F272: %
A273: 269 | C273: CAMBIO E INSTALACIÓN DE CONTRAPESO | D273: ACTIVIDAD | E273: 1 | F273: %
A274: 270 | C274: CAMBIO E INSTALACIÓN DE PLOMOS DE CONTRAPESO | D274: ACTIVIDAD | E274: 1 | F274: %
A275: 271 | C275: CAMBIO E INSTALACIÓN ESCALA GRADUADA | D275: ACTIVIDAD | E275: 1 | F275: %
A276: 272 | C276: CAMBIO E INSTALACIÓN TAPETE EXTERNO | D276: ACTIVIDAD | E276: 1 | F276: %
A277: 273 | C277: CAMBIO E INSTASLACIÓN RESORTES INTERNOS | D277: ACTIVIDAD | E277: 1 | F277: %
A278: 274 | C278: CAMBIO E INSTALACIÓN TORNILLO DE AJUSTE | D278: ACTIVIDAD | E278: 1 | F278: %
A279: 275 | C279: CAMBIO E INSTALACION BRAZO KILOS/LIBRAS | D279: ACTIVIDAD | E279: 1 | F279: %
A280: 276 | C280: CAMBIO E INSTALACION BASE METALICA | D280: ACTIVIDAD | E280: 1 | F280: %
A281: 277 | B281: BASCULA CON TALLIMETRO DE LA MARCA DETECTO | C281: CAMBIO E INSTALACION TALLIMETRO | D281: ACTIVIDAD | E281: 1 | F281: %
A282: 278 | C282: CAMBIO E INSTALACION PLATAFORMA | D282: ACTIVIDAD | E282: 1 | F282: %
A283: 279 | C283: CAMBIO E INSTALACIÓN DE CONTRAPESO | D283: ACTIVIDAD | E283: 1 | F283: %
A284: 280 | C284: CAMBIO E INSTALACIÓN DE PLOMOS DE CONTRAPESO | D284: ACTIVIDAD | E284: 1 | F284: %
A285: 281 | C285: CAMBIO E INSTALACIÓN ESCALA GRADUADA | D285: ACTIVIDAD | E285: 1 | F285: %
A286: 282 | C286: CAMBIO E INSTALACIÓN TAPETE EXTERNO | D286: ACTIVIDAD | E286: 1 | F286: %
A287: 283 | C287: CAMBIO E INSTASLACIÓN RESORTES INTERNOS | D287: ACTIVIDAD | E287: 1 | F287: %
A288: 284 | C288: CAMBIO E INSTALACIÓN TORNILLO DE AJUSTE | D288: ACTIVIDAD | E288: 1 | F288: %
A289: 285 | C289: CAMBIO E INSTALACION BRAZO KILOS/LIBRAS | D289: ACTIVIDAD | E289: 1 | F289: %
A290: 286 | C290: CAMBIO E INSTALACION BASE METALICA | D290: ACTIVIDAD | E290: 1 | F290: %
A291: 287 | B291: BALANZA PESA BEBE MARCA SECA DIGITAL | C291: CAMBIO E INSTALACION TAPA DE BATERIAS | D291: ACTIVIDAD | E291: 1 | F291: %
A292: 288 | C292: CAMBIO E INSTALACION CARGADOR DE CORRIENTE | D292: ACTIVIDAD | E292: 1 | F292: %
A293: 289 | C293: CAMBIO E INSTALACION DISPLAY DE VISUALIZACION | D293: ACTIVIDAD | E293: 1 | F293: %
A294: 290 | C294: CAMBIO E INSTALACION COLCHONETA | D294: ACTIVIDAD | E294: 1 | F294: %
A295: 291 | C295: CAMBIO E INSTALACION PANEL DE CONTROL | D295: ACTIVIDAD | E295: 1 | F295: %
A296: 292 | C296: CAMBIO E INSTALACION MAIN BOARD | D296: ACTIVIDAD | E296: 1 | F296: %
A297: 293 | C297: CAMBIO E INSTALACION SENSORES DE PESO | D297: ACTIVIDAD | E297: 1 | F297: %
A298: 294 | C298: CAMBIO E INSTALACION GALGAS DE PESADO. | D298: ACTIVIDAD | E298: 1 | F298: %
A299: 295 | C299: CAMBIO E INSTALACION PLATILLO DE LA BALANZA | D299: ACTIVIDAD | E299: 1 | F299: %
A300: 296 | C300: CAMBIO E INSTALACION BATERIAS | D300: ACTIVIDAD | E300: 1 | F300: %
A301: 297 | C301: CAMBIO E INSTALACION CARCAZA | D301: ACTIVIDAD | E301: 1 | F301: %
A302: 298 | B302: DESFIBRILADOR MARCA MINDRAY | C302: CAMBIO E INSTALACION JUEGO DE PALAS ADULTO. | D302: ACTIVIDAD | E302: 1 | F302: %
A303: 299 | C303: CAMBIO E INSTALACION JUEGO DE PALAS PEDIATRICAS. | D303: ACTIVIDAD | E303: 1 | F303: %
A304: 300 | C304: CAMBIO E INSTALACION DISPLAY. | D304: ACTIVIDAD | E304: 1 | F304: %
A305: 301 | C305: CAMBIO E INSTALACION MANDO DE SELECCIÓN DE ENERGIA. | D305: ACTIVIDAD | E305: 1 | F305: %
A306: 302 | C306: CAMBIO E INSTALACION IMPRESORA TERMICA. | D306: ACTIVIDAD | E306: 1 | F306: %
A307: 303 | C307: CAMBIO E INSTALACION TAPA DE IMPRESORA. | D307: ACTIVIDAD | E307: 1 | F307: %
A308: 304 | C308: CAMBIO E INSTALACION CABLE DE 5 ECG DE 5 DERIVADAS. | D308: ACTIVIDAD | E308: 1 | F308: %
A309: 305 | C309: CAMBIO E INSTALACION BATERIA RECARGABLE. | D309: ACTIVIDAD | E309: 1 | F309: %
A310: 306 | C310: CAMBIO E INSTALACION CONECTOR AC. | D310: ACTIVIDAD | E310: 1 | F310: %
A311: 307 | C311: CAMBIO E INSTALACION CONECTOR DE ENTRADA DE ECG. | D311: ACTIVIDAD | E311: 1 | F311: %
A312: 308 | C312: CAMBIO E INSTALACION PALAS INTERNAS. | D312: ACTIVIDAD | E312: 1 | F312: %
A313: 309 | C313: CAMBIO E INSTALACION BOTONES DE MANDO. | D313: ACTIVIDAD | E313: 1 | F313: %
A314: 310 | C314: CAMBIO E INSTALACION CARCAZA DELANTERA. | D314: ACTIVIDAD | E314: 1 | F314: %
... A320: 316 | C320: CAMBIO E INSTALACION SENSOR SPO2 SEGÚN REFERENCIA | D320: ACTIVIDAD | E320: 1 | F320: %
A321: 317 | B321: DESFIBRILADOR MARCA GENERAL ELECTRIC | C321: CAMBIO E INSTALACION BATERIA RECARGABLE 12V, 1.4Ah. | D321: ACTIVIDAD | E321: 1 | F321: %
A322: 318 | C322: CAMBIO E INSTALACION DISPLAY. | D322: ACTIVIDAD | E322: 1 | F322: %
A323: 319 | C323: CAMBIO E INSTALACION MAIN BOARD. | D323: ACTIVIDAD | E323: 1 | F323: %
A324: 320 | C324: CAMBIO E INSTALACION PALAS TIPO ADULTO. | D324: ACTIVIDAD | E324: 1 | F324: %
A325: 321 | C325: CAMBIO E INSTALACION PALAS TIPO PEDIATRICO. | D325: ACTIVIDAD | E325: 1 | F325: %
A326: 322 | C326: CAMBIO E INSTALACION PERILLA DE SELECCIÓN DE ENERGIA. | D326: ACTIVIDAD | E326: 1 | F326: %
A327: 323 | C327: CAMBIO E INSTALACION MEMBRANA DE BOTONES DE MANDO. | D327: ACTIVIDAD | E327: 1 | F327: %
A328: 324 | C328: CAMBIO E INSTALACION IMPRESORA. | D328: ACTIVIDAD | E328: 1 | F328: %
A329: 325 | C329: CAMBIO E INSTALACION TAPA DE LA IMPRESORA. | D329: ACTIVIDAD | E329: 1 | F329: %
A330: 326 | C330: CAMBIO E INSTALACION MOTOR DE LA IMPRESORA. | D330: ACTIVIDAD | E330: 1 | F330: %
A331: 327 | C331: CAMBIO E INSTALACION SENSOR DE LA IMPRESORA. | D331: ACTIVIDAD | E331: 1 | F331: %
A332: 328 | C332: CAMBIO E INSTALACION PAPEL. | D332: ACTIVIDAD | E332: 1 | F332: %
A333: 329 | C333: CAMBIO E INSTALACION CARCAZA DELANTERA. | D333: ACTIVIDAD | E333: 1 | F333: %
... A341: 337 | C341: CAMBIO E INSTALACIÓN DE CABLE ECG 5 DERIVADAS | D341: ACTIVIDAD | E341: 1 | F341: %
A342: 338 | B342: DESFIBRILADOR DEA SAMARITAN | C342: CAMBIO E INSTALACION DISPLAY. | D342: ACTIVIDAD | E342: 1 | F342: %
A343: 339 | C343: CAMBIO E INSTALACION BATERIA | D343: ACTIVIDAD | E343: 1 | F343: %
A344: 340 | C344: CAMBIO E INSTALACION SENSORES DE PESO | D344: ACTIVIDAD | E344: 1 | F344: %
A345: 341 | C345: CAMBIO E INSTALACION TAPA PARA BATERIA | D345: ACTIVIDAD | E345: 1 | F345: %
A346: 342 | C346: CAMBIO E INSTALACION SOPORTES DE BASCULA | D346: ACTIVIDAD | E346: 1 | F346: %
A347: 343 | C347: CAMBIO E INSTALACIÓN DE ELECTRODOS HEARTSINE | D347: ACTIVIDAD | E347: 1 | F347: %
A348: 344 | B348: DOPPLER FETAL MARCA HUNTLEIGH | C348: CAMBIO E INSTALACION MAIN BOARD | D348: ACTIVIDAD | E348: 1 | F348: %
A349: 345 | C349: CAMBIO E INSTALACION DISPLAY | D349: ACTIVIDAD | E349: 1 | F349: %
A350: 346 | C350: CAMBIO E INSTALACION TRANSDUCTOR | D350: ACTIVIDAD | E350: 1 | F350: %
A351: 347 | C351: CAMBIO E INSTALACION CARCAZA | D351: ACTIVIDAD | E351: 1 | F351: %
A352: 348 | C352: CAMBIO E INSTALACION CARGADOR BATERIA RECARGABLE | D352: ACTIVIDAD | E352: 1 | F352: %
A353: 349 | C353: CAMBIO E INSTALACIÓN DE BATERIA RECARGABLE | D353: ACTIVIDAD | E353: 1 | F353: %
A354: 350 | B354: ECOGRAFO MARCA ALOKA | C354: CAMBIO E INSTALACION POWER SWITCH | D354: ACTIVIDAD | E354: 1 | F354: %
A355: 351 | C355: CAMBIO E INSTALACION JUMPER CABLE | D355: ACTIVIDAD | E355: 1 | F355: %
...
